Workbook
Name budgetCurrent: setup!$C$34:$L$48
Name budgetRollover: setup!$C$56:$L$70
Name CarryoverFinal: Summary!$F$6
Name Categories: lookup!$D$19:$D$33
Name ContractType: setup!$C$22
Name CurrentContractNumber: setup!$C$25
Name CurrentFinal: Summary!$F$5
Name Domains: lookup!$B$3:$D$12
Name EdisonID: setup!$C$9
Name FFY: setup!$C$4
Name IndexMonth: MATCH(Summary!$B$5,luMonths,0)
Name InvoiceEOM: DATE(YEAR(InvoiceMonth),MONTH(InvoiceMonth)+1,0)
Name InvoiceMonth: INDEX(luDates,IndexMonth)
Name InvoiceNumber: setup!#REF!
Name luDates: lookup!$F$3:$Q$3
Name luMonths: lookup!$F$2:$Q$2
Name Program: setup!$C$23
Name RolloverContractNumber: setup!$C$26
Name salary_print_area: Salary!$J$1:INDEX(Salary!$A:$A,COUNTA(Salary!$B$12:$B$112)+11)
Name summaryDomain: Summary!D1048554:INDEX(Summary!D1048564:O1048564,IndexMonth)
Name TACA_ERROR: AND(TACA_OWNER,TACA!$K$5>TACA!$E$5)
Name TACA_OWNER: OR(setup!$L$31>0,setup!$L$53>0)

Sheet lookup
B2: Code | C2: Tab Name | D2: Description | F2: October | G2: November | H2: December | I2: January | J2: February | K2: March | L2: April | M2: May | N2: June | O2: July | P2: August | Q2: September
B3: 1 | C3: EMP | D3: Employment | F3: {=DATEVALUE(F2:Q2&" "&(FFY-(MATCH(F2:Q2,F2:Q2,0)<4)))} -> 43739 | G3: 43770 | H3: 43800 | I3: 43831 | J3: 43862 | K3: 43891 | L3: 43922 | M3: 43952 | N3: 43983 | O3: 44013 | P3: 44044 | Q3: 44075 | R3: N/A
B4: 2 | C4: ED and CD | D4: Education and Cognitive Development
B5: 3 | C5: II and AB | D5: Income, Infrastructure, and Asset Building
B6: 4 | C6: Housing | D6: Housing | F6: =(COUNT(EMP:Other!C46:C60)>0)*1 -> 0 | G6: =(COUNT(EMP:Other!D46:D60)>0)*1 -> 0 | H6: =(COUNT(EMP:Other!E46:E60)>0)*1 -> 0 | I6: =(COUNT(EMP:Other!F46:F60)>0)*1 -> 0 | J6: =(COUNT(EMP:Other!G46:G60)>0)*1 -> 0 | K6: =(COUNT(EMP:Other!H46:H60)>0)*1 -> 0 | L6: =(COUNT(EMP:Other!I46:I60)>0)*1 -> 0 | M6: =(COUNT(EMP:Other!J46:J60)>0)*1 -> 0 | ... Q6: =(COUNT(EMP:Other!N46:N60)>0)*1 -> 0 | R6: <- Budget Mods
B7: 5 | C7: H and S BD | D7: Health and Social/Dehavioral Development (including nutrition)
B8: 6 | C8: CE and CI | D8: Civic Engagements and Community Involvement
B9: 7 | C9: SSMD | D9: Services Supporting Multiple Domains
B10: 8 | C10: Linkages | D10: Linkages (e.g., partnerships that support multiple domains)
B11: 9 | C11: ACB | D11: Agency Capacity Building
B12: 10 | C12: Other | D12: Other (e.g., emergency management / disaster relief) | G12: Value of : | H12: IndexMonth | I12: =IndexMonth -> 1
H13: InvoiceMonth | I13: =InvoiceMonth -> 43739
B14: *tab names must match exactly
D18: Categories
D19: Salaries
D20: Benefits & Taxes
D21: Professional Fee / Grant & Award
D22: Supplies
D23: Telephone
D24: Postage & Shipping
D25: Occupancy
D26: Equipment Rental & Maintenance
D27: Printing & Publications
D28: Travel / Conferences & Meetings
D29: Insurance
... D33: Indirect Cost / Adm. Exp. / M&G

Sheet setup
B2: Invoice Setup
B4: Fiscal Year | C4: 2020 | D4: =IFERROR(IF(FFY>0,"invoice covers Oct 1, "&(FFY-1)&" thru Sept 30, "&FFY,""),"enter a valid FFY") -> invoice covers Oct 1, 2019 thru Sept 30, 2020 | K4: Edition | L4: A
B7: Client Information
B9: Edison ID | C9: 987-654-1203
B11: Name | C11: Sample Grantee
B12: Address | C12: 0000 Budget Lane
B13: City, State,Zip | C13: Somewhere, TN 00000
B15: Name | C15: Sample Contact
B16: Phone | C16: 615-555-1234
B17: Email | C17: sample.contact@fake.com
B20: Contract Information
B22: Contract Type | C22: CSGB
B23: Program/Component | C23: DHS
B25: Current Contract # | C25: FY20-12345
B26: Carryover Contract # | C26: FY19-67890
B29: ="Allocated Funds for Current Contract "&CurrentContractNumber -> Allocated Funds for Current Contract FY20-12345
B31: Add some descriptive text here. | K31: TACA Funds
B33: Categories | C33: {=TRANSPOSE(INDEX(Domains,,2))} -> EMP | D33: ED and CD | E33: II and AB | F33: Housing | G33: H and S BD | H33: CE and CI | I33: SSMD | J33: Linkages | K33: ACB | L33: Other | M33: Total
B34: {=Categories} -> Salaries | M34: =SUM(C34:L34) -> 0
B35: Benefits & Taxes | C35: 8000 | D35: 2000 | E35: 12000 | F35: 6000 | G35: 2000 | I35: 6000 | J35: 4000 | K35: 14000 | L35: 12000 | M35: =SUM(C35:L35) -> 66000
B36: Professional Fee / Grant & Award | C36: 9000 | D36: 6000 | E36: 12000 | F36: 3000 | G36: 5000 | I36: 9000 | J36: 2000 | K36: 8000 | L36: 6000 | M36: =SUM(C36:L36) -> 60000
B37: Supplies | C37: 10000 | D37: 9000 | E37: 4000 | F37: 5000 | G37: 12000 | I37: 8000 | J37: 11000 | K37: 13000 | L37: 13000 | M37: =SUM(C37:L37) -> 85000
B38: Telephone | C38: 10000 | D38: 15000 | E38: 15000 | F38: 12000 | G38: 10000 | I38: 15000 | J38: 3000 | K38: 3000 | L38: 11000 | M38: =SUM(C38:L38) -> 94000
B39: Postage & Shipping | C39: 3000 | D39: 7000 | E39: 7000 | F39: 6000 | G39: 8000 | I39: 9000 | J39: 2000 | K39: 3000 | L39: 4000 | M39: =SUM(C39:L39) -> 49000
B40: Occupancy | C40: 9000 | D40: 7000 | E40: 11000 | F40: 2000 | G40: 12000 | I40: 14000 | J40: 7000 | K40: 4000 | L40: 15000 | M40: =SUM(C40:L40) -> 81000
B41: Equipment Rental & Maintenance | C41: 12000 | D41: 12000 | E41: 11000 | F41: 11000 | G41: 11000 | I41: 13000 | J41: 13000 | K41: 14000 | L41: 15000 | M41: =SUM(C41:L41) -> 112000
B42: Printing & Publications | C42: 12000 | D42: 10000 | E42: 13000 | F42: 15000 | G42: 14000 | I42: 12000 | J42: 14000 | K42: 8000 | L42: 15000 | M42: =SUM(C42:L42) -> 113000
B43: Travel / Conferences & Meetings | C43: 12000 | D43: 13000 | E43: 12000 | F43: 9000 | G43: 3000 | I43: 5000 | J43: 6000 | K43: 13000 | L43: 8000 | M43: =SUM(C43:L43) -> 81000
B44: Insurance | C44: 13000 | D44: 6000 | E44: 6000 | F44: 9000 | G44: 9000 | I44: 7000 | J44: 7000 | K44: 8000 | L44: 8000 | M44: =SUM(C44:L44) -> 73000
B45: Specific Assistance to Individuals | C45: 5000 | D45: 5000 | E45: 4000 | F45: 13000 | G45: 11000 | I45: 2000 | J45: 3000 | K45: 3000 | L45: 7000 | M45: =SUM(C45:L45) -> 53000
B46: Depreciation | C46: 5000 | D46: 8000 | E46: 13000 | F46: 7000 | G46: 12000 | I46: 10000 | J46: 4000 | K46: 3000 | L46: 14000 | M46: =SUM(C46:L46) -> 76000
... B48: Indirect Cost / Adm. Exp. / M&G | C48: 8000 | D48: 12000 | E48: 2000 | F48: 5000 | G48: 12000 | I48: 9000 | J48: 10000 | K48: 5000 | L48: 11000 | M48: =SUM(C48:L48) -> 74000
B49: Total | C49: =SUM(C34:C48) -> 122000 | D49: =SUM(D34:D48) -> 123000 | E49: =SUM(E34:E48) -> 131000 | F49: =SUM(F34:F48) -> 112000 | G49: =SUM(G34:G48) -> 136000 | H49: =SUM(H34:H48) -> 0 | I49: =SUM(I34:I48) -> 130000 | J49: =SUM(J34:J48) -> 89000 | ... M49: =SUM(M34:M48) -> 1105000
B51: ="Allocated Funds for Carryover Contract "&RolloverContractNumber -> Allocated Funds for Carryover Contract FY19-67890
B53: Add some descriptive text here. | K53: TACA Funds
B55: Categories | C55: {=TRANSPOSE(INDEX(Domains,,2))} -> EMP | D55: ED and CD | E55: II and AB | F55: Housing | G55: H and S BD | H55: CE and CI | I55: SSMD | J55: Linkages | K55: ACB | L55: Other | M55: Total
B56: {=Categories} -> Salaries | C56: 900 | D56: 1600 | E56: 1000 | F56: 700 | G56: 600 | H56: 2000 | I56: 1800 | K56: 2100 | M56: =SUM(C56:L56) -> 10700
B57: Benefits & Taxes | D57: 2100 | E57: 1200 | F57: 2100 | G57: 700 | I57: 500 | K57: 1100 | M57: =SUM(C57:L57) -> 7700
B58: Professional Fee / Grant & Award | C58: 1600 | D58: 500 | E58: 1800 | F58: 500 | G58: 600 | H58: 1700 | I58: 1400 | L58: 1000 | M58: =SUM(C58:L58) -> 9100
B59: Supplies | C59: 900 | E59: 1700 | G59: 1400 | K59: 1800 | L59: 1300 | M59: =SUM(C59:L59) -> 7100
B60: Telephone | C60: 1200 | F60: 1800 | H60: 1200 | I60: 1000 | K60: 1200 | L60: 1600 | M60: =SUM(C60:L60) -> 8000
B61: Postage & Shipping | C61: 1400 | D61: 1300 | E61: 1700 | F61: 800 | H61: 1000 | I61: 700 | K61: 700 | L61: 1800 | M61: =SUM(C61:L61) -> 9400
B62: Occupancy | D62: 500 | G62: 1700 | H62: 1800 | I62: 500 | K62: 2400 | M62: =SUM(C62:L62) -> 6900
B63: Equipment Rental & Maintenance | C63: 1600 | G63: 2200 | H63: 800 | I63: 2100 | K63: 1700 | L63: 2200 | M63: =SUM(C63:L63) -> 10600
B64: Printing & Publications | E64: 2000 | F64: 700 | H64: 1200 | I64: 1900 | K64: 2500 | L64: 1200 | M64: =SUM(C64:L64) -> 9500
B65: Travel / Conferences & Meetings | C65: 1700 | D65: 1000 | E65: 1900 | F65: 1800 | I65: 800 | L65: 2100 | M65: =SUM(C65:L65) -> 9300
B66: Insurance | G66: 1100 | H66: 1600 | I66: 1600 | K66: 800 | M66: =SUM(C66:L66) -> 5100
B67: Specific Assistance to Individuals | C67: 1400 | D67: 600 | E67: 1700 | H67: 2200 | I67: 1200 | K67: 2400 | L67: 800 | M67: =SUM(C67:L67) -> 10300
B68: Depreciation | E68: 2100 | F68: 1300 | H68: 2500 | I68: 900 | K68: 1400 | L68: 1600 | M68: =SUM(C68:L68) -> 9800
B69: Other Non_Personnel | C69: 1400 | D69: 1600 | E69: 1800 | F69: 800 | H69: 500 | I69: 1500 | K69: 1200 | M69: =SUM(C69:L69) -> 8800
B70: Indirect Cost / Adm. Exp. / M&G | C70: 1900 | D70: 600 | F70: 700 | G70: 800 | H70: 1500 | I70: 1300 | K70: 1300 | L70: 2500 | M70: =SUM(C70:L70) -> 10600
B71: Total | C71: =SUM(C56:C70) -> 14000 | D71: =SUM(D56:D70) -> 9800 | E71: =SUM(E56:E70) -> 16900 | F71: =SUM(F56:F70) -> 11200 | G71: =SUM(G56:G70) -> 9100 | H71: =SUM(H56:H70) -> 18000 | I71: =SUM(I56:I70) -> 17200 | J71: =SUM(J56:J70) -> 0 | ... M71: =SUM(M56:M70) -> 132900
B73: ="Carryover funds from Contract "&CurrentContractNumber -> Carryover funds from Contract FY20-12345
B75: This data shows the remaining funds per domain for the current contract and is auto-calculated from the values entered on the domain tabs. At the end of the fiscal cycle, the values from this section can be copied directly into the rollover funds section of the new invoice document. | K75: TACA Funds | L75: =TACA!P5 -> 0 | M75: =HYPERLINK("#setup!C78:L92","Select Data") -> Select Data
B77: Categories | C77: {=TRANSPOSE(INDEX(Domains,,2))} -> EMP | D77: ED and CD | E77: II and AB | F77: Housing | G77: H and S BD | H77: CE and CI | I77: SSMD | J77: Linkages | K77: ACB | L77: Other | M77: Total
B78: Salaries | C78: {=INDIRECT("'"&C$77&"'!P5:P19")} -> 0 | D78: {=INDIRECT("'"&D$77&"'!P5:P19")} -> 0 | E78: {=INDIRECT("'"&E$77&"'!P5:P19")} -> 0 | F78: {=INDIRECT("'"&F$77&"'!P5:P19")} -> 0 | G78: {=INDIRECT("'"&G$77&"'!P5:P19")} -> 0 | H78: {=INDIRECT("'"&H$77&"'!P5:P19")} -> 0 | I78: {=INDIRECT("'"&I$77&"'!P5:P19")} -> 0 | J78: {=INDIRECT("'"&J$77&"'!P5:P19")} -> 0 | ... L78: {=INDIRECT("'"&L$77&"'!P5:P19")} -> 0 | M78: =SUM(C78:L78) -> 0
B79: Benefits & Taxes | C79: 8000 | D79: 2000 | E79: 12000 | F79: 6000 | G79: 2000 | H79: 0 | I79: 6000 | J79: 4000 | K79: 14000 | L79: 12000 | M79: =SUM(C79:L79) -> 66000
B80: Professional Fee / Grant & Award | C80: 9000 | D80: 6000 | E80: 12000 | F80: 3000 | G80: 5000 | H80: 0 | I80: 9000 | J80: 2000 | K80: 8000 | L80: 6000 | M80: =SUM(C80:L80) -> 60000
B81: Supplies | C81: 10000 | D81: 9000 | E81: 4000 | F81: 5000 | G81: 12000 | H81: 0 | I81: 8000 | J81: 11000 | K81: 13000 | L81: 13000 | M81: =SUM(C81:L81) -> 85000
B82: Telephone | C82: 10000 | D82: 15000 | E82: 15000 | F82: 12000 | G82: 10000 | H82: 0 | I82: 15000 | J82: 3000 | K82: 3000 | L82: 11000 | M82: =SUM(C82:L82) -> 94000
B83: Postage & Shipping | C83: 3000 | D83: 7000 | E83: 7000 | F83: 6000 | G83: 8000 | H83: 0 | I83: 9000 | J83: 2000 | K83: 3000 | L83: 4000 | M83: =SUM(C83:L83) -> 49000
B84: Occupancy | C84: 9000 | D84: 7000 | E84: 11000 | F84: 2000 | G84: 12000 | H84: 0 | I84: 14000 | J84: 7000 | K84: 4000 | L84: 15000 | M84: =SUM(C84:L84) -> 81000
B85: Equipment Rental & Maintenance | C85: 12000 | D85: 12000 | E85: 11000 | F85: 11000 | G85: 11000 | H85: 0 | I85: 13000 | J85: 13000 | K85: 14000 | L85: 15000 | M85: =SUM(C85:L85) -> 112000
B86: Printing & Publications | C86: 12000 | D86: 10000 | E86: 13000 | F86: 15000 | G86: 14000 | H86: 0 | I86: 12000 | J86: 14000 | K86: 8000 | L86: 15000 | M86: =SUM(C86:L86) -> 113000
B87: Travel / Conferences & Meetings | C87: 12000 | D87: 13000 | E87: 12000 | F87: 9000 | G87: 3000 | H87: 0 | I87: 5000 | J87: 6000 | K87: 13000 | L87: 8000 | M87: =SUM(C87:L87) -> 81000
B88: Insurance | C88: 13000 | D88: 6000 | E88: 6000 | F88: 9000 | G88: 9000 | H88: 0 | I88: 7000 | J88: 7000 | K88: 8000 | L88: 8000 | M88: =SUM(C88:L88) -> 73000
B89: Specific Assistance to Individuals | C89: 5000 | D89: 5000 | E89: 4000 | F89: 13000 | G89: 11000 | H89: 0 | I89: 2000 | J89: 3000 | K89: 3000 | L89: 7000 | M89: =SUM(C89:L89) -> 53000
B90: Depreciation | C90: 5000 | D90: 8000 | E90: 13000 | F90: 7000 | G90: 12000 | H90: 0 | I90: 10000 | J90: 4000 | K90: 3000 | L90: 14000 | M90: =SUM(C90:L90) -> 76000
... B92: Indirect Cost / Adm. Exp. / M&G | C92: 8000 | D92: 12000 | E92: 2000 | F92: 5000 | G92: 12000 | H92: 0 | I92: 9000 | J92: 10000 | K92: 5000 | L92: 11000 | M92: =SUM(C92:L92) -> 74000
B93: Total | C93: =SUM(C78:C92) -> 122000 | D93: =SUM(D78:D92) -> 123000 | E93: =SUM(E78:E92) -> 131000 | F93: =SUM(F78:F92) -> 112000 | G93: =SUM(G78:G92) -> 136000 | H93: =SUM(H78:H92) -> 0 | I93: =SUM(I78:I92) -> 130000 | J93: =SUM(J78:J92) -> 89000 | ... M93: =SUM(M78:M92) -> 1105000

Sheet Summary
B2: Domain Summary Rollup | D2: {=TEXT(InvoiceMonth, "mmmm yyyy")&", Edition "&setup!$L$4} -> October 2019, Edition A
B4: Select the Month of Invoice | F4: Final Contract Invoice Dates | K4: {=luDates} -> 43739 | L4: 43770 | M4: 43800 | N4: 43831 | O4: 43862 | P4: 43891 | Q4: 43922 | R4: 43952 | S4: 43983 | T4: 44013 | U4: 44044 | V4: 44075
B5: October | C5: =IFERROR(IF(FFY>0,"invoice covers Oct 1, "&(FFY-1)&" thru Sept 30, "&FFY,""),"enter a valid FFY") -> invoice covers Oct 1, 2019 thru Sept 30, 2020 | E5: ="Contract "&CurrentContractNumber -> Contract FY20-12345 | F5: N/A | J5: {=INDEX(Domains,,2)} -> EMP | K5: =IF(EMP!C41=0,NA(),EMP!C41) -> #N/A | L5: =IF(EMP!D41=0,NA(),EMP!D41) -> #N/A | M5: =IF(EMP!E41=0,NA(),EMP!E41) -> #N/A | N5: =IF(EMP!F41=0,NA(),EMP!F41) -> #N/A | O5: =IF(EMP!G41=0,NA(),EMP!G41) -> #N/A | P5: =IF(EMP!H41=0,NA(),EMP!H41) -> #N/A | Q5: =IF(EMP!I41=0,NA(),EMP!I41) -> #N/A | R5: =IF(EMP!J41=0,NA(),EMP!J41) -> #N/A | ... V5: =IF(EMP!N41=0,NA(),EMP!N41) -> #N/A
E6: ="Contract "&RolloverContractNumber -> Contract FY19-67890 | F6: 43983 | J6: ED and CD | K6: =IF('ED and CD'!C41=0,NA(),'ED and CD'!C41) -> #N/A | L6: =IF('ED and CD'!D41=0,NA(),'ED and CD'!D41) -> #N/A | M6: =IF('ED and CD'!E41=0,NA(),'ED and CD'!E41) -> #N/A | N6: =IF('ED and CD'!F41=0,NA(),'ED and CD'!F41) -> #N/A | O6: =IF('ED and CD'!G41=0,NA(),'ED and CD'!G41) -> #N/A | P6: =IF('ED and CD'!H41=0,NA(),'ED and CD'!H41) -> #N/A | Q6: =IF('ED and CD'!I41=0,NA(),'ED and CD'!I41) -> #N/A | R6: =IF('ED and CD'!J41=0,NA(),'ED and CD'!J41) -> #N/A | ... V6: =IF('ED and CD'!N41=0,NA(),'ED and CD'!N41) -> #N/A
J7: II and AB | K7: =IF('II and AB'!C41=0,NA(),'II and AB'!C41) -> #N/A | L7: =IF('II and AB'!D41=0,NA(),'II and AB'!D41) -> #N/A | M7: =IF('II and AB'!E41=0,NA(),'II and AB'!E41) -> #N/A | N7: =IF('II and AB'!F41=0,NA(),'II and AB'!F41) -> #N/A | O7: =IF('II and AB'!G41=0,NA(),'II and AB'!G41) -> #N/A | P7: =IF('II and AB'!H41=0,NA(),'II and AB'!H41) -> #N/A | Q7: =IF('II and AB'!I41=0,NA(),'II and AB'!I41) -> #N/A | R7: =IF('II and AB'!J41=0,NA(),'II and AB'!J41) -> #N/A | ... V7: =IF('II and AB'!N41=0,NA(),'II and AB'!N41) -> #N/A
B8: ="Has there been a budget modification entered for "&TEXT(InvoiceMonth,"mmmm yyyy")&"?" -> Has there been a budget modification entered for October 2019? | D8: =IF(INDEX(lookup!$F$6:$Q$6,IndexMonth),"YES","NO") -> NO | J8: Housing | K8: =IF(Housing!C41=0,NA(),Housing!C41) -> #N/A | L8: =IF(Housing!D41=0,NA(),Housing!D41) -> #N/A | M8: =IF(Housing!E41=0,NA(),Housing!E41) -> #N/A | N8: =IF(Housing!F41=0,NA(),Housing!F41) -> #N/A | O8: =IF(Housing!G41=0,NA(),Housing!G41) -> #N/A | P8: =IF(Housing!H41=0,NA(),Housing!H41) -> #N/A | Q8: =IF(Housing!I41=0,NA(),Housing!I41) -> #N/A | R8: =IF(Housing!J41=0,NA(),Housing!J41) -> #N/A | ... V8: =IF(Housing!N41=0,NA(),Housing!N41) -> #N/A
B9: Number of budget modifications this fiscal year to date? | D9: =SUM(lookup!$F$6:INDEX(lookup!$F$6:$Q$6,IndexMonth)) -> 0 | J9: H and S BD | K9: =IF('H and S BD'!C41=0,NA(),'H and S BD'!C41) -> #N/A | L9: =IF('H and S BD'!D41=0,NA(),'H and S BD'!D41) -> #N/A | M9: =IF('H and S BD'!E41=0,NA(),'H and S BD'!E41) -> #N/A | N9: =IF('H and S BD'!F41=0,NA(),'H and S BD'!F41) -> #N/A | O9: =IF('H and S BD'!G41=0,NA(),'H and S BD'!G41) -> #N/A | P9: =IF('H and S BD'!H41=0,NA(),'H and S BD'!H41) -> #N/A | Q9: =IF('H and S BD'!I41=0,NA(),'H and S BD'!I41) -> #N/A | R9: =IF('H and S BD'!J41=0,NA(),'H and S BD'!J41) -> #N/A | ... V9: =IF('H and S BD'!N41=0,NA(),'H and S BD'!N41) -> #N/A
J10: CE and CI | K10: =IF('CE and CI'!C41=0,NA(),'CE and CI'!C41) -> #N/A | L10: =IF('CE and CI'!D41=0,NA(),'CE and CI'!D41) -> #N/A | M10: =IF('CE and CI'!E41=0,NA(),'CE and CI'!E41) -> #N/A | N10: =IF('CE and CI'!F41=0,NA(),'CE and CI'!F41) -> #N/A | O10: =IF('CE and CI'!G41=0,NA(),'CE and CI'!G41) -> #N/A | P10: =IF('CE and CI'!H41=0,NA(),'CE and CI'!H41) -> #N/A | Q10: =IF('CE and CI'!I41=0,NA(),'CE and CI'!I41) -> #N/A | R10: =IF('CE and CI'!J41=0,NA(),'CE and CI'!J41) -> #N/A | ... V10: =IF('CE and CI'!N41=0,NA(),'CE and CI'!N41) -> #N/A
J11: SSMD | K11: =IF(SSMD!C41=0,NA(),SSMD!C41) -> #N/A | L11: =IF(SSMD!D41=0,NA(),SSMD!D41) -> #N/A | M11: =IF(SSMD!E41=0,NA(),SSMD!E41) -> #N/A | N11: =IF(SSMD!F41=0,NA(),SSMD!F41) -> #N/A | O11: =IF(SSMD!G41=0,NA(),SSMD!G41) -> #N/A | P11: =IF(SSMD!H41=0,NA(),SSMD!H41) -> #N/A | Q11: =IF(SSMD!I41=0,NA(),SSMD!I41) -> #N/A | R11: =IF(SSMD!J41=0,NA(),SSMD!J41) -> #N/A | ... V11: =IF(SSMD!N41=0,NA(),SSMD!N41) -> #N/A
J12: Linkages | K12: =IF(Linkages!C41=0,NA(),Linkages!C41) -> #N/A | L12: =IF(Linkages!D41=0,NA(),Linkages!D41) -> #N/A | M12: =IF(Linkages!E41=0,NA(),Linkages!E41) -> #N/A | N12: =IF(Linkages!F41=0,NA(),Linkages!F41) -> #N/A | O12: =IF(Linkages!G41=0,NA(),Linkages!G41) -> #N/A | P12: =IF(Linkages!H41=0,NA(),Linkages!H41) -> #N/A | Q12: =IF(Linkages!I41=0,NA(),Linkages!I41) -> #N/A | R12: =IF(Linkages!J41=0,NA(),Linkages!J41) -> #N/A | ... V12: =IF(Linkages!N41=0,NA(),Linkages!N41) -> #N/A
J13: ACB | K13: =IF(ACB!C41=0,NA(),ACB!C41) -> #N/A | L13: =IF(ACB!D41=0,NA(),ACB!D41) -> #N/A | M13: =IF(ACB!E41=0,NA(),ACB!E41) -> #N/A | N13: =IF(ACB!F41=0,NA(),ACB!F41) -> #N/A | O13: =IF(ACB!G41=0,NA(),ACB!G41) -> #N/A | P13: =IF(ACB!H41=0,NA(),ACB!H41) -> #N/A | Q13: =IF(ACB!I41=0,NA(),ACB!I41) -> #N/A | R13: =IF(ACB!J41=0,NA(),ACB!J41) -> #N/A | ... V13: =IF(ACB!N41=0,NA(),ACB!N41) -> #N/A
J14: Other | K14: =IF(Other!C41=0,NA(),Other!C41) -> #N/A | L14: =IF(Other!D41=0,NA(),Other!D41) -> #N/A | M14: =IF(Other!E41=0,NA(),Other!E41) -> #N/A | N14: =IF(Other!F41=0,NA(),Other!F41) -> #N/A | O14: =IF(Other!G41=0,NA(),Other!G41) -> #N/A | P14: =IF(Other!H41=0,NA(),Other!H41) -> #N/A | Q14: =IF(Other!I41=0,NA(),Other!I41) -> #N/A | R14: =IF(Other!J41=0,NA(),Other!J41) -> #N/A | ... V14: =IF(Other!N41=0,NA(),Other!N41) -> #N/A
J15: TACA | K15: =IF(TACA!C26=0,NA(),TACA!C26) -> #N/A | L15: =IF(TACA!D26=0,NA(),TACA!D26) -> #N/A | M15: =IF(TACA!E26=0,NA(),TACA!E26) -> #N/A | N15: =IF(TACA!F26=0,NA(),TACA!F26) -> #N/A | O15: =IF(TACA!G26=0,NA(),TACA!G26) -> #N/A | P15: =IF(TACA!H26=0,NA(),TACA!H26) -> #N/A | Q15: =IF(TACA!I26=0,NA(),TACA!I26) -> #N/A | R15: =IF(TACA!J26=0,NA(),TACA!J26) -> #N/A | ... V15: =IF(TACA!N26=0,NA(),TACA!N26) -> #N/A

Sheet Invoice
A2: Invoice for Reimbursement
A4: Contractor/Grantee | E4: ="Edison Vendor ID # "&EdisonID -> Edison Vendor ID # 987-654-1203
A5: =setup!C11 -> Sample Grantee | B5: =setup!C15 -> Sample Contact
A6: =setup!C12 -> 0000 Budget Lane | B6: =setup!C16 -> 615-555-1234 | E6: ="Contract # " & CurrentContractNumber -> Contract # FY20-12345
A7: =setup!C13 -> Somewhere, TN 00000 | B7: =setup!C17 -> sample.contact@fake.com | E7: ="Contract Period "&TEXT(DATE(FFY-1,10,1),"mm/dd/yyyy")&" to "&TEXT(DATE(FFY+1,10,0),"mm/dd/yyyy") -> Contract Period 10/01/2019 to 09/30/2021
A9: ="Contract Type: "&ContractType -> Contract Type: CSGB | E9: ="Invoice # " &TEXT(IndexMonth,"00")&"-"&Summary!B5 -> Invoice # 01-October
A10: ="Program/Component: "&Program -> Program/Component: DHS | E10: ="Ending " &TEXT(InvoiceEOM,"mmmm dd, yyyy") -> Ending October 31, 2019
B12: Contact | C12: YTD Actual | D12: Invoice | E12: Budget | F12: Amount
A13: COST CATEGORY | B13: Budget | C13: Expenditures | D13: Expenditures | E13: Usage YTD % | F13: Due
A14: {=Categories} -> Salaries | B14: =SUM(EMP:Other!C5:D5) -> 0 | C14: =SUM(EMP:Other!J5) -> 0 | D14: =SUM(EMP:Other!G5) -> 0 | E14: =IFERROR(C14/B14,0) -> 0 | F14: =IF(TACA_ERROR,"TACA Error",IF(E14>1.1,"Error",D14)) -> 0
A15: Benefits & Taxes | B15: =SUM(EMP:Other!C6:D6) -> 66000 | C15: =SUM(EMP:Other!J6) -> 0 | D15: =SUM(EMP:Other!G6) -> 0 | E15: =IFERROR(C15/B15,0) -> 0 | F15: =IF(TACA_ERROR,"TACA Error",IF(E15>1.1,"Error",D15)) -> 0
A16: Professional Fee / Grant & Award | B16: =SUM(EMP:Other!C7:D7) -> 60000 | C16: =SUM(EMP:Other!J7) -> 0 | D16: =SUM(EMP:Other!G7) -> 0 | E16: =IFERROR(C16/B16,0) -> 0 | F16: =IF(TACA_ERROR,"TACA Error",IF(E16>1.1,"Error",D16)) -> 0
A17: Supplies | B17: =SUM(EMP:Other!C8:D8) -> 85000 | C17: =SUM(EMP:Other!J8) -> 0 | D17: =SUM(EMP:Other!G8) -> 0 | E17: =IFERROR(C17/B17,0) -> 0 | F17: =IF(TACA_ERROR,"TACA Error",IF(E17>1.1,"Error",D17)) -> 0
A18: Telephone | B18: =SUM(EMP:Other!C9:D9) -> 94000 | C18: =SUM(EMP:Other!J9) -> 0 | D18: =SUM(EMP:Other!G9) -> 0 | E18: =IFERROR(C18/B18,0) -> 0 | F18: =IF(TACA_ERROR,"TACA Error",IF(E18>1.1,"Error",D18)) -> 0
A19: Postage & Shipping | B19: =SUM(EMP:Other!C10:D10) -> 49000 | C19: =SUM(EMP:Other!J10) -> 0 | D19: =SUM(EMP:Other!G10) -> 0 | E19: =IFERROR(C19/B19,0) -> 0 | F19: =IF(TACA_ERROR,"TACA Error",IF(E19>1.1,"Error",D19)) -> 0
A20: Occupancy | B20: =SUM(EMP:Other!C11:D11) -> 81000 | C20: =SUM(EMP:Other!J11) -> 0 | D20: =SUM(EMP:Other!G11) -> 0 | E20: =IFERROR(C20/B20,0) -> 0 | F20: =IF(TACA_ERROR,"TACA Error",IF(E20>1.1,"Error",D20)) -> 0
A21: Equipment Rental & Maintenance | B21: =SUM(EMP:Other!C12:D12) -> 112000 | C21: =SUM(EMP:Other!J12) -> 0 | D21: =SUM(EMP:Other!G12) -> 0 | E21: =IFERROR(C21/B21,0) -> 0 | F21: =IF(TACA_ERROR,"TACA Error",IF(E21>1.1,"Error",D21)) -> 0
A22: Printing & Publications | B22: =SUM(EMP:Other!C13:D13) -> 113000 | C22: =SUM(EMP:Other!J13) -> 0 | D22: =SUM(EMP:Other!G13) -> 0 | E22: =IFERROR(C22/B22,0) -> 0 | F22: =IF(TACA_ERROR,"TACA Error",IF(E22>1.1,"Error",D22)) -> 0
A23: Travel / Conferences & Meetings | B23: =SUM(EMP:Other!C14:D14) -> 81000 | C23: =SUM(EMP:Other!J14) -> 0 | D23: =SUM(EMP:Other!G14) -> 0 | E23: =IFERROR(C23/B23,0) -> 0 | F23: =IF(TACA_ERROR,"TACA Error",IF(E23>1.1,"Error",D23)) -> 0
A24: Insurance | B24: =SUM(EMP:Other!C15:D15) -> 73000 | C24: =SUM(EMP:Other!J15) -> 0 | D24: =SUM(EMP:Other!G15) -> 0 | E24: =IFERROR(C24/B24,0) -> 0 | F24: =IF(TACA_ERROR,"TACA Error",IF(E24>1.1,"Error",D24)) -> 0
A25: Specific Assistance to Individuals | B25: =SUM(EMP:Other!C16:D16) -> 53000 | C25: =SUM(EMP:Other!J16) -> 0 | D25: =SUM(EMP:Other!G16) -> 0 | E25: =IFERROR(C25/B25,0) -> 0 | F25: =IF(TACA_ERROR,"TACA Error",IF(E25>1.1,"Error",D25)) -> 0
A26: Depreciation | B26: =SUM(EMP:Other!C17:D17) -> 76000 | C26: =SUM(EMP:Other!J17) -> 0 | D26: =SUM(EMP:Other!G17) -> 0 | E26: =IFERROR(C26/B26,0) -> 0 | F26: =IF(TACA_ERROR,"TACA Error",IF(E26>1.1,"Error",D26)) -> 0
... A28: Indirect Cost / Adm. Exp. / M&G | B28: =SUM(EMP:Other!C19:D19) -> 74000 | C28: =SUM(EMP:Other!J19) -> 0 | D28: =SUM(EMP:Other!G19) -> 0 | E28: =IFERROR(C28/B28,0) -> 0 | F28: =IF(TACA_ERROR,"TACA Error",IF(E28>1.1,"Error",D28)) -> 0
A29: Total | B29: =SUM(B14:B28) -> 1105000 | C29: =SUM(C14:C28) -> 0 | D29: =SUM(D14:D28) -> 0 | E29: =IFERROR(C29/B29,0) -> 0 | F29: =IF(TACA_ERROR,"TACA Error",IF(E29>1.1,"Error",D29)) -> 0
A31: I certify to the best of my knowledge and belief that the data above are correct and that all expenditures were made in accordance with the contract conditions and that payment is due and has not been previously requested. | F31: Final Contract Invoice
F32: =IF(AND(InvoiceMonth>CurrentFinal,CurrentFinal>0),"EXPIRED",IF(InvoiceMonth=CurrentFinal,"YES","NO")) -> NO
A34: THIS CONTRACT HAS EXPIRED AND CANNOT BE SIGNED
A36: Authorized Signature | C36: Title | D36: Date | F36: Remit pdf Invoice Document to fiscalcommsvs.dhs
A37: Contractor/Grantee | E37: ="Edison Vendor ID # "&EdisonID -> Edison Vendor ID # 987-654-1203
A38: =setup!C11 -> Sample Grantee | B38: =setup!C15 -> Sample Contact
A39: =setup!C12 -> 0000 Budget Lane | B39: =setup!C16 -> 615-555-1234 | E39: ="Contract # " & RolloverContractNumber -> Contract # FY19-67890
A40: =setup!C13 -> Somewhere, TN 00000 | B40: =setup!C17 -> sample.contact@fake.com | E40: ="Contract Period "&TEXT(DATE(FFY-2,10,1),"mm/dd/yyyy")&" to "&TEXT(DATE(FFY,10,0),"mm/dd/yyyy") -> Contract Period 10/01/2018 to 09/30/2020
A42: ="Contract Type: "&ContractType -> Contract Type: CSGB | E42: ="Invoice # " &TEXT(IndexMonth+12,"00")&"-"&Summary!B5 -> Invoice # 13-October
A43: ="Program/Component: "&Program -> Program/Component: DHS | E43: ="Ending " &TEXT(InvoiceEOM,"mmmm dd, yyyy") -> Ending October 31, 2019
B45: Contact | C45: YTD Actual | D45: Invoice | E45: Budget | F45: Amount
A46: COST CATEGORY | B46: Budget | C46: Expenditures | D46: Expenditures | E46: Usage YTD % | F46: Due
A47: {=Categories} -> Salaries | B47: =SUM(EMP:Other!E5) -> 10700 | C47: =SUM(EMP:Other!K5) -> 0 | D47: =SUM(EMP:Other!H5) -> 0 | E47: =IFERROR(C47/B47,0) -> 0 | F47: =IF(TACA_ERROR,"TACA Error",IF(E47>1.1,"Error",D47)) -> 0
A48: Benefits & Taxes | B48: =SUM(EMP:Other!E6) -> 7700 | C48: =SUM(EMP:Other!K6) -> 0 | D48: =SUM(EMP:Other!H6) -> 0 | E48: =IFERROR(C48/B48,0) -> 0 | F48: =IF(TACA_ERROR,"TACA Error",IF(E48>1.1,"Error",D48)) -> 0
A49: Professional Fee / Grant & Award | B49: =SUM(EMP:Other!E7) -> 9100 | C49: =SUM(EMP:Other!K7) -> 0 | D49: =SUM(EMP:Other!H7) -> 0 | E49: =IFERROR(C49/B49,0) -> 0 | F49: =IF(TACA_ERROR,"TACA Error",IF(E49>1.1,"Error",D49)) -> 0
A50: Supplies | B50: =SUM(EMP:Other!E8) -> 7100 | C50: =SUM(EMP:Other!K8) -> 0 | D50: =SUM(EMP:Other!H8) -> 0 | E50: =IFERROR(C50/B50,0) -> 0 | F50: =IF(TACA_ERROR,"TACA Error",IF(E50>1.1,"Error",D50)) -> 0
A51: Telephone | B51: =SUM(EMP:Other!E9) -> 8000 | C51: =SUM(EMP:Other!K9) -> 0 | D51: =SUM(EMP:Other!H9) -> 0 | E51: =IFERROR(C51/B51,0) -> 0 | F51: =IF(TACA_ERROR,"TACA Error",IF(E51>1.1,"Error",D51)) -> 0
A52: Postage & Shipping | B52: =SUM(EMP:Other!E10) -> 9400 | C52: =SUM(EMP:Other!K10) -> 0 | D52: =SUM(EMP:Other!H10) -> 0 | E52: =IFERROR(C52/B52,0) -> 0 | F52: =IF(TACA_ERROR,"TACA Error",IF(E52>1.1,"Error",D52)) -> 0
A53: Occupancy | B53: =SUM(EMP:Other!E11) -> 6900 | C53: =SUM(EMP:Other!K11) -> 0 | D53: =SUM(EMP:Other!H11) -> 0 | E53: =IFERROR(C53/B53,0) -> 0 | F53: =IF(TACA_ERROR,"TACA Error",IF(E53>1.1,"Error",D53)) -> 0
A54: Equipment Rental & Maintenance | B54: =SUM(EMP:Other!E12) -> 10600 | C54: =SUM(EMP:Other!K12) -> 0 | D54: =SUM(EMP:Other!H12) -> 0 | E54: =IFERROR(C54/B54,0) -> 0 | F54: =IF(TACA_ERROR,"TACA Error",IF(E54>1.1,"Error",D54)) -> 0
A55: Printing & Publications | B55: =SUM(EMP:Other!E13) -> 9500 | C55: =SUM(EMP:Other!K13) -> 0 | D55: =SUM(EMP:Other!H13) -> 0 | E55: =IFERROR(C55/B55,0) -> 0 | F55: =IF(TACA_ERROR,"TACA Error",IF(E55>1.1,"Error",D55)) -> 0
A56: Travel / Conferences & Meetings | B56: =SUM(EMP:Other!E14) -> 9300 | C56: =SUM(EMP:Other!K14) -> 0 | D56: =SUM(EMP:Other!H14) -> 0 | E56: =IFERROR(C56/B56,0) -> 0 | F56: =IF(TACA_ERROR,"TACA Error",IF(E56>1.1,"Error",D56)) -> 0
A57: Insurance | B57: =SUM(EMP:Other!E15) -> 5100 | C57: =SUM(EMP:Other!K15) -> 0 | D57: =SUM(EMP:Other!H15) -> 0 | E57: =IFERROR(C57/B57,0) -> 0 | F57: =IF(TACA_ERROR,"TACA Error",IF(E57>1.1,"Error",D57)) -> 0
A58: Specific Assistance to Individuals | B58: =SUM(EMP:Other!E16) -> 10300 | C58: =SUM(EMP:Other!K16) -> 0 | D58: =SUM(EMP:Other!H16) -> 0 | E58: =IFERROR(C58/B58,0) -> 0 | F58: =IF(TACA_ERROR,"TACA Error",IF(E58>1.1,"Error",D58)) -> 0
A59: Depreciation | B59: =SUM(EMP:Other!E17) -> 9800 | C59: =SUM(EMP:Other!K17) -> 0 | D59: =SUM(EMP:Other!H17) -> 0 | E59: =IFERROR(C59/B59,0) -> 0 | F59: =IF(TACA_ERROR,"TACA Error",IF(E59>1.1,"Error",D59)) -> 0
... A61: Indirect Cost / Adm. Exp. / M&G | B61: =SUM(EMP:Other!E19) -> 10600 | C61: =SUM(EMP:Other!K19) -> 0 | D61: =SUM(EMP:Other!H19) -> 0 | E61: =IFERROR(C61/B61,0) -> 0 | F61: =IF(TACA_ERROR,"TACA Error",IF(E61>1.1,"Error",D61)) -> 0
A62: Total | B62: =SUM(B47:B61) -> 132900 | C62: =SUM(C47:C61) -> 0 | D62: =SUM(D47:D61) -> 0 | E62: =IFERROR(C62/B62,0) -> 0 | F62: =IF(TACA_ERROR,"TACA Error",IF(E62>1.1,"Error",D62)) -> 0
A64: =A31 -> I certify to the best of my knowledge and belief that the data above are correct and that all expenditures were made in accordance with the contract conditions and that payment is due and has not been previously requested. | F64: Final Contract Invoice
F65: =IF(AND(InvoiceMonth>CarryoverFinal,CarryoverFinal>0),"EXPIRED",IF(InvoiceMonth=CarryoverFinal,"YES","NO")) -> NO
A67: =A34 -> THIS CONTRACT HAS EXPIRED AND CANNOT BE SIGNED
A69: Authorized Signature | C69: Title | D69: Date | F69: Remit pdf Invoice Document to fiscalcommsvs.dhs

Sheet EMP
A1: 1 | B1: =INDEX(Domains,A1,3) -> Employment
B3: Domain Summary | C3: Available Funding | G3: ="Monthly Expenditures - " & TEXT(InvoiceMonth,"mmmm yyyy") -> Monthly Expenditures - October 2019 | J3: Year to Date Expenditures | N3: Unused | P3: Next FFY
C4: Budget | D4: Modifications | E4: Carryover | F4: Total | G4: Current | H4: Carryover | I4: Combined | J4: Current | K4: Carryover | L4: Combined | N4: Carryover | P4: Carryover
B5: {=Categories} -> Salaries | C5: {=INDEX(budgetCurrent,,$A$1)} -> 0 | D5: =SUM(C46:INDEX(C46:N46,IndexMonth)) -> 0 | E5: {=INDEX(budgetRollover,,$A$1)} -> 900 | F5: =C5+E5+D5 -> 900 | G5: =I5-H5 -> 0 | H5: =MIN(I5,MAX(0,E5-L5+I5)) -> 0 | I5: {=INDEX(C26:N40,,IndexMonth)} -> 0 | J5: =L5-K5 -> 0 | K5: =MIN(E5,L5) -> 0 | L5: =SUM(C26:INDEX(C26:N26,IndexMonth)) -> 0 | N5: =E5-K5 -> 900 | P5: =MAX(0,SUM(C5:D5)-J5) -> 0
B6: Benefits & Taxes | C6: 8000 | D6: =SUM(C47:INDEX(C47:N47,IndexMonth)) -> 0 | E6: 0 | F6: =C6+E6+D6 -> 8000 | G6: =I6-H6 -> 0 | H6: =MIN(I6,MAX(0,E6-L6+I6)) -> 0 | I6: 0 | J6: =L6-K6 -> 0 | K6: =MIN(E6,L6) -> 0 | L6: =SUM(C27:INDEX(C27:N27,IndexMonth)) -> 0 | N6: =E6-K6 -> 0 | P6: =MAX(0,SUM(C6:D6)-J6) -> 8000
B7: Professional Fee / Grant & Award | C7: 9000 | D7: =SUM(C48:INDEX(C48:N48,IndexMonth)) -> 0 | E7: 1600 | F7: =C7+E7+D7 -> 10600 | G7: =I7-H7 -> 0 | H7: =MIN(I7,MAX(0,E7-L7+I7)) -> 0 | I7: 0 | J7: =L7-K7 -> 0 | K7: =MIN(E7,L7) -> 0 | L7: =SUM(C28:INDEX(C28:N28,IndexMonth)) -> 0 | N7: =E7-K7 -> 1600 | P7: =MAX(0,SUM(C7:D7)-J7) -> 9000
B8: Supplies | C8: 10000 | D8: =SUM(C49:INDEX(C49:N49,IndexMonth)) -> 0 | E8: 900 | F8: =C8+E8+D8 -> 10900 | G8: =I8-H8 -> 0 | H8: =MIN(I8,MAX(0,E8-L8+I8)) -> 0 | I8: 0 | J8: =L8-K8 -> 0 | K8: =MIN(E8,L8) -> 0 | L8: =SUM(C29:INDEX(C29:N29,IndexMonth)) -> 0 | N8: =E8-K8 -> 900 | P8: =MAX(0,SUM(C8:D8)-J8) -> 10000
B9: Telephone | C9: 10000 | D9: =SUM(C50:INDEX(C50:N50,IndexMonth)) -> 0 | E9: 1200 | F9: =C9+E9+D9 -> 11200 | G9: =I9-H9 -> 0 | H9: =MIN(I9,MAX(0,E9-L9+I9)) -> 0 | I9: 0 | J9: =L9-K9 -> 0 | K9: =MIN(E9,L9) -> 0 | L9: =SUM(C30:INDEX(C30:N30,IndexMonth)) -> 0 | N9: =E9-K9 -> 1200 | P9: =MAX(0,SUM(C9:D9)-J9) -> 10000
B10: Postage & Shipping | C10: 3000 | D10: =SUM(C51:INDEX(C51:N51,IndexMonth)) -> 0 | E10: 1400 | F10: =C10+E10+D10 -> 4400 | G10: =I10-H10 -> 0 | H10: =MIN(I10,MAX(0,E10-L10+I10)) -> 0 | I10: 0 | J10: =L10-K10 -> 0 | K10: =MIN(E10,L10) -> 0 | L10: =SUM(C31:INDEX(C31:N31,IndexMonth)) -> 0 | N10: =E10-K10 -> 1400 | P10: =MAX(0,SUM(C10:D10)-J10) -> 3000
B11: Occupancy | C11: 9000 | D11: =SUM(C52:INDEX(C52:N52,IndexMonth)) -> 0 | E11: 0 | F11: =C11+E11+D11 -> 9000 | G11: =I11-H11 -> 0 | H11: =MIN(I11,MAX(0,E11-L11+I11)) -> 0 | I11: 0 | J11: =L11-K11 -> 0 | K11: =MIN(E11,L11) -> 0 | L11: =SUM(C32:INDEX(C32:N32,IndexMonth)) -> 0 | N11: =E11-K11 -> 0 | P11: =MAX(0,SUM(C11:D11)-J11) -> 9000
B12: Equipment Rental & Maintenance | C12: 12000 | D12: =SUM(C53:INDEX(C53:N53,IndexMonth)) -> 0 | E12: 1600 | F12: =C12+E12+D12 -> 13600 | G12: =I12-H12 -> 0 | H12: =MIN(I12,MAX(0,E12-L12+I12)) -> 0 | I12: 0 | J12: =L12-K12 -> 0 | K12: =MIN(E12,L12) -> 0 | L12: =SUM(C33:INDEX(C33:N33,IndexMonth)) -> 0 | N12: =E12-K12 -> 1600 | P12: =MAX(0,SUM(C12:D12)-J12) -> 12000
B13: Printing & Publications | C13: 12000 | D13: =SUM(C54:INDEX(C54:N54,IndexMonth)) -> 0 | E13: 0 | F13: =C13+E13+D13 -> 12000 | G13: =I13-H13 -> 0 | H13: =MIN(I13,MAX(0,E13-L13+I13)) -> 0 | I13: 0 | J13: =L13-K13 -> 0 | K13: =MIN(E13,L13) -> 0 | L13: =SUM(C34:INDEX(C34:N34,IndexMonth)) -> 0 | N13: =E13-K13 -> 0 | P13: =MAX(0,SUM(C13:D13)-J13) -> 12000
B14: Travel / Conferences & Meetings | C14: 12000 | D14: =SUM(C55:INDEX(C55:N55,IndexMonth)) -> 0 | E14: 1700 | F14: =C14+E14+D14 -> 13700 | G14: =I14-H14 -> 0 | H14: =MIN(I14,MAX(0,E14-L14+I14)) -> 0 | I14: 0 | J14: =L14-K14 -> 0 | K14: =MIN(E14,L14) -> 0 | L14: =SUM(C35:INDEX(C35:N35,IndexMonth)) -> 0 | N14: =E14-K14 -> 1700 | P14: =MAX(0,SUM(C14:D14)-J14) -> 12000
B15: Insurance | C15: 13000 | D15: =SUM(C56:INDEX(C56:N56,IndexMonth)) -> 0 | E15: 0 | F15: =C15+E15+D15 -> 13000 | G15: =I15-H15 -> 0 | H15: =MIN(I15,MAX(0,E15-L15+I15)) -> 0 | I15: 0 | J15: =L15-K15 -> 0 | K15: =MIN(E15,L15) -> 0 | L15: =SUM(C36:INDEX(C36:N36,IndexMonth)) -> 0 | N15: =E15-K15 -> 0 | P15: =MAX(0,SUM(C15:D15)-J15) -> 13000
B16: Specific Assistance to Individuals | C16: 5000 | D16: =SUM(C57:INDEX(C57:N57,IndexMonth)) -> 0 | E16: 1400 | F16: =C16+E16+D16 -> 6400 | G16: =I16-H16 -> 0 | H16: =MIN(I16,MAX(0,E16-L16+I16)) -> 0 | I16: 0 | J16: =L16-K16 -> 0 | K16: =MIN(E16,L16) -> 0 | L16: =SUM(C37:INDEX(C37:N37,IndexMonth)) -> 0 | N16: =E16-K16 -> 1400 | P16: =MAX(0,SUM(C16:D16)-J16) -> 5000
B17: Depreciation | C17: 5000 | D17: =SUM(C58:INDEX(C58:N58,IndexMonth)) -> 0 | E17: 0 | F17: =C17+E17+D17 -> 5000 | G17: =I17-H17 -> 0 | H17: =MIN(I17,MAX(0,E17-L17+I17)) -> 0 | I17: 0 | J17: =L17-K17 -> 0 | K17: =MIN(E17,L17) -> 0 | L17: =SUM(C38:INDEX(C38:N38,IndexMonth)) -> 0 | N17: =E17-K17 -> 0 | P17: =MAX(0,SUM(C17:D17)-J17) -> 5000
... B19: Indirect Cost / Adm. Exp. / M&G | C19: 8000 | D19: =SUM(C60:INDEX(C60:N60,IndexMonth)) -> 0 | E19: 1900 | F19: =C19+E19+D19 -> 9900 | G19: =I19-H19 -> 0 | H19: =MIN(I19,MAX(0,E19-L19+I19)) -> 0 | I19: 0 | J19: =L19-K19 -> 0 | K19: =MIN(E19,L19) -> 0 | L19: =SUM(C40:INDEX(C40:N40,IndexMonth)) -> 0 | N19: =E19-K19 -> 1900 | P19: =MAX(0,SUM(C19:D19)-J19) -> 8000
B20: Total | C20: =SUM(C5:C19) -> 122000 | D20: =SUM(D5:D19) -> 0 | E20: =SUM(E5:E19) -> 14000 | F20: =SUM(F5:F19) -> 136000 | G20: =SUM(G5:G19) -> 0 | H20: =SUM(H5:H19) -> 0 | I20: =SUM(I5:I19) -> 0 | J20: =SUM(J5:J19) -> 0 | ... L20: =SUM(L5:L19) -> 0 | N20: =SUM(N5:N19) -> 14000 | P20: =SUM(P5:P19) -> 122000
B24: Expenditures | C24: {=luDates} -> 43739 | D24: 43770 | E24: 43800 | F24: 43831 | G24: 43862 | H24: 43891 | I24: 43922 | J24: 43952 | K24: 43983 | L24: 44013 | M24: 44044 | N24: 44075 | P24: YTD Total
B26: {=Categories} -> Salaries | O26: =IFERROR((12*J5)/(IndexMonth*SUM(C5:D5)),0) -> 0 | P26: =SUM(C26:INDEX(C26:N26,IndexMonth)) -> 0
B27: Benefits & Taxes | O27: =IFERROR((12*J6)/(IndexMonth*SUM(C6:D6)),0) -> 0 | P27: =SUM(C27:INDEX(C27:N27,IndexMonth)) -> 0
B28: Professional Fee / Grant & Award | O28: =IFERROR((12*J7)/(IndexMonth*SUM(C7:D7)),0) -> 0 | P28: =SUM(C28:INDEX(C28:N28,IndexMonth)) -> 0
B29: Supplies | O29: =IFERROR((12*J8)/(IndexMonth*SUM(C8:D8)),0) -> 0 | P29: =SUM(C29:INDEX(C29:N29,IndexMonth)) -> 0
B30: Telephone | O30: =IFERROR((12*J9)/(IndexMonth*SUM(C9:D9)),0) -> 0 | P30: =SUM(C30:INDEX(C30:N30,IndexMonth)) -> 0
B31: Postage & Shipping | O31: =IFERROR((12*J10)/(IndexMonth*SUM(C10:D10)),0) -> 0 | P31: =SUM(C31:INDEX(C31:N31,IndexMonth)) -> 0
B32: Occupancy | O32: =IFERROR((12*J11)/(IndexMonth*SUM(C11:D11)),0) -> 0 | P32: =SUM(C32:INDEX(C32:N32,IndexMonth)) -> 0
B33: Equipment Rental & Maintenance | O33: =IFERROR((12*J12)/(IndexMonth*SUM(C12:D12)),0) -> 0 | P33: =SUM(C33:INDEX(C33:N33,IndexMonth)) -> 0
B34: Printing & Publications | O34: =IFERROR((12*J13)/(IndexMonth*SUM(C13:D13)),0) -> 0 | P34: =SUM(C34:INDEX(C34:N34,IndexMonth)) -> 0
B35: Travel / Conferences & Meetings | O35: =IFERROR((12*J14)/(IndexMonth*SUM(C14:D14)),0) -> 0 | P35: =SUM(C35:INDEX(C35:N35,IndexMonth)) -> 0
B36: Insurance | O36: =IFERROR((12*J15)/(IndexMonth*SUM(C15:D15)),0) -> 0 | P36: =SUM(C36:INDEX(C36:N36,IndexMonth)) -> 0
B37: Specific Assistance to Individuals | O37: =IFERROR((12*J16)/(IndexMonth*SUM(C16:D16)),0) -> 0 | P37: =SUM(C37:INDEX(C37:N37,IndexMonth)) -> 0
B38: Depreciation | O38: =IFERROR((12*J17)/(IndexMonth*SUM(C17:D17)),0) -> 0 | P38: =SUM(C38:INDEX(C38:N38,IndexMonth)) -> 0
... B40: Indirect Cost / Adm. Exp. / M&G | O40: =IFERROR((12*J19)/(IndexMonth*SUM(C19:D19)),0) -> 0 | P40: =SUM(C40:INDEX(C40:N40,IndexMonth)) -> 0
B41: Total | C41: =SUM(C26:C40) -> 0 | D41: =SUM(D26:D40) -> 0 | E41: =SUM(E26:E40) -> 0 | F41: =SUM(F26:F40) -> 0 | G41: =SUM(G26:G40) -> 0 | H41: =SUM(H26:H40) -> 0 | I41: =SUM(I26:I40) -> 0 | J41: =SUM(J26:J40) -> 0 | ... N41: =SUM(N26:N40) -> 0 | P41: =SUM(P26:P40) -> 0
C42: =IF(M43,">> Current trend of expenditures may exceed the allocated budget in certain categories. <<","") | M42: =M43*2 -> 0 | N42: =IF(M43, "may exceed 100% of budget","")
M43: =COUNTIF(O26:O40,">1") -> 0 | N43: =IF(M43,"may exceed 110% of budget","")
B44: Budget Modifications | C44: {=luDates} -> 43739 | D44: 43770 | E44: 43800 | F44: 43831 | G44: 43862 | H44: 43891 | I44: 43922 | J44: 43952 | K44: 43983 | L44: 44013 | M44: 44044 | N44: 44075 | P44: Total
B46: {=Categories} -> Salaries | P46: =SUM(C46:INDEX(C46:N46,IndexMonth)) -> 0
B47: Benefits & Taxes | P47: =SUM(C47:INDEX(C47:N47,IndexMonth)) -> 0
B48: Professional Fee / Grant & Award | P48: =SUM(C48:INDEX(C48:N48,IndexMonth)) -> 0
B49: Supplies | P49: =SUM(C49:INDEX(C49:N49,IndexMonth)) -> 0
B50: Telephone | P50: =SUM(C50:INDEX(C50:N50,IndexMonth)) -> 0
B51: Postage & Shipping | P51: =SUM(C51:INDEX(C51:N51,IndexMonth)) -> 0
B52: Occupancy | P52: =SUM(C52:INDEX(C52:N52,IndexMonth)) -> 0
B53: Equipment Rental & Maintenance | P53: =SUM(C53:INDEX(C53:N53,IndexMonth)) -> 0
B54: Printing & Publications | P54: =SUM(C54:INDEX(C54:N54,IndexMonth)) -> 0
B55: Travel / Conferences & Meetings | P55: =SUM(C55:INDEX(C55:N55,IndexMonth)) -> 0
B56: Insurance | P56: =SUM(C56:INDEX(C56:N56,IndexMonth)) -> 0
B57: Specific Assistance to Individuals | P57: =SUM(C57:INDEX(C57:N57,IndexMonth)) -> 0
B58: Depreciation | P58: =SUM(C58:INDEX(C58:N58,IndexMonth)) -> 0
... B60: Indirect Cost / Adm. Exp. / M&G | P60: =SUM(C60:INDEX(C60:N60,IndexMonth)) -> 0
B61: Total | C61: =SUM(C46:C60) -> 0 | D61: =SUM(D46:D60) -> 0 | E61: =SUM(E46:E60) -> 0 | F61: =SUM(F46:F60) -> 0 | G61: =SUM(G46:G60) -> 0 | H61: =SUM(H46:H60) -> 0 | I61: =SUM(I46:I60) -> 0 | J61: =SUM(J46:J60) -> 0 | ... N61: =SUM(N46:N60) -> 0 | P61: =SUM(P46:P60) -> 0
B64: ="Justification for "&INDEX(luMonths,IndexMonth)&" Budget Modification" -> Justification for October Budget Modification
B66: {=Categories} -> Salaries
B67: Benefits & Taxes
B68: Professional Fee / Grant & Award
B69: Supplies
B70: Telephone
B71: Postage & Shipping
B72: Occupancy
B73: Equipment Rental & Maintenance
B74: Printing & Publications
B75: Travel / Conferences & Meetings
B76: Insurance
B77: Specific Assistance to Individuals
B78: Depreciation
... B80: Indirect Cost / Adm. Exp. / M&G

Sheet ED and CD
A1: 2 | B1: =INDEX(Domains,A1,3) -> Education and Cognitive Development
B3: Domain Summary | C3: Available Funding | G3: ="Monthly Expenditures - " & TEXT(InvoiceMonth,"mmmm yyyy") -> Monthly Expenditures - October 2019 | J3: Year to Date Expenditures | N3: Unused | P3: Next FFY
C4: Budget | D4: Modifications | E4: Carryover | F4: Total | G4: Current | H4: Carryover | I4: Combined | J4: Current | K4: Carryover | L4: Combined | N4: Carryover | P4: Carryover
B5: {=Categories} -> Salaries | C5: {=INDEX(budgetCurrent,,$A$1)} -> 0 | D5: =SUM(C46:INDEX(C46:N46,IndexMonth)) -> 0 | E5: {=INDEX(budgetRollover,,$A$1)} -> 1600 | F5: =C5+E5+D5 -> 1600 | G5: =I5-H5 -> 0 | H5: =MIN(I5,MAX(0,E5-L5+I5)) -> 0 | I5: {=INDEX(C26:N40,,IndexMonth)} -> 0 | J5: =L5-K5 -> 0 | K5: =MIN(E5,L5) -> 0 | L5: =SUM(C26:INDEX(C26:N26,IndexMonth)) -> 0 | N5: =E5-K5 -> 1600 | P5: =MAX(0,SUM(C5:D5)-J5) -> 0
B6: Benefits & Taxes | C6: 2000 | D6: =SUM(C47:INDEX(C47:N47,IndexMonth)) -> 0 | E6: 2100 | F6: =C6+E6+D6 -> 4100 | G6: =I6-H6 -> 0 | H6: =MIN(I6,MAX(0,E6-L6+I6)) -> 0 | I6: 0 | J6: =L6-K6 -> 0 | K6: =MIN(E6,L6) -> 0 | L6: =SUM(C27:INDEX(C27:N27,IndexMonth)) -> 0 | N6: =E6-K6 -> 2100 | P6: =MAX(0,SUM(C6:D6)-J6) -> 2000
B7: Professional Fee / Grant & Award | C7: 6000 | D7: =SUM(C48:INDEX(C48:N48,IndexMonth)) -> 0 | E7: 500 | F7: =C7+E7+D7 -> 6500 | G7: =I7-H7 -> 0 | H7: =MIN(I7,MAX(0,E7-L7+I7)) -> 0 | I7: 0 | J7: =L7-K7 -> 0 | K7: =MIN(E7,L7) -> 0 | L7: =SUM(C28:INDEX(C28:N28,IndexMonth)) -> 0 | N7: =E7-K7 -> 500 | P7: =MAX(0,SUM(C7:D7)-J7) -> 6000
B8: Supplies | C8: 9000 | D8: =SUM(C49:INDEX(C49:N49,IndexMonth)) -> 0 | E8: 0 | F8: =C8+E8+D8 -> 9000 | G8: =I8-H8 -> 0 | H8: =MIN(I8,MAX(0,E8-L8+I8)) -> 0 | I8: 0 | J8: =L8-K8 -> 0 | K8: =MIN(E8,L8) -> 0 | L8: =SUM(C29:INDEX(C29:N29,IndexMonth)) -> 0 | N8: =E8-K8 -> 0 | P8: =MAX(0,SUM(C8:D8)-J8) -> 9000
B9: Telephone | C9: 15000 | D9: =SUM(C50:INDEX(C50:N50,IndexMonth)) -> 0 | E9: 0 | F9: =C9+E9+D9 -> 15000 | G9: =I9-H9 -> 0 | H9: =MIN(I9,MAX(0,E9-L9+I9)) -> 0 | I9: 0 | J9: =L9-K9 -> 0 | K9: =MIN(E9,L9) -> 0 | L9: =SUM(C30:INDEX(C30:N30,IndexMonth)) -> 0 | N9: =E9-K9 -> 0 | P9: =MAX(0,SUM(C9:D9)-J9) -> 15000
B10: Postage & Shipping | C10: 7000 | D10: =SUM(C51:INDEX(C51:N51,IndexMonth)) -> 0 | E10: 1300 | F10: =C10+E10+D10 -> 8300 | G10: =I10-H10 -> 0 | H10: =MIN(I10,MAX(0,E10-L10+I10)) -> 0 | I10: 0 | J10: =L10-K10 -> 0 | K10: =MIN(E10,L10) -> 0 | L10: =SUM(C31:INDEX(C31:N31,IndexMonth)) -> 0 | N10: =E10-K10 -> 1300 | P10: =MAX(0,SUM(C10:D10)-J10) -> 7000
B11: Occupancy | C11: 7000 | D11: =SUM(C52:INDEX(C52:N52,IndexMonth)) -> 0 | E11: 500 | F11: =C11+E11+D11 -> 7500 | G11: =I11-H11 -> 0 | H11: =MIN(I11,MAX(0,E11-L11+I11)) -> 0 | I11: 0 | J11: =L11-K11 -> 0 | K11: =MIN(E11,L11) -> 0 | L11: =SUM(C32:INDEX(C32:N32,IndexMonth)) -> 0 | N11: =E11-K11 -> 500 | P11: =MAX(0,SUM(C11:D11)-J11) -> 7000
B12: Equipment Rental & Maintenance | C12: 12000 | D12: =SUM(C53:INDEX(C53:N53,IndexMonth)) -> 0 | E12: 0 | F12: =C12+E12+D12 -> 12000 | G12: =I12-H12 -> 0 | H12: =MIN(I12,MAX(0,E12-L12+I12)) -> 0 | I12: 0 | J12: =L12-K12 -> 0 | K12: =MIN(E12,L12) -> 0 | L12: =SUM(C33:INDEX(C33:N33,IndexMonth)) -> 0 | N12: =E12-K12 -> 0 | P12: =MAX(0,SUM(C12:D12)-J12) -> 12000
B13: Printing & Publications | C13: 10000 | D13: =SUM(C54:INDEX(C54:N54,IndexMonth)) -> 0 | E13: 0 | F13: =C13+E13+D13 -> 10000 | G13: =I13-H13 -> 0 | H13: =MIN(I13,MAX(0,E13-L13+I13)) -> 0 | I13: 0 | J13: =L13-K13 -> 0 | K13: =MIN(E13,L13) -> 0 | L13: =SUM(C34:INDEX(C34:N34,IndexMonth)) -> 0 | N13: =E13-K13 -> 0 | P13: =MAX(0,SUM(C13:D13)-J13) -> 10000
B14: Travel / Conferences & Meetings | C14: 13000 | D14: =SUM(C55:INDEX(C55:N55,IndexMonth)) -> 0 | E14: 1000 | F14: =C14+E14+D14 -> 14000 | G14: =I14-H14 -> 0 | H14: =MIN(I14,MAX(0,E14-L14+I14)) -> 0 | I14: 0 | J14: =L14-K14 -> 0 | K14: =MIN(E14,L14) -> 0 | L14: =SUM(C35:INDEX(C35:N35,IndexMonth)) -> 0 | N14: =E14-K14 -> 1000 | P14: =MAX(0,SUM(C14:D14)-J14) -> 13000
B15: Insurance | C15: 6000 | D15: =SUM(C56:INDEX(C56:N56,IndexMonth)) -> 0 | E15: 0 | F15: =C15+E15+D15 -> 6000 | G15: =I15-H15 -> 0 | H15: =MIN(I15,MAX(0,E15-L15+I15)) -> 0 | I15: 0 | J15: =L15-K15 -> 0 | K15: =MIN(E15,L15) -> 0 | L15: =SUM(C36:INDEX(C36:N36,IndexMonth)) -> 0 | N15: =E15-K15 -> 0 | P15: =MAX(0,SUM(C15:D15)-J15) -> 6000
B16: Specific Assistance to Individuals | C16: 5000 | D16: =SUM(C57:INDEX(C57:N57,IndexMonth)) -> 0 | E16: 600 | F16: =C16+E16+D16 -> 5600 | G16: =I16-H16 -> 0 | H16: =MIN(I16,MAX(0,E16-L16+I16)) -> 0 | I16: 0 | J16: =L16-K16 -> 0 | K16: =MIN(E16,L16) -> 0 | L16: =SUM(C37:INDEX(C37:N37,IndexMonth)) -> 0 | N16: =E16-K16 -> 600 | P16: =MAX(0,SUM(C16:D16)-J16) -> 5000
B17: Depreciation | C17: 8000 | D17: =SUM(C58:INDEX(C58:N58,IndexMonth)) -> 0 | E17: 0 | F17: =C17+E17+D17 -> 8000 | G17: =I17-H17 -> 0 | H17: =MIN(I17,MAX(0,E17-L17+I17)) -> 0 | I17: 0 | J17: =L17-K17 -> 0 | K17: =MIN(E17,L17) -> 0 | L17: =SUM(C38:INDEX(C38:N38,IndexMonth)) -> 0 | N17: =E17-K17 -> 0 | P17: =MAX(0,SUM(C17:D17)-J17) -> 8000
... B19: Indirect Cost / Adm. Exp. / M&G | C19: 12000 | D19: =SUM(C60:INDEX(C60:N60,IndexMonth)) -> 0 | E19: 600 | F19: =C19+E19+D19 -> 12600 | G19: =I19-H19 -> 0 | H19: =MIN(I19,MAX(0,E19-L19+I19)) -> 0 | I19: 0 | J19: =L19-K19 -> 0 | K19: =MIN(E19,L19) -> 0 | L19: =SUM(C40:INDEX(C40:N40,IndexMonth)) -> 0 | N19: =E19-K19 -> 600 | P19: =MAX(0,SUM(C19:D19)-J19) -> 12000
B20: Total | C20: =SUM(C5:C19) -> 123000 | D20: =SUM(D5:D19) -> 0 | E20: =SUM(E5:E19) -> 9800 | F20: =SUM(F5:F19) -> 132800 | G20: =SUM(G5:G19) -> 0 | H20: =SUM(H5:H19) -> 0 | I20: =SUM(I5:I19) -> 0 | J20: =SUM(J5:J19) -> 0 | ... L20: =SUM(L5:L19) -> 0 | N20: =SUM(N5:N19) -> 9800 | P20: =SUM(P5:P19) -> 123000
B24: Expenditures | C24: {=luDates} -> 43739 | D24: 43770 | E24: 43800 | F24: 43831 | G24: 43862 | H24: 43891 | I24: 43922 | J24: 43952 | K24: 43983 | L24: 44013 | M24: 44044 | N24: 44075 | P24: YTD Total
B26: {=Categories} -> Salaries | O26: =IFERROR((12*J5)/(IndexMonth*SUM(C5:D5)),0) -> 0 | P26: =SUM(C26:INDEX(C26:N26,IndexMonth)) -> 0
B27: Benefits & Taxes | O27: =IFERROR((12*J6)/(IndexMonth*SUM(C6:D6)),0) -> 0 | P27: =SUM(C27:INDEX(C27:N27,IndexMonth)) -> 0
B28: Professional Fee / Grant & Award | O28: =IFERROR((12*J7)/(IndexMonth*SUM(C7:D7)),0) -> 0 | P28: =SUM(C28:INDEX(C28:N28,IndexMonth)) -> 0
B29: Supplies | O29: =IFERROR((12*J8)/(IndexMonth*SUM(C8:D8)),0) -> 0 | P29: =SUM(C29:INDEX(C29:N29,IndexMonth)) -> 0
B30: Telephone | O30: =IFERROR((12*J9)/(IndexMonth*SUM(C9:D9)),0) -> 0 | P30: =SUM(C30:INDEX(C30:N30,IndexMonth)) -> 0
B31: Postage & Shipping | O31: =IFERROR((12*J10)/(IndexMonth*SUM(C10:D10)),0) -> 0 | P31: =SUM(C31:INDEX(C31:N31,IndexMonth)) -> 0
B32: Occupancy | O32: =IFERROR((12*J11)/(IndexMonth*SUM(C11:D11)),0) -> 0 | P32: =SUM(C32:INDEX(C32:N32,IndexMonth)) -> 0
B33: Equipment Rental & Maintenance | O33: =IFERROR((12*J12)/(IndexMonth*SUM(C12:D12)),0) -> 0 | P33: =SUM(C33:INDEX(C33:N33,IndexMonth)) -> 0
B34: Printing & Publications | O34: =IFERROR((12*J13)/(IndexMonth*SUM(C13:D13)),0) -> 0 | P34: =SUM(C34:INDEX(C34:N34,IndexMonth)) -> 0
B35: Travel / Conferences & Meetings | O35: =IFERROR((12*J14)/(IndexMonth*SUM(C14:D14)),0) -> 0 | P35: =SUM(C35:INDEX(C35:N35,IndexMonth)) -> 0
B36: Insurance | O36: =IFERROR((12*J15)/(IndexMonth*SUM(C15:D15)),0) -> 0 | P36: =SUM(C36:INDEX(C36:N36,IndexMonth)) -> 0
B37: Specific Assistance to Individuals | O37: =IFERROR((12*J16)/(IndexMonth*SUM(C16:D16)),0) -> 0 | P37: =SUM(C37:INDEX(C37:N37,IndexMonth)) -> 0
B38: Depreciation | O38: =IFERROR((12*J17)/(IndexMonth*SUM(C17:D17)),0) -> 0 | P38: =SUM(C38:INDEX(C38:N38,IndexMonth)) -> 0
... B40: Indirect Cost / Adm. Exp. / M&G | O40: =IFERROR((12*J19)/(IndexMonth*SUM(C19:D19)),0) -> 0 | P40: =SUM(C40:INDEX(C40:N40,IndexMonth)) -> 0
B41: Total | C41: =SUM(C26:C40) -> 0 | D41: =SUM(D26:D40) -> 0 | E41: =SUM(E26:E40) -> 0 | F41: =SUM(F26:F40) -> 0 | G41: =SUM(G26:G40) -> 0 | H41: =SUM(H26:H40) -> 0 | I41: =SUM(I26:I40) -> 0 | J41: =SUM(J26:J40) -> 0 | ... N41: =SUM(N26:N40) -> 0 | P41: =SUM(P26:P40) -> 0
C42: =IF(M43,">> Current trend of expenditures may exceed the allocated budget in certain categories. <<","") | M42: =M43*2 -> 0 | N42: =IF(M43, "may exceed 100% of budget","")
M43: =COUNTIF(O26:O40,">1") -> 0 | N43: =IF(M43,"may exceed 110% of budget","")
B44: Budget Modifications | C44: {=luDates} -> 43739 | D44: 43770 | E44: 43800 | F44: 43831 | G44: 43862 | H44: 43891 | I44: 43922 | J44: 43952 | K44: 43983 | L44: 44013 | M44: 44044 | N44: 44075 | P44: Total
B46: {=Categories} -> Salaries | P46: =SUM(C46:INDEX(C46:N46,IndexMonth)) -> 0
B47: Benefits & Taxes | P47: =SUM(C47:INDEX(C47:N47,IndexMonth)) -> 0
B48: Professional Fee / Grant & Award | P48: =SUM(C48:INDEX(C48:N48,IndexMonth)) -> 0
B49: Supplies | P49: =SUM(C49:INDEX(C49:N49,IndexMonth)) -> 0
B50: Telephone | P50: =SUM(C50:INDEX(C50:N50,IndexMonth)) -> 0
B51: Postage & Shipping | P51: =SUM(C51:INDEX(C51:N51,IndexMonth)) -> 0
B52: Occupancy | P52: =SUM(C52:INDEX(C52:N52,IndexMonth)) -> 0
B53: Equipment Rental & Maintenance | P53: =SUM(C53:INDEX(C53:N53,IndexMonth)) -> 0
B54: Printing & Publications | P54: =SUM(C54:INDEX(C54:N54,IndexMonth)) -> 0
B55: Travel / Conferences & Meetings | P55: =SUM(C55:INDEX(C55:N55,IndexMonth)) -> 0
B56: Insurance | P56: =SUM(C56:INDEX(C56:N56,IndexMonth)) -> 0
B57: Specific Assistance to Individuals | P57: =SUM(C57:INDEX(C57:N57,IndexMonth)) -> 0
B58: Depreciation | P58: =SUM(C58:INDEX(C58:N58,IndexMonth)) -> 0
... B60: Indirect Cost / Adm. Exp. / M&G | P60: =SUM(C60:INDEX(C60:N60,IndexMonth)) -> 0
B61: Total | C61: =SUM(C46:C60) -> 0 | D61: =SUM(D46:D60) -> 0 | E61: =SUM(E46:E60) -> 0 | F61: =SUM(F46:F60) -> 0 | G61: =SUM(G46:G60) -> 0 | H61: =SUM(H46:H60) -> 0 | I61: =SUM(I46:I60) -> 0 | J61: =SUM(J46:J60) -> 0 | ... N61: =SUM(N46:N60) -> 0 | P61: =SUM(P46:P60) -> 0
B64: ="Justification for "&INDEX(luMonths,IndexMonth)&" Budget Modification" -> Justification for October Budget Modification
B66: {=Categories} -> Salaries
B67: Benefits & Taxes
B68: Professional Fee / Grant & Award
B69: Supplies
B70: Telephone
B71: Postage & Shipping
B72: Occupancy
B73: Equipment Rental & Maintenance
B74: Printing & Publications
B75: Travel / Conferences & Meetings
B76: Insurance
B77: Specific Assistance to Individuals
B78: Depreciation
... B80: Indirect Cost / Adm. Exp. / M&G

Sheet II and AB
A1: 3 | B1: =INDEX(Domains,A1,3) -> Income, Infrastructure, and Asset Building
B3: Domain Summary | C3: Available Funding | G3: ="Monthly Expenditures - " & TEXT(InvoiceMonth,"mmmm yyyy") -> Monthly Expenditures - October 2019 | J3: Year to Date Expenditures | N3: Unused | P3: Next FFY
C4: Budget | D4: Modifications | E4: Carryover | F4: Total | G4: Current | H4: Carryover | I4: Combined | J4: Current | K4: Carryover | L4: Combined | N4: Carryover | P4: Carryover
B5: {=Categories} -> Salaries | C5: {=INDEX(budgetCurrent,,$A$1)} -> 0 | D5: =SUM(C46:INDEX(C46:N46,IndexMonth)) -> 0 | E5: {=INDEX(budgetRollover,,$A$1)} -> 1000 | F5: =C5+E5+D5 -> 1000 | G5: =I5-H5 -> 0 | H5: =MIN(I5,MAX(0,E5-L5+I5)) -> 0 | I5: {=INDEX(C26:N40,,IndexMonth)} -> 0 | J5: =L5-K5 -> 0 | K5: =MIN(E5,L5) -> 0 | L5: =SUM(C26:INDEX(C26:N26,IndexMonth)) -> 0 | N5: =E5-K5 -> 1000 | P5: =MAX(0,SUM(C5:D5)-J5) -> 0
B6: Benefits & Taxes | C6: 12000 | D6: =SUM(C47:INDEX(C47:N47,IndexMonth)) -> 0 | E6: 1200 | F6: =C6+E6+D6 -> 13200 | G6: =I6-H6 -> 0 | H6: =MIN(I6,MAX(0,E6-L6+I6)) -> 0 | I6: 0 | J6: =L6-K6 -> 0 | K6: =MIN(E6,L6) -> 0 | L6: =SUM(C27:INDEX(C27:N27,IndexMonth)) -> 0 | N6: =E6-K6 -> 1200 | P6: =MAX(0,SUM(C6:D6)-J6) -> 12000
B7: Professional Fee / Grant & Award | C7: 12000 | D7: =SUM(C48:INDEX(C48:N48,IndexMonth)) -> 0 | E7: 1800 | F7: =C7+E7+D7 -> 13800 | G7: =I7-H7 -> 0 | H7: =MIN(I7,MAX(0,E7-L7+I7)) -> 0 | I7: 0 | J7: =L7-K7 -> 0 | K7: =MIN(E7,L7) -> 0 | L7: =SUM(C28:INDEX(C28:N28,IndexMonth)) -> 0 | N7: =E7-K7 -> 1800 | P7: =MAX(0,SUM(C7:D7)-J7) -> 12000
B8: Supplies | C8: 4000 | D8: =SUM(C49:INDEX(C49:N49,IndexMonth)) -> 0 | E8: 1700 | F8: =C8+E8+D8 -> 5700 | G8: =I8-H8 -> 0 | H8: =MIN(I8,MAX(0,E8-L8+I8)) -> 0 | I8: 0 | J8: =L8-K8 -> 0 | K8: =MIN(E8,L8) -> 0 | L8: =SUM(C29:INDEX(C29:N29,IndexMonth)) -> 0 | N8: =E8-K8 -> 1700 | P8: =MAX(0,SUM(C8:D8)-J8) -> 4000
B9: Telephone | C9: 15000 | D9: =SUM(C50:INDEX(C50:N50,IndexMonth)) -> 0 | E9: 0 | F9: =C9+E9+D9 -> 15000 | G9: =I9-H9 -> 0 | H9: =MIN(I9,MAX(0,E9-L9+I9)) -> 0 | I9: 0 | J9: =L9-K9 -> 0 | K9: =MIN(E9,L9) -> 0 | L9: =SUM(C30:INDEX(C30:N30,IndexMonth)) -> 0 | N9: =E9-K9 -> 0 | P9: =MAX(0,SUM(C9:D9)-J9) -> 15000
B10: Postage & Shipping | C10: 7000 | D10: =SUM(C51:INDEX(C51:N51,IndexMonth)) -> 0 | E10: 1700 | F10: =C10+E10+D10 -> 8700 | G10: =I10-H10 -> 0 | H10: =MIN(I10,MAX(0,E10-L10+I10)) -> 0 | I10: 0 | J10: =L10-K10 -> 0 | K10: =MIN(E10,L10) -> 0 | L10: =SUM(C31:INDEX(C31:N31,IndexMonth)) -> 0 | N10: =E10-K10 -> 1700 | P10: =MAX(0,SUM(C10:D10)-J10) -> 7000
B11: Occupancy | C11: 11000 | D11: =SUM(C52:INDEX(C52:N52,IndexMonth)) -> 0 | E11: 0 | F11: =C11+E11+D11 -> 11000 | G11: =I11-H11 -> 0 | H11: =MIN(I11,MAX(0,E11-L11+I11)) -> 0 | I11: 0 | J11: =L11-K11 -> 0 | K11: =MIN(E11,L11) -> 0 | L11: =SUM(C32:INDEX(C32:N32,IndexMonth)) -> 0 | N11: =E11-K11 -> 0 | P11: =MAX(0,SUM(C11:D11)-J11) -> 11000
B12: Equipment Rental & Maintenance | C12: 11000 | D12: =SUM(C53:INDEX(C53:N53,IndexMonth)) -> 0 | E12: 0 | F12: =C12+E12+D12 -> 11000 | G12: =I12-H12 -> 0 | H12: =MIN(I12,MAX(0,E12-L12+I12)) -> 0 | I12: 0 | J12: =L12-K12 -> 0 | K12: =MIN(E12,L12) -> 0 | L12: =SUM(C33:INDEX(C33:N33,IndexMonth)) -> 0 | N12: =E12-K12 -> 0 | P12: =MAX(0,SUM(C12:D12)-J12) -> 11000
B13: Printing & Publications | C13: 13000 | D13: =SUM(C54:INDEX(C54:N54,IndexMonth)) -> 0 | E13: 2000 | F13: =C13+E13+D13 -> 15000 | G13: =I13-H13 -> 0 | H13: =MIN(I13,MAX(0,E13-L13+I13)) -> 0 | I13: 0 | J13: =L13-K13 -> 0 | K13: =MIN(E13,L13) -> 0 | L13: =SUM(C34:INDEX(C34:N34,IndexMonth)) -> 0 | N13: =E13-K13 -> 2000 | P13: =MAX(0,SUM(C13:D13)-J13) -> 13000
B14: Travel / Conferences & Meetings | C14: 12000 | D14: =SUM(C55:INDEX(C55:N55,IndexMonth)) -> 0 | E14: 1900 | F14: =C14+E14+D14 -> 13900 | G14: =I14-H14 -> 0 | H14: =MIN(I14,MAX(0,E14-L14+I14)) -> 0 | I14: 0 | J14: =L14-K14 -> 0 | K14: =MIN(E14,L14) -> 0 | L14: =SUM(C35:INDEX(C35:N35,IndexMonth)) -> 0 | N14: =E14-K14 -> 1900 | P14: =MAX(0,SUM(C14:D14)-J14) -> 12000
B15: Insurance | C15: 6000 | D15: =SUM(C56:INDEX(C56:N56,IndexMonth)) -> 0 | E15: 0 | F15: =C15+E15+D15 -> 6000 | G15: =I15-H15 -> 0 | H15: =MIN(I15,MAX(0,E15-L15+I15)) -> 0 | I15: 0 | J15: =L15-K15 -> 0 | K15: =MIN(E15,L15) -> 0 | L15: =SUM(C36:INDEX(C36:N36,IndexMonth)) -> 0 | N15: =E15-K15 -> 0 | P15: =MAX(0,SUM(C15:D15)-J15) -> 6000
B16: Specific Assistance to Individuals | C16: 4000 | D16: =SUM(C57:INDEX(C57:N57,IndexMonth)) -> 0 | E16: 1700 | F16: =C16+E16+D16 -> 5700 | G16: =I16-H16 -> 0 | H16: =MIN(I16,MAX(0,E16-L16+I16)) -> 0 | I16: 0 | J16: =L16-K16 -> 0 | K16: =MIN(E16,L16) -> 0 | L16: =SUM(C37:INDEX(C37:N37,IndexMonth)) -> 0 | N16: =E16-K16 -> 1700 | P16: =MAX(0,SUM(C16:D16)-J16) -> 4000
B17: Depreciation | C17: 13000 | D17: =SUM(C58:INDEX(C58:N58,IndexMonth)) -> 0 | E17: 2100 | F17: =C17+E17+D17 -> 15100 | G17: =I17-H17 -> 0 | H17: =MIN(I17,MAX(0,E17-L17+I17)) -> 0 | I17: 0 | J17: =L17-K17 -> 0 | K17: =MIN(E17,L17) -> 0 | L17: =SUM(C38:INDEX(C38:N38,IndexMonth)) -> 0 | N17: =E17-K17 -> 2100 | P17: =MAX(0,SUM(C17:D17)-J17) -> 13000
... B19: Indirect Cost / Adm. Exp. / M&G | C19: 2000 | D19: =SUM(C60:INDEX(C60:N60,IndexMonth)) -> 0 | E19: 0 | F19: =C19+E19+D19 -> 2000 | G19: =I19-H19 -> 0 | H19: =MIN(I19,MAX(0,E19-L19+I19)) -> 0 | I19: 0 | J19: =L19-K19 -> 0 | K19: =MIN(E19,L19) -> 0 | L19: =SUM(C40:INDEX(C40:N40,IndexMonth)) -> 0 | N19: =E19-K19 -> 0 | P19: =MAX(0,SUM(C19:D19)-J19) -> 2000
B20: Total | C20: =SUM(C5:C19) -> 131000 | D20: =SUM(D5:D19) -> 0 | E20: =SUM(E5:E19) -> 16900 | F20: =SUM(F5:F19) -> 147900 | G20: =SUM(G5:G19) -> 0 | H20: =SUM(H5:H19) -> 0 | I20: =SUM(I5:I19) -> 0 | J20: =SUM(J5:J19) -> 0 | ... L20: =SUM(L5:L19) -> 0 | N20: =SUM(N5:N19) -> 16900 | P20: =SUM(P5:P19) -> 131000
B24: Expenditures | C24: {=luDates} -> 43739 | D24: 43770 | E24: 43800 | F24: 43831 | G24: 43862 | H24: 43891 | I24: 43922 | J24: 43952 | K24: 43983 | L24: 44013 | M24: 44044 | N24: 44075 | P24: YTD Total
B26: {=Categories} -> Salaries | O26: =IFERROR((12*J5)/(IndexMonth*SUM(C5:D5)),0) -> 0 | P26: =SUM(C26:INDEX(C26:N26,IndexMonth)) -> 0
B27: Benefits & Taxes | O27: =IFERROR((12*J6)/(IndexMonth*SUM(C6:D6)),0) -> 0 | P27: =SUM(C27:INDEX(C27:N27,IndexMonth)) -> 0
B28: Professional Fee / Grant & Award | O28: =IFERROR((12*J7)/(IndexMonth*SUM(C7:D7)),0) -> 0 | P28: =SUM(C28:INDEX(C28:N28,IndexMonth)) -> 0
B29: Supplies | O29: =IFERROR((12*J8)/(IndexMonth*SUM(C8:D8)),0) -> 0 | P29: =SUM(C29:INDEX(C29:N29,IndexMonth)) -> 0
B30: Telephone | O30: =IFERROR((12*J9)/(IndexMonth*SUM(C9:D9)),0) -> 0 | P30: =SUM(C30:INDEX(C30:N30,IndexMonth)) -> 0
B31: Postage & Shipping | O31: =IFERROR((12*J10)/(IndexMonth*SUM(C10:D10)),0) -> 0 | P31: =SUM(C31:INDEX(C31:N31,IndexMonth)) -> 0
B32: Occupancy | O32: =IFERROR((12*J11)/(IndexMonth*SUM(C11:D11)),0) -> 0 | P32: =SUM(C32:INDEX(C32:N32,IndexMonth)) -> 0
B33: Equipment Rental & Maintenance | O33: =IFERROR((12*J12)/(IndexMonth*SUM(C12:D12)),0) -> 0 | P33: =SUM(C33:INDEX(C33:N33,IndexMonth)) -> 0
B34: Printing & Publications | O34: =IFERROR((12*J13)/(IndexMonth*SUM(C13:D13)),0) -> 0 | P34: =SUM(C34:INDEX(C34:N34,IndexMonth)) -> 0
B35: Travel / Conferences & Meetings | O35: =IFERROR((12*J14)/(IndexMonth*SUM(C14:D14)),0) -> 0 | P35: =SUM(C35:INDEX(C35:N35,IndexMonth)) -> 0
B36: Insurance | O36: =IFERROR((12*J15)/(IndexMonth*SUM(C15:D15)),0) -> 0 | P36: =SUM(C36:INDEX(C36:N36,IndexMonth)) -> 0
B37: Specific Assistance to Individuals | O37: =IFERROR((12*J16)/(IndexMonth*SUM(C16:D16)),0) -> 0 | P37: =SUM(C37:INDEX(C37:N37,IndexMonth)) -> 0
B38: Depreciation | O38: =IFERROR((12*J17)/(IndexMonth*SUM(C17:D17)),0) -> 0 | P38: =SUM(C38:INDEX(C38:N38,IndexMonth)) -> 0
... B40: Indirect Cost / Adm. Exp. / M&G | O40: =IFERROR((12*J19)/(IndexMonth*SUM(C19:D19)),0) -> 0 | P40: =SUM(C40:INDEX(C40:N40,IndexMonth)) -> 0
B41: Total | C41: =SUM(C26:C40) -> 0 | D41: =SUM(D26:D40) -> 0 | E41: =SUM(E26:E40) -> 0 | F41: =SUM(F26:F40) -> 0 | G41: =SUM(G26:G40) -> 0 | H41: =SUM(H26:H40) -> 0 | I41: =SUM(I26:I40) -> 0 | J41: =SUM(J26:J40) -> 0 | ... N41: =SUM(N26:N40) -> 0 | P41: =SUM(P26:P40) -> 0
C42: =IF(M43,">> Current trend of expenditures may exceed the allocated budget in certain categories. <<","") | M42: =M43*2 -> 0 | N42: =IF(M43, "may exceed 100% of budget","")
M43: =COUNTIF(O26:O40,">1") -> 0 | N43: =IF(M43,"may exceed 110% of budget","")
B44: Budget Modifications | C44: {=luDates} -> 43739 | D44: 43770 | E44: 43800 | F44: 43831 | G44: 43862 | H44: 43891 | I44: 43922 | J44: 43952 | K44: 43983 | L44: 44013 | M44: 44044 | N44: 44075 | P44: Total
B46: {=Categories} -> Salaries | P46: =SUM(C46:INDEX(C46:N46,IndexMonth)) -> 0
B47: Benefits & Taxes | P47: =SUM(C47:INDEX(C47:N47,IndexMonth)) -> 0
B48: Professional Fee / Grant & Award | P48: =SUM(C48:INDEX(C48:N48,IndexMonth)) -> 0
B49: Supplies | P49: =SUM(C49:INDEX(C49:N49,IndexMonth)) -> 0
B50: Telephone | P50: =SUM(C50:INDEX(C50:N50,IndexMonth)) -> 0
B51: Postage & Shipping | P51: =SUM(C51:INDEX(C51:N51,IndexMonth)) -> 0
B52: Occupancy | P52: =SUM(C52:INDEX(C52:N52,IndexMonth)) -> 0
B53: Equipment Rental & Maintenance | P53: =SUM(C53:INDEX(C53:N53,IndexMonth)) -> 0
B54: Printing & Publications | P54: =SUM(C54:INDEX(C54:N54,IndexMonth)) -> 0
B55: Travel / Conferences & Meetings | P55: =SUM(C55:INDEX(C55:N55,IndexMonth)) -> 0
B56: Insurance | P56: =SUM(C56:INDEX(C56:N56,IndexMonth)) -> 0
B57: Specific Assistance to Individuals | P57: =SUM(C57:INDEX(C57:N57,IndexMonth)) -> 0
B58: Depreciation | P58: =SUM(C58:INDEX(C58:N58,IndexMonth)) -> 0
... B60: Indirect Cost / Adm. Exp. / M&G | P60: =SUM(C60:INDEX(C60:N60,IndexMonth)) -> 0
B61: Total | C61: =SUM(C46:C60) -> 0 | D61: =SUM(D46:D60) -> 0 | E61: =SUM(E46:E60) -> 0 | F61: =SUM(F46:F60) -> 0 | G61: =SUM(G46:G60) -> 0 | H61: =SUM(H46:H60) -> 0 | I61: =SUM(I46:I60) -> 0 | J61: =SUM(J46:J60) -> 0 | ... N61: =SUM(N46:N60) -> 0 | P61: =SUM(P46:P60) -> 0
B64: ="Justification for "&INDEX(luMonths,IndexMonth)&" Budget Modification" -> Justification for October Budget Modification
B66: {=Categories} -> Salaries
B67: Benefits & Taxes
B68: Professional Fee / Grant & Award
B69: Supplies
B70: Telephone
B71: Postage & Shipping
B72: Occupancy
B73: Equipment Rental & Maintenance
B74: Printing & Publications
B75: Travel / Conferences & Meetings
B76: Insurance
B77: Specific Assistance to Individuals
B78: Depreciation
... B80: Indirect Cost / Adm. Exp. / M&G

Sheet Housing
A1: 4 | B1: =INDEX(Domains,A1,3) -> Housing
B3: Domain Summary | C3: Available Funding | G3: ="Monthly Expenditures - " & TEXT(InvoiceMonth,"mmmm yyyy") -> Monthly Expenditures - October 2019 | J3: Year to Date Expenditures | N3: Unused | P3: Next FFY
C4: Budget | D4: Modifications | E4: Carryover | F4: Total | G4: Current | H4: Carryover | I4: Combined | J4: Current | K4: Carryover | L4: Combined | N4: Carryover | P4: Carryover
B5: {=Categories} -> Salaries | C5: {=INDEX(budgetCurrent,,$A$1)} -> 0 | D5: =SUM(C46:INDEX(C46:N46,IndexMonth)) -> 0 | E5: {=INDEX(budgetRollover,,$A$1)} -> 700 | F5: =C5+E5+D5 -> 700 | G5: =I5-H5 -> 0 | H5: =MIN(I5,MAX(0,E5-L5+I5)) -> 0 | I5: {=INDEX(C26:N40,,IndexMonth)} -> 0 | J5: =L5-K5 -> 0 | K5: =MIN(E5,L5) -> 0 | L5: =SUM(C26:INDEX(C26:N26,IndexMonth)) -> 0 | N5: =E5-K5 -> 700 | P5: =MAX(0,SUM(C5:D5)-J5) -> 0
B6: Benefits & Taxes | C6: 6000 | D6: =SUM(C47:INDEX(C47:N47,IndexMonth)) -> 0 | E6: 2100 | F6: =C6+E6+D6 -> 8100 | G6: =I6-H6 -> 0 | H6: =MIN(I6,MAX(0,E6-L6+I6)) -> 0 | I6: 0 | J6: =L6-K6 -> 0 | K6: =MIN(E6,L6) -> 0 | L6: =SUM(C27:INDEX(C27:N27,IndexMonth)) -> 0 | N6: =E6-K6 -> 2100 | P6: =MAX(0,SUM(C6:D6)-J6) -> 6000
B7: Professional Fee / Grant & Award | C7: 3000 | D7: =SUM(C48:INDEX(C48:N48,IndexMonth)) -> 0 | E7: 500 | F7: =C7+E7+D7 -> 3500 | G7: =I7-H7 -> 0 | H7: =MIN(I7,MAX(0,E7-L7+I7)) -> 0 | I7: 0 | J7: =L7-K7 -> 0 | K7: =MIN(E7,L7) -> 0 | L7: =SUM(C28:INDEX(C28:N28,IndexMonth)) -> 0 | N7: =E7-K7 -> 500 | P7: =MAX(0,SUM(C7:D7)-J7) -> 3000
B8: Supplies | C8: 5000 | D8: =SUM(C49:INDEX(C49:N49,IndexMonth)) -> 0 | E8: 0 | F8: =C8+E8+D8 -> 5000 | G8: =I8-H8 -> 0 | H8: =MIN(I8,MAX(0,E8-L8+I8)) -> 0 | I8: 0 | J8: =L8-K8 -> 0 | K8: =MIN(E8,L8) -> 0 | L8: =SUM(C29:INDEX(C29:N29,IndexMonth)) -> 0 | N8: =E8-K8 -> 0 | P8: =MAX(0,SUM(C8:D8)-J8) -> 5000
B9: Telephone | C9: 12000 | D9: =SUM(C50:INDEX(C50:N50,IndexMonth)) -> 0 | E9: 1800 | F9: =C9+E9+D9 -> 13800 | G9: =I9-H9 -> 0 | H9: =MIN(I9,MAX(0,E9-L9+I9)) -> 0 | I9: 0 | J9: =L9-K9 -> 0 | K9: =MIN(E9,L9) -> 0 | L9: =SUM(C30:INDEX(C30:N30,IndexMonth)) -> 0 | N9: =E9-K9 -> 1800 | P9: =MAX(0,SUM(C9:D9)-J9) -> 12000
B10: Postage & Shipping | C10: 6000 | D10: =SUM(C51:INDEX(C51:N51,IndexMonth)) -> 0 | E10: 800 | F10: =C10+E10+D10 -> 6800 | G10: =I10-H10 -> 0 | H10: =MIN(I10,MAX(0,E10-L10+I10)) -> 0 | I10: 0 | J10: =L10-K10 -> 0 | K10: =MIN(E10,L10) -> 0 | L10: =SUM(C31:INDEX(C31:N31,IndexMonth)) -> 0 | N10: =E10-K10 -> 800 | P10: =MAX(0,SUM(C10:D10)-J10) -> 6000
B11: Occupancy | C11: 2000 | D11: =SUM(C52:INDEX(C52:N52,IndexMonth)) -> 0 | E11: 0 | F11: =C11+E11+D11 -> 2000 | G11: =I11-H11 -> 0 | H11: =MIN(I11,MAX(0,E11-L11+I11)) -> 0 | I11: 0 | J11: =L11-K11 -> 0 | K11: =MIN(E11,L11) -> 0 | L11: =SUM(C32:INDEX(C32:N32,IndexMonth)) -> 0 | N11: =E11-K11 -> 0 | P11: =MAX(0,SUM(C11:D11)-J11) -> 2000
B12: Equipment Rental & Maintenance | C12: 11000 | D12: =SUM(C53:INDEX(C53:N53,IndexMonth)) -> 0 | E12: 0 | F12: =C12+E12+D12 -> 11000 | G12: =I12-H12 -> 0 | H12: =MIN(I12,MAX(0,E12-L12+I12)) -> 0 | I12: 0 | J12: =L12-K12 -> 0 | K12: =MIN(E12,L12) -> 0 | L12: =SUM(C33:INDEX(C33:N33,IndexMonth)) -> 0 | N12: =E12-K12 -> 0 | P12: =MAX(0,SUM(C12:D12)-J12) -> 11000
B13: Printing & Publications | C13: 15000 | D13: =SUM(C54:INDEX(C54:N54,IndexMonth)) -> 0 | E13: 700 | F13: =C13+E13+D13 -> 15700 | G13: =I13-H13 -> 0 | H13: =MIN(I13,MAX(0,E13-L13+I13)) -> 0 | I13: 0 | J13: =L13-K13 -> 0 | K13: =MIN(E13,L13) -> 0 | L13: =SUM(C34:INDEX(C34:N34,IndexMonth)) -> 0 | N13: =E13-K13 -> 700 | P13: =MAX(0,SUM(C13:D13)-J13) -> 15000
B14: Travel / Conferences & Meetings | C14: 9000 | D14: =SUM(C55:INDEX(C55:N55,IndexMonth)) -> 0 | E14: 1800 | F14: =C14+E14+D14 -> 10800 | G14: =I14-H14 -> 0 | H14: =MIN(I14,MAX(0,E14-L14+I14)) -> 0 | I14: 0 | J14: =L14-K14 -> 0 | K14: =MIN(E14,L14) -> 0 | L14: =SUM(C35:INDEX(C35:N35,IndexMonth)) -> 0 | N14: =E14-K14 -> 1800 | P14: =MAX(0,SUM(C14:D14)-J14) -> 9000
B15: Insurance | C15: 9000 | D15: =SUM(C56:INDEX(C56:N56,IndexMonth)) -> 0 | E15: 0 | F15: =C15+E15+D15 -> 9000 | G15: =I15-H15 -> 0 | H15: =MIN(I15,MAX(0,E15-L15+I15)) -> 0 | I15: 0 | J15: =L15-K15 -> 0 | K15: =MIN(E15,L15) -> 0 | L15: =SUM(C36:INDEX(C36:N36,IndexMonth)) -> 0 | N15: =E15-K15 -> 0 | P15: =MAX(0,SUM(C15:D15)-J15) -> 9000
B16: Specific Assistance to Individuals | C16: 13000 | D16: =SUM(C57:INDEX(C57:N57,IndexMonth)) -> 0 | E16: 0 | F16: =C16+E16+D16 -> 13000 | G16: =I16-H16 -> 0 | H16: =MIN(I16,MAX(0,E16-L16+I16)) -> 0 | I16: 0 | J16: =L16-K16 -> 0 | K16: =MIN(E16,L16) -> 0 | L16: =SUM(C37:INDEX(C37:N37,IndexMonth)) -> 0 | N16: =E16-K16 -> 0 | P16: =MAX(0,SUM(C16:D16)-J16) -> 13000
B17: Depreciation | C17: 7000 | D17: =SUM(C58:INDEX(C58:N58,IndexMonth)) -> 0 | E17: 1300 | F17: =C17+E17+D17 -> 8300 | G17: =I17-H17 -> 0 | H17: =MIN(I17,MAX(0,E17-L17+I17)) -> 0 | I17: 0 | J17: =L17-K17 -> 0 | K17: =MIN(E17,L17) -> 0 | L17: =SUM(C38:INDEX(C38:N38,IndexMonth)) -> 0 | N17: =E17-K17 -> 1300 | P17: =MAX(0,SUM(C17:D17)-J17) -> 7000
... B19: Indirect Cost / Adm. Exp. / M&G | C19: 5000 | D19: =SUM(C60:INDEX(C60:N60,IndexMonth)) -> 0 | E19: 700 | F19: =C19+E19+D19 -> 5700 | G19: =I19-H19 -> 0 | H19: =MIN(I19,MAX(0,E19-L19+I19)) -> 0 | I19: 0 | J19: =L19-K19 -> 0 | K19: =MIN(E19,L19) -> 0 | L19: =SUM(C40:INDEX(C40:N40,IndexMonth)) -> 0 | N19: =E19-K19 -> 700 | P19: =MAX(0,SUM(C19:D19)-J19) -> 5000
B20: Total | C20: =SUM(C5:C19) -> 112000 | D20: =SUM(D5:D19) -> 0 | E20: =SUM(E5:E19) -> 11200 | F20: =SUM(F5:F19) -> 123200 | G20: =SUM(G5:G19) -> 0 | H20: =SUM(H5:H19) -> 0 | I20: =SUM(I5:I19) -> 0 | J20: =SUM(J5:J19) -> 0 | ... L20: =SUM(L5:L19) -> 0 | N20: =SUM(N5:N19) -> 11200 | P20: =SUM(P5:P19) -> 112000
B24: Expenditures | C24: {=luDates} -> 43739 | D24: 43770 | E24: 43800 | F24: 43831 | G24: 43862 | H24: 43891 | I24: 43922 | J24: 43952 | K24: 43983 | L24: 44013 | M24: 44044 | N24: 44075 | P24: YTD Total
B26: {=Categories} -> Salaries | O26: =IFERROR((12*J5)/(IndexMonth*SUM(C5:D5)),0) -> 0 | P26: =SUM(C26:INDEX(C26:N26,IndexMonth)) -> 0
B27: Benefits & Taxes | O27: =IFERROR((12*J6)/(IndexMonth*SUM(C6:D6)),0) -> 0 | P27: =SUM(C27:INDEX(C27:N27,IndexMonth)) -> 0
B28: Professional Fee / Grant & Award | O28: =IFERROR((12*J7)/(IndexMonth*SUM(C7:D7)),0) -> 0 | P28: =SUM(C28:INDEX(C28:N28,IndexMonth)) -> 0
B29: Supplies | O29: =IFERROR((12*J8)/(IndexMonth*SUM(C8:D8)),0) -> 0 | P29: =SUM(C29:INDEX(C29:N29,IndexMonth)) -> 0
B30: Telephone | O30: =IFERROR((12*J9)/(IndexMonth*SUM(C9:D9)),0) -> 0 | P30: =SUM(C30:INDEX(C30:N30,IndexMonth)) -> 0
B31: Postage & Shipping | O31: =IFERROR((12*J10)/(IndexMonth*SUM(C10:D10)),0) -> 0 | P31: =SUM(C31:INDEX(C31:N31,IndexMonth)) -> 0
B32: Occupancy | O32: =IFERROR((12*J11)/(IndexMonth*SUM(C11:D11)),0) -> 0 | P32: =SUM(C32:INDEX(C32:N32,IndexMonth)) -> 0
B33: Equipment Rental & Maintenance | O33: =IFERROR((12*J12)/(IndexMonth*SUM(C12:D12)),0) -> 0 | P33: =SUM(C33:INDEX(C33:N33,IndexMonth)) -> 0
B34: Printing & Publications | O34: =IFERROR((12*J13)/(IndexMonth*SUM(C13:D13)),0) -> 0 | P34: =SUM(C34:INDEX(C34:N34,IndexMonth)) -> 0
B35: Travel / Conferences & Meetings | O35: =IFERROR((12*J14)/(IndexMonth*SUM(C14:D14)),0) -> 0 | P35: =SUM(C35:INDEX(C35:N35,IndexMonth)) -> 0
B36: Insurance | O36: =IFERROR((12*J15)/(IndexMonth*SUM(C15:D15)),0) -> 0 | P36: =SUM(C36:INDEX(C36:N36,IndexMonth)) -> 0
B37: Specific Assistance to Individuals | O37: =IFERROR((12*J16)/(IndexMonth*SUM(C16:D16)),0) -> 0 | P37: =SUM(C37:INDEX(C37:N37,IndexMonth)) -> 0
B38: Depreciation | O38: =IFERROR((12*J17)/(IndexMonth*SUM(C17:D17)),0) -> 0 | P38: =SUM(C38:INDEX(C38:N38,IndexMonth)) -> 0
... B40: Indirect Cost / Adm. Exp. / M&G | O40: =IFERROR((12*J19)/(IndexMonth*SUM(C19:D19)),0) -> 0 | P40: =SUM(C40:INDEX(C40:N40,IndexMonth)) -> 0
B41: Total | C41: =SUM(C26:C40) -> 0 | D41: =SUM(D26:D40) -> 0 | E41: =SUM(E26:E40) -> 0 | F41: =SUM(F26:F40) -> 0 | G41: =SUM(G26:G40) -> 0 | H41: =SUM(H26:H40) -> 0 | I41: =SUM(I26:I40) -> 0 | J41: =SUM(J26:J40) -> 0 | ... N41: =SUM(N26:N40) -> 0 | P41: =SUM(P26:P40) -> 0
C42: =IF(M43,">> Current trend of expenditures may exceed the allocated budget in certain categories. <<","") | M42: =M43*2 -> 0 | N42: =IF(M43, "may exceed 100% of budget","")
M43: =COUNTIF(O26:O40,">1") -> 0 | N43: =IF(M43,"may exceed 110% of budget","")
B44: Budget Modifications | C44: {=luDates} -> 43739 | D44: 43770 | E44: 43800 | F44: 43831 | G44: 43862 | H44: 43891 | I44: 43922 | J44: 43952 | K44: 43983 | L44: 44013 | M44: 44044 | N44: 44075 | P44: Total
B46: {=Categories} -> Salaries | P46: =SUM(C46:INDEX(C46:N46,IndexMonth)) -> 0
B47: Benefits & Taxes | P47: =SUM(C47:INDEX(C47:N47,IndexMonth)) -> 0
B48: Professional Fee / Grant & Award | P48: =SUM(C48:INDEX(C48:N48,IndexMonth)) -> 0
B49: Supplies | P49: =SUM(C49:INDEX(C49:N49,IndexMonth)) -> 0
B50: Telephone | P50: =SUM(C50:INDEX(C50:N50,IndexMonth)) -> 0
B51: Postage & Shipping | P51: =SUM(C51:INDEX(C51:N51,IndexMonth)) -> 0
B52: Occupancy | P52: =SUM(C52:INDEX(C52:N52,IndexMonth)) -> 0
B53: Equipment Rental & Maintenance | P53: =SUM(C53:INDEX(C53:N53,IndexMonth)) -> 0
B54: Printing & Publications | P54: =SUM(C54:INDEX(C54:N54,IndexMonth)) -> 0
B55: Travel / Conferences & Meetings | P55: =SUM(C55:INDEX(C55:N55,IndexMonth)) -> 0
B56: Insurance | P56: =SUM(C56:INDEX(C56:N56,IndexMonth)) -> 0
B57: Specific Assistance to Individuals | P57: =SUM(C57:INDEX(C57:N57,IndexMonth)) -> 0
B58: Depreciation | P58: =SUM(C58:INDEX(C58:N58,IndexMonth)) -> 0
... B60: Indirect Cost / Adm. Exp. / M&G | P60: =SUM(C60:INDEX(C60:N60,IndexMonth)) -> 0
B61: Total | C61: =SUM(C46:C60) -> 0 | D61: =SUM(D46:D60) -> 0 | E61: =SUM(E46:E60) -> 0 | F61: =SUM(F46:F60) -> 0 | G61: =SUM(G46:G60) -> 0 | H61: =SUM(H46:H60) -> 0 | I61: =SUM(I46:I60) -> 0 | J61: =SUM(J46:J60) -> 0 | ... N61: =SUM(N46:N60) -> 0 | P61: =SUM(P46:P60) -> 0
B64: ="Justification for "&INDEX(luMonths,IndexMonth)&" Budget Modification" -> Justification for October Budget Modification
B66: {=Categories} -> Salaries
B67: Benefits & Taxes
B68: Professional Fee / Grant & Award
B69: Supplies
B70: Telephone
B71: Postage & Shipping
B72: Occupancy
B73: Equipment Rental & Maintenance
B74: Printing & Publications
B75: Travel / Conferences & Meetings
B76: Insurance
B77: Specific Assistance to Individuals
B78: Depreciation
... B80: Indirect Cost / Adm. Exp. / M&G

Sheet H and S BD
A1: 5 | B1: =INDEX(Domains,A1,3) -> Health and Social/Dehavioral Development (including nutrition)
B3: Domain Summary | C3: Available Funding | G3: ="Monthly Expenditures - " & TEXT(InvoiceMonth,"mmmm yyyy") -> Monthly Expenditures - October 2019 | J3: Year to Date Expenditures | N3: Unused | P3: Next FFY
C4: Budget | D4: Modifications | E4: Carryover | F4: Total | G4: Current | H4: Carryover | I4: Combined | J4: Current | K4: Carryover | L4: Combined | N4: Carryover | P4: Carryover
B5: {=Categories} -> Salaries | C5: {=INDEX(budgetCurrent,,$A$1)} -> 0 | D5: =SUM(C46:INDEX(C46:N46,IndexMonth)) -> 0 | E5: {=INDEX(budgetRollover,,$A$1)} -> 600 | F5: =C5+E5+D5 -> 600 | G5: =I5-H5 -> 0 | H5: =MIN(I5,MAX(0,E5-L5+I5)) -> 0 | I5: {=INDEX(C26:N40,,IndexMonth)} -> 0 | J5: =L5-K5 -> 0 | K5: =MIN(E5,L5) -> 0 | L5: =SUM(C26:INDEX(C26:N26,IndexMonth)) -> 0 | N5: =E5-K5 -> 600 | P5: =MAX(0,SUM(C5:D5)-J5) -> 0
B6: Benefits & Taxes | C6: 2000 | D6: =SUM(C47:INDEX(C47:N47,IndexMonth)) -> 0 | E6: 700 | F6: =C6+E6+D6 -> 2700 | G6: =I6-H6 -> 0 | H6: =MIN(I6,MAX(0,E6-L6+I6)) -> 0 | I6: 0 | J6: =L6-K6 -> 0 | K6: =MIN(E6,L6) -> 0 | L6: =SUM(C27:INDEX(C27:N27,IndexMonth)) -> 0 | N6: =E6-K6 -> 700 | P6: =MAX(0,SUM(C6:D6)-J6) -> 2000
B7: Professional Fee / Grant & Award | C7: 5000 | D7: =SUM(C48:INDEX(C48:N48,IndexMonth)) -> 0 | E7: 600 | F7: =C7+E7+D7 -> 5600 | G7: =I7-H7 -> 0 | H7: =MIN(I7,MAX(0,E7-L7+I7)) -> 0 | I7: 0 | J7: =L7-K7 -> 0 | K7: =MIN(E7,L7) -> 0 | L7: =SUM(C28:INDEX(C28:N28,IndexMonth)) -> 0 | N7: =E7-K7 -> 600 | P7: =MAX(0,SUM(C7:D7)-J7) -> 5000
B8: Supplies | C8: 12000 | D8: =SUM(C49:INDEX(C49:N49,IndexMonth)) -> 0 | E8: 1400 | F8: =C8+E8+D8 -> 13400 | G8: =I8-H8 -> 0 | H8: =MIN(I8,MAX(0,E8-L8+I8)) -> 0 | I8: 0 | J8: =L8-K8 -> 0 | K8: =MIN(E8,L8) -> 0 | L8: =SUM(C29:INDEX(C29:N29,IndexMonth)) -> 0 | N8: =E8-K8 -> 1400 | P8: =MAX(0,SUM(C8:D8)-J8) -> 12000
B9: Telephone | C9: 10000 | D9: =SUM(C50:INDEX(C50:N50,IndexMonth)) -> 0 | E9: 0 | F9: =C9+E9+D9 -> 10000 | G9: =I9-H9 -> 0 | H9: =MIN(I9,MAX(0,E9-L9+I9)) -> 0 | I9: 0 | J9: =L9-K9 -> 0 | K9: =MIN(E9,L9) -> 0 | L9: =SUM(C30:INDEX(C30:N30,IndexMonth)) -> 0 | N9: =E9-K9 -> 0 | P9: =MAX(0,SUM(C9:D9)-J9) -> 10000
B10: Postage & Shipping | C10: 8000 | D10: =SUM(C51:INDEX(C51:N51,IndexMonth)) -> 0 | E10: 0 | F10: =C10+E10+D10 -> 8000 | G10: =I10-H10 -> 0 | H10: =MIN(I10,MAX(0,E10-L10+I10)) -> 0 | I10: 0 | J10: =L10-K10 -> 0 | K10: =MIN(E10,L10) -> 0 | L10: =SUM(C31:INDEX(C31:N31,IndexMonth)) -> 0 | N10: =E10-K10 -> 0 | P10: =MAX(0,SUM(C10:D10)-J10) -> 8000
B11: Occupancy | C11: 12000 | D11: =SUM(C52:INDEX(C52:N52,IndexMonth)) -> 0 | E11: 1700 | F11: =C11+E11+D11 -> 13700 | G11: =I11-H11 -> 0 | H11: =MIN(I11,MAX(0,E11-L11+I11)) -> 0 | I11: 0 | J11: =L11-K11 -> 0 | K11: =MIN(E11,L11) -> 0 | L11: =SUM(C32:INDEX(C32:N32,IndexMonth)) -> 0 | N11: =E11-K11 -> 1700 | P11: =MAX(0,SUM(C11:D11)-J11) -> 12000
B12: Equipment Rental & Maintenance | C12: 11000 | D12: =SUM(C53:INDEX(C53:N53,IndexMonth)) -> 0 | E12: 2200 | F12: =C12+E12+D12 -> 13200 | G12: =I12-H12 -> 0 | H12: =MIN(I12,MAX(0,E12-L12+I12)) -> 0 | I12: 0 | J12: =L12-K12 -> 0 | K12: =MIN(E12,L12) -> 0 | L12: =SUM(C33:INDEX(C33:N33,IndexMonth)) -> 0 | N12: =E12-K12 -> 2200 | P12: =MAX(0,SUM(C12:D12)-J12) -> 11000
B13: Printing & Publications | C13: 14000 | D13: =SUM(C54:INDEX(C54:N54,IndexMonth)) -> 0 | E13: 0 | F13: =C13+E13+D13 -> 14000 | G13: =I13-H13 -> 0 | H13: =MIN(I13,MAX(0,E13-L13+I13)) -> 0 | I13: 0 | J13: =L13-K13 -> 0 | K13: =MIN(E13,L13) -> 0 | L13: =SUM(C34:INDEX(C34:N34,IndexMonth)) -> 0 | N13: =E13-K13 -> 0 | P13: =MAX(0,SUM(C13:D13)-J13) -> 14000
B14: Travel / Conferences & Meetings | C14: 3000 | D14: =SUM(C55:INDEX(C55:N55,IndexMonth)) -> 0 | E14: 0 | F14: =C14+E14+D14 -> 3000 | G14: =I14-H14 -> 0 | H14: =MIN(I14,MAX(0,E14-L14+I14)) -> 0 | I14: 0 | J14: =L14-K14 -> 0 | K14: =MIN(E14,L14) -> 0 | L14: =SUM(C35:INDEX(C35:N35,IndexMonth)) -> 0 | N14: =E14-K14 -> 0 | P14: =MAX(0,SUM(C14:D14)-J14) -> 3000
B15: Insurance | C15: 9000 | D15: =SUM(C56:INDEX(C56:N56,IndexMonth)) -> 0 | E15: 1100 | F15: =C15+E15+D15 -> 10100 | G15: =I15-H15 -> 0 | H15: =MIN(I15,MAX(0,E15-L15+I15)) -> 0 | I15: 0 | J15: =L15-K15 -> 0 | K15: =MIN(E15,L15) -> 0 | L15: =SUM(C36:INDEX(C36:N36,IndexMonth)) -> 0 | N15: =E15-K15 -> 1100 | P15: =MAX(0,SUM(C15:D15)-J15) -> 9000
B16: Specific Assistance to Individuals | C16: 11000 | D16: =SUM(C57:INDEX(C57:N57,IndexMonth)) -> 0 | E16: 0 | F16: =C16+E16+D16 -> 11000 | G16: =I16-H16 -> 0 | H16: =MIN(I16,MAX(0,E16-L16+I16)) -> 0 | I16: 0 | J16: =L16-K16 -> 0 | K16: =MIN(E16,L16) -> 0 | L16: =SUM(C37:INDEX(C37:N37,IndexMonth)) -> 0 | N16: =E16-K16 -> 0 | P16: =MAX(0,SUM(C16:D16)-J16) -> 11000
B17: Depreciation | C17: 12000 | D17: =SUM(C58:INDEX(C58:N58,IndexMonth)) -> 0 | E17: 0 | F17: =C17+E17+D17 -> 12000 | G17: =I17-H17 -> 0 | H17: =MIN(I17,MAX(0,E17-L17+I17)) -> 0 | I17: 0 | J17: =L17-K17 -> 0 | K17: =MIN(E17,L17) -> 0 | L17: =SUM(C38:INDEX(C38:N38,IndexMonth)) -> 0 | N17: =E17-K17 -> 0 | P17: =MAX(0,SUM(C17:D17)-J17) -> 12000
... B19: Indirect Cost / Adm. Exp. / M&G | C19: 12000 | D19: =SUM(C60:INDEX(C60:N60,IndexMonth)) -> 0 | E19: 800 | F19: =C19+E19+D19 -> 12800 | G19: =I19-H19 -> 0 | H19: =MIN(I19,MAX(0,E19-L19+I19)) -> 0 | I19: 0 | J19: =L19-K19 -> 0 | K19: =MIN(E19,L19) -> 0 | L19: =SUM(C40:INDEX(C40:N40,IndexMonth)) -> 0 | N19: =E19-K19 -> 800 | P19: =MAX(0,SUM(C19:D19)-J19) -> 12000
B20: Total | C20: =SUM(C5:C19) -> 136000 | D20: =SUM(D5:D19) -> 0 | E20: =SUM(E5:E19) -> 9100 | F20: =SUM(F5:F19) -> 145100 | G20: =SUM(G5:G19) -> 0 | H20: =SUM(H5:H19) -> 0 | I20: =SUM(I5:I19) -> 0 | J20: =SUM(J5:J19) -> 0 | ... L20: =SUM(L5:L19) -> 0 | N20: =SUM(N5:N19) -> 9100 | P20: =SUM(P5:P19) -> 136000
B24: Expenditures | C24: {=luDates} -> 43739 | D24: 43770 | E24: 43800 | F24: 43831 | G24: 43862 | H24: 43891 | I24: 43922 | J24: 43952 | K24: 43983 | L24: 44013 | M24: 44044 | N24: 44075 | P24: YTD Total
B26: {=Categories} -> Salaries | O26: =IFERROR((12*J5)/(IndexMonth*SUM(C5:D5)),0) -> 0 | P26: =SUM(C26:INDEX(C26:N26,IndexMonth)) -> 0
B27: Benefits & Taxes | O27: =IFERROR((12*J6)/(IndexMonth*SUM(C6:D6)),0) -> 0 | P27: =SUM(C27:INDEX(C27:N27,IndexMonth)) -> 0
B28: Professional Fee / Grant & Award | O28: =IFERROR((12*J7)/(IndexMonth*SUM(C7:D7)),0) -> 0 | P28: =SUM(C28:INDEX(C28:N28,IndexMonth)) -> 0
B29: Supplies | O29: =IFERROR((12*J8)/(IndexMonth*SUM(C8:D8)),0) -> 0 | P29: =SUM(C29:INDEX(C29:N29,IndexMonth)) -> 0
B30: Telephone | O30: =IFERROR((12*J9)/(IndexMonth*SUM(C9:D9)),0) -> 0 | P30: =SUM(C30:INDEX(C30:N30,IndexMonth)) -> 0
B31: Postage & Shipping | O31: =IFERROR((12*J10)/(IndexMonth*SUM(C10:D10)),0) -> 0 | P31: =SUM(C31:INDEX(C31:N31,IndexMonth)) -> 0
B32: Occupancy | O32: =IFERROR((12*J11)/(IndexMonth*SUM(C11:D11)),0) -> 0 | P32: =SUM(C32:INDEX(C32:N32,IndexMonth)) -> 0
B33: Equipment Rental & Maintenance | O33: =IFERROR((12*J12)/(IndexMonth*SUM(C12:D12)),0) -> 0 | P33: =SUM(C33:INDEX(C33:N33,IndexMonth)) -> 0
B34: Printing & Publications | O34: =IFERROR((12*J13)/(IndexMonth*SUM(C13:D13)),0) -> 0 | P34: =SUM(C34:INDEX(C34:N34,IndexMonth)) -> 0
B35: Travel / Conferences & Meetings | O35: =IFERROR((12*J14)/(IndexMonth*SUM(C14:D14)),0) -> 0 | P35: =SUM(C35:INDEX(C35:N35,IndexMonth)) -> 0
B36: Insurance | O36: =IFERROR((12*J15)/(IndexMonth*SUM(C15:D15)),0) -> 0 | P36: =SUM(C36:INDEX(C36:N36,IndexMonth)) -> 0
B37: Specific Assistance to Individuals | O37: =IFERROR((12*J16)/(IndexMonth*SUM(C16:D16)),0) -> 0 | P37: =SUM(C37:INDEX(C37:N37,IndexMonth)) -> 0
B38: Depreciation | O38: =IFERROR((12*J17)/(IndexMonth*SUM(C17:D17)),0) -> 0 | P38: =SUM(C38:INDEX(C38:N38,IndexMonth)) -> 0
... B40: Indirect Cost / Adm. Exp. / M&G | O40: =IFERROR((12*J19)/(IndexMonth*SUM(C19:D19)),0) -> 0 | P40: =SUM(C40:INDEX(C40:N40,IndexMonth)) -> 0
B41: Total | C41: =SUM(C26:C40) -> 0 | D41: =SUM(D26:D40) -> 0 | E41: =SUM(E26:E40) -> 0 | F41: =SUM(F26:F40) -> 0 | G41: =SUM(G26:G40) -> 0 | H41: =SUM(H26:H40) -> 0 | I41: =SUM(I26:I40) -> 0 | J41: =SUM(J26:J40) -> 0 | ... N41: =SUM(N26:N40) -> 0 | P41: =SUM(P26:P40) -> 0
C42: =IF(M43,">> Current trend of expenditures may exceed the allocated budget in certain categories. <<","") | M42: =M43*2 -> 0 | N42: =IF(M43, "may exceed 100% of budget","")
M43: =COUNTIF(O26:O40,">1") -> 0 | N43: =IF(M43,"may exceed 110% of budget","")
B44: Budget Modifications | C44: {=luDates} -> 43739 | D44: 43770 | E44: 43800 | F44: 43831 | G44: 43862 | H44: 43891 | I44: 43922 | J44: 43952 | K44: 43983 | L44: 44013 | M44: 44044 | N44: 44075 | P44: Total
B46: {=Categories} -> Salaries | P46: =SUM(C46:INDEX(C46:N46,IndexMonth)) -> 0
B47: Benefits & Taxes | P47: =SUM(C47:INDEX(C47:N47,IndexMonth)) -> 0
B48: Professional Fee / Grant & Award | P48: =SUM(C48:INDEX(C48:N48,IndexMonth)) -> 0
B49: Supplies | P49: =SUM(C49:INDEX(C49:N49,IndexMonth)) -> 0
B50: Telephone | P50: =SUM(C50:INDEX(C50:N50,IndexMonth)) -> 0
B51: Postage & Shipping | P51: =SUM(C51:INDEX(C51:N51,IndexMonth)) -> 0
B52: Occupancy | P52: =SUM(C52:INDEX(C52:N52,IndexMonth)) -> 0
B53: Equipment Rental & Maintenance | P53: =SUM(C53:INDEX(C53:N53,IndexMonth)) -> 0
B54: Printing & Publications | P54: =SUM(C54:INDEX(C54:N54,IndexMonth)) -> 0
B55: Travel / Conferences & Meetings | P55: =SUM(C55:INDEX(C55:N55,IndexMonth)) -> 0
B56: Insurance | P56: =SUM(C56:INDEX(C56:N56,IndexMonth)) -> 0
B57: Specific Assistance to Individuals | P57: =SUM(C57:INDEX(C57:N57,IndexMonth)) -> 0
B58: Depreciation | P58: =SUM(C58:INDEX(C58:N58,IndexMonth)) -> 0
... B60: Indirect Cost / Adm. Exp. / M&G | P60: =SUM(C60:INDEX(C60:N60,IndexMonth)) -> 0
B61: Total | C61: =SUM(C46:C60) -> 0 | D61: =SUM(D46:D60) -> 0 | E61: =SUM(E46:E60) -> 0 | F61: =SUM(F46:F60) -> 0 | G61: =SUM(G46:G60) -> 0 | H61: =SUM(H46:H60) -> 0 | I61: =SUM(I46:I60) -> 0 | J61: =SUM(J46:J60) -> 0 | ... N61: =SUM(N46:N60) -> 0 | P61: =SUM(P46:P60) -> 0
B64: ="Justification for "&INDEX(luMonths,IndexMonth)&" Budget Modification" -> Justification for October Budget Modification
B66: {=Categories} -> Salaries
B67: Benefits & Taxes
B68: Professional Fee / Grant & Award
B69: Supplies
B70: Telephone
B71: Postage & Shipping
B72: Occupancy
B73: Equipment Rental & Maintenance
B74: Printing & Publications
B75: Travel / Conferences & Meetings
B76: Insurance
B77: Specific Assistance to Individuals
B78: Depreciation
... B80: Indirect Cost / Adm. Exp. / M&G

Sheet CE and CI
A1: 6 | B1: =INDEX(Domains,A1,3) -> Civic Engagements and Community Involvement
B3: Domain Summary | C3: Available Funding | G3: ="Monthly Expenditures - " & TEXT(InvoiceMonth,"mmmm yyyy") -> Monthly Expenditures - October 2019 | J3: Year to Date Expenditures | N3: Unused | P3: Next FFY
C4: Budget | D4: Modifications | E4: Carryover | F4: Total | G4: Current | H4: Carryover | I4: Combined | J4: Current | K4: Carryover | L4: Combined | N4: Carryover | P4: Carryover
B5: {=Categories} -> Salaries | C5: {=INDEX(budgetCurrent,,$A$1)} -> 0 | D5: =SUM(C46:INDEX(C46:N46,IndexMonth)) -> 0 | E5: {=INDEX(budgetRollover,,$A$1)} -> 2000 | F5: =C5+E5+D5 -> 2000 | G5: =I5-H5 -> 0 | H5: =MIN(I5,MAX(0,E5-L5+I5)) -> 0 | I5: {=INDEX(C26:N40,,IndexMonth)} -> 0 | J5: =L5-K5 -> 0 | K5: =MIN(E5,L5) -> 0 | L5: =SUM(C26:INDEX(C26:N26,IndexMonth)) -> 0 | N5: =E5-K5 -> 2000 | P5: =MAX(0,SUM(C5:D5)-J5) -> 0
B6: Benefits & Taxes | C6: 0 | D6: =SUM(C47:INDEX(C47:N47,IndexMonth)) -> 0 | E6: 0 | F6: =C6+E6+D6 -> 0 | G6: =I6-H6 -> 0 | H6: =MIN(I6,MAX(0,E6-L6+I6)) -> 0 | I6: 0 | J6: =L6-K6 -> 0 | K6: =MIN(E6,L6) -> 0 | L6: =SUM(C27:INDEX(C27:N27,IndexMonth)) -> 0 | N6: =E6-K6 -> 0 | P6: =MAX(0,SUM(C6:D6)-J6) -> 0
B7: Professional Fee / Grant & Award | C7: 0 | D7: =SUM(C48:INDEX(C48:N48,IndexMonth)) -> 0 | E7: 1700 | F7: =C7+E7+D7 -> 1700 | G7: =I7-H7 -> 0 | H7: =MIN(I7,MAX(0,E7-L7+I7)) -> 0 | I7: 0 | J7: =L7-K7 -> 0 | K7: =MIN(E7,L7) -> 0 | L7: =SUM(C28:INDEX(C28:N28,IndexMonth)) -> 0 | N7: =E7-K7 -> 1700 | P7: =MAX(0,SUM(C7:D7)-J7) -> 0
B8: Supplies | C8: 0 | D8: =SUM(C49:INDEX(C49:N49,IndexMonth)) -> 0 | E8: 0 | F8: =C8+E8+D8 -> 0 | G8: =I8-H8 -> 0 | H8: =MIN(I8,MAX(0,E8-L8+I8)) -> 0 | I8: 0 | J8: =L8-K8 -> 0 | K8: =MIN(E8,L8) -> 0 | L8: =SUM(C29:INDEX(C29:N29,IndexMonth)) -> 0 | N8: =E8-K8 -> 0 | P8: =MAX(0,SUM(C8:D8)-J8) -> 0
B9: Telephone | C9: 0 | D9: =SUM(C50:INDEX(C50:N50,IndexMonth)) -> 0 | E9: 1200 | F9: =C9+E9+D9 -> 1200 | G9: =I9-H9 -> 0 | H9: =MIN(I9,MAX(0,E9-L9+I9)) -> 0 | I9: 0 | J9: =L9-K9 -> 0 | K9: =MIN(E9,L9) -> 0 | L9: =SUM(C30:INDEX(C30:N30,IndexMonth)) -> 0 | N9: =E9-K9 -> 1200 | P9: =MAX(0,SUM(C9:D9)-J9) -> 0
B10: Postage & Shipping | C10: 0 | D10: =SUM(C51:INDEX(C51:N51,IndexMonth)) -> 0 | E10: 1000 | F10: =C10+E10+D10 -> 1000 | G10: =I10-H10 -> 0 | H10: =MIN(I10,MAX(0,E10-L10+I10)) -> 0 | I10: 0 | J10: =L10-K10 -> 0 | K10: =MIN(E10,L10) -> 0 | L10: =SUM(C31:INDEX(C31:N31,IndexMonth)) -> 0 | N10: =E10-K10 -> 1000 | P10: =MAX(0,SUM(C10:D10)-J10) -> 0
B11: Occupancy | C11: 0 | D11: =SUM(C52:INDEX(C52:N52,IndexMonth)) -> 0 | E11: 1800 | F11: =C11+E11+D11 -> 1800 | G11: =I11-H11 -> 0 | H11: =MIN(I11,MAX(0,E11-L11+I11)) -> 0 | I11: 0 | J11: =L11-K11 -> 0 | K11: =MIN(E11,L11) -> 0 | L11: =SUM(C32:INDEX(C32:N32,IndexMonth)) -> 0 | N11: =E11-K11 -> 1800 | P11: =MAX(0,SUM(C11:D11)-J11) -> 0
B12: Equipment Rental & Maintenance | C12: 0 | D12: =SUM(C53:INDEX(C53:N53,IndexMonth)) -> 0 | E12: 800 | F12: =C12+E12+D12 -> 800 | G12: =I12-H12 -> 0 | H12: =MIN(I12,MAX(0,E12-L12+I12)) -> 0 | I12: 0 | J12: =L12-K12 -> 0 | K12: =MIN(E12,L12) -> 0 | L12: =SUM(C33:INDEX(C33:N33,IndexMonth)) -> 0 | N12: =E12-K12 -> 800 | P12: =MAX(0,SUM(C12:D12)-J12) -> 0
B13: Printing & Publications | C13: 0 | D13: =SUM(C54:INDEX(C54:N54,IndexMonth)) -> 0 | E13: 1200 | F13: =C13+E13+D13 -> 1200 | G13: =I13-H13 -> 0 | H13: =MIN(I13,MAX(0,E13-L13+I13)) -> 0 | I13: 0 | J13: =L13-K13 -> 0 | K13: =MIN(E13,L13) -> 0 | L13: =SUM(C34:INDEX(C34:N34,IndexMonth)) -> 0 | N13: =E13-K13 -> 1200 | P13: =MAX(0,SUM(C13:D13)-J13) -> 0
B14: Travel / Conferences & Meetings | C14: 0 | D14: =SUM(C55:INDEX(C55:N55,IndexMonth)) -> 0 | E14: 0 | F14: =C14+E14+D14 -> 0 | G14: =I14-H14 -> 0 | H14: =MIN(I14,MAX(0,E14-L14+I14)) -> 0 | I14: 0 | J14: =L14-K14 -> 0 | K14: =MIN(E14,L14) -> 0 | L14: =SUM(C35:INDEX(C35:N35,IndexMonth)) -> 0 | N14: =E14-K14 -> 0 | P14: =MAX(0,SUM(C14:D14)-J14) -> 0
B15: Insurance | C15: 0 | D15: =SUM(C56:INDEX(C56:N56,IndexMonth)) -> 0 | E15: 1600 | F15: =C15+E15+D15 -> 1600 | G15: =I15-H15 -> 0 | H15: =MIN(I15,MAX(0,E15-L15+I15)) -> 0 | I15: 0 | J15: =L15-K15 -> 0 | K15: =MIN(E15,L15) -> 0 | L15: =SUM(C36:INDEX(C36:N36,IndexMonth)) -> 0 | N15: =E15-K15 -> 1600 | P15: =MAX(0,SUM(C15:D15)-J15) -> 0
B16: Specific Assistance to Individuals | C16: 0 | D16: =SUM(C57:INDEX(C57:N57,IndexMonth)) -> 0 | E16: 2200 | F16: =C16+E16+D16 -> 2200 | G16: =I16-H16 -> 0 | H16: =MIN(I16,MAX(0,E16-L16+I16)) -> 0 | I16: 0 | J16: =L16-K16 -> 0 | K16: =MIN(E16,L16) -> 0 | L16: =SUM(C37:INDEX(C37:N37,IndexMonth)) -> 0 | N16: =E16-K16 -> 2200 | P16: =MAX(0,SUM(C16:D16)-J16) -> 0
B17: Depreciation | C17: 0 | D17: =SUM(C58:INDEX(C58:N58,IndexMonth)) -> 0 | E17: 2500 | F17: =C17+E17+D17 -> 2500 | G17: =I17-H17 -> 0 | H17: =MIN(I17,MAX(0,E17-L17+I17)) -> 0 | I17: 0 | J17: =L17-K17 -> 0 | K17: =MIN(E17,L17) -> 0 | L17: =SUM(C38:INDEX(C38:N38,IndexMonth)) -> 0 | N17: =E17-K17 -> 2500 | P17: =MAX(0,SUM(C17:D17)-J17) -> 0
... B19: Indirect Cost / Adm. Exp. / M&G | C19: 0 | D19: =SUM(C60:INDEX(C60:N60,IndexMonth)) -> 0 | E19: 1500 | F19: =C19+E19+D19 -> 1500 | G19: =I19-H19 -> 0 | H19: =MIN(I19,MAX(0,E19-L19+I19)) -> 0 | I19: 0 | J19: =L19-K19 -> 0 | K19: =MIN(E19,L19) -> 0 | L19: =SUM(C40:INDEX(C40:N40,IndexMonth)) -> 0 | N19: =E19-K19 -> 1500 | P19: =MAX(0,SUM(C19:D19)-J19) -> 0
B20: Total | C20: =SUM(C5:C19) -> 0 | D20: =SUM(D5:D19) -> 0 | E20: =SUM(E5:E19) -> 18000 | F20: =SUM(F5:F19) -> 18000 | G20: =SUM(G5:G19) -> 0 | H20: =SUM(H5:H19) -> 0 | I20: =SUM(I5:I19) -> 0 | J20: =SUM(J5:J19) -> 0 | ... L20: =SUM(L5:L19) -> 0 | N20: =SUM(N5:N19) -> 18000 | P20: =SUM(P5:P19) -> 0
B24: Expenditures | C24: {=luDates} -> 43739 | D24: 43770 | E24: 43800 | F24: 43831 | G24: 43862 | H24: 43891 | I24: 43922 | J24: 43952 | K24: 43983 | L24: 44013 | M24: 44044 | N24: 44075 | P24: YTD Total
B26: {=Categories} -> Salaries | O26: =IFERROR((12*J5)/(IndexMonth*SUM(C5:D5)),0) -> 0 | P26: =SUM(C26:INDEX(C26:N26,IndexMonth)) -> 0
B27: Benefits & Taxes | O27: =IFERROR((12*J6)/(IndexMonth*SUM(C6:D6)),0) -> 0 | P27: =SUM(C27:INDEX(C27:N27,IndexMonth)) -> 0
B28: Professional Fee / Grant & Award | O28: =IFERROR((12*J7)/(IndexMonth*SUM(C7:D7)),0) -> 0 | P28: =SUM(C28:INDEX(C28:N28,IndexMonth)) -> 0
B29: Supplies | O29: =IFERROR((12*J8)/(IndexMonth*SUM(C8:D8)),0) -> 0 | P29: =SUM(C29:INDEX(C29:N29,IndexMonth)) -> 0
B30: Telephone | O30: =IFERROR((12*J9)/(IndexMonth*SUM(C9:D9)),0) -> 0 | P30: =SUM(C30:INDEX(C30:N30,IndexMonth)) -> 0
B31: Postage & Shipping | O31: =IFERROR((12*J10)/(IndexMonth*SUM(C10:D10)),0) -> 0 | P31: =SUM(C31:INDEX(C31:N31,IndexMonth)) -> 0
B32: Occupancy | O32: =IFERROR((12*J11)/(IndexMonth*SUM(C11:D11)),0) -> 0 | P32: =SUM(C32:INDEX(C32:N32,IndexMonth)) -> 0
B33: Equipment Rental & Maintenance | O33: =IFERROR((12*J12)/(IndexMonth*SUM(C12:D12)),0) -> 0 | P33: =SUM(C33:INDEX(C33:N33,IndexMonth)) -> 0
B34: Printing & Publications | O34: =IFERROR((12*J13)/(IndexMonth*SUM(C13:D13)),0) -> 0 | P34: =SUM(C34:INDEX(C34:N34,IndexMonth)) -> 0
B35: Travel / Conferences & Meetings | O35: =IFERROR((12*J14)/(IndexMonth*SUM(C14:D14)),0) -> 0 | P35: =SUM(C35:INDEX(C35:N35,IndexMonth)) -> 0
B36: Insurance | O36: =IFERROR((12*J15)/(IndexMonth*SUM(C15:D15)),0) -> 0 | P36: =SUM(C36:INDEX(C36:N36,IndexMonth)) -> 0
B37: Specific Assistance to Individuals | O37: =IFERROR((12*J16)/(IndexMonth*SUM(C16:D16)),0) -> 0 | P37: =SUM(C37:INDEX(C37:N37,IndexMonth)) -> 0
B38: Depreciation | O38: =IFERROR((12*J17)/(IndexMonth*SUM(C17:D17)),0) -> 0 | P38: =SUM(C38:INDEX(C38:N38,IndexMonth)) -> 0
... B40: Indirect Cost / Adm. Exp. / M&G | O40: =IFERROR((12*J19)/(IndexMonth*SUM(C19:D19)),0) -> 0 | P40: =SUM(C40:INDEX(C40:N40,IndexMonth)) -> 0
B41: Total | C41: =SUM(C26:C40) -> 0 | D41: =SUM(D26:D40) -> 0 | E41: =SUM(E26:E40) -> 0 | F41: =SUM(F26:F40) -> 0 | G41: =SUM(G26:G40) -> 0 | H41: =SUM(H26:H40) -> 0 | I41: =SUM(I26:I40) -> 0 | J41: =SUM(J26:J40) -> 0 | ... N41: =SUM(N26:N40) -> 0 | P41: =SUM(P26:P40) -> 0
C42: =IF(M43,">> Current trend of expenditures may exceed the allocated budget in certain categories. <<","") | M42: =M43*2 -> 0 | N42: =IF(M43, "may exceed 100% of budget","")
M43: =COUNTIF(O26:O40,">1") -> 0 | N43: =IF(M43,"may exceed 110% of budget","")
B44: Budget Modifications | C44: {=luDates} -> 43739 | D44: 43770 | E44: 43800 | F44: 43831 | G44: 43862 | H44: 43891 | I44: 43922 | J44: 43952 | K44: 43983 | L44: 44013 | M44: 44044 | N44: 44075 | P44: Total
B46: {=Categories} -> Salaries | P46: =SUM(C46:INDEX(C46:N46,IndexMonth)) -> 0
B47: Benefits & Taxes | P47: =SUM(C47:INDEX(C47:N47,IndexMonth)) -> 0
B48: Professional Fee / Grant & Award | P48: =SUM(C48:INDEX(C48:N48,IndexMonth)) -> 0
B49: Supplies | P49: =SUM(C49:INDEX(C49:N49,IndexMonth)) -> 0
B50: Telephone | P50: =SUM(C50:INDEX(C50:N50,IndexMonth)) -> 0
B51: Postage & Shipping | P51: =SUM(C51:INDEX(C51:N51,IndexMonth)) -> 0
B52: Occupancy | P52: =SUM(C52:INDEX(C52:N52,IndexMonth)) -> 0
B53: Equipment Rental & Maintenance | P53: =SUM(C53:INDEX(C53:N53,IndexMonth)) -> 0
B54: Printing & Publications | P54: =SUM(C54:INDEX(C54:N54,IndexMonth)) -> 0
B55: Travel / Conferences & Meetings | P55: =SUM(C55:INDEX(C55:N55,IndexMonth)) -> 0
B56: Insurance | P56: =SUM(C56:INDEX(C56:N56,IndexMonth)) -> 0
B57: Specific Assistance to Individuals | P57: =SUM(C57:INDEX(C57:N57,IndexMonth)) -> 0
B58: Depreciation | P58: =SUM(C58:INDEX(C58:N58,IndexMonth)) -> 0
... B60: Indirect Cost / Adm. Exp. / M&G | P60: =SUM(C60:INDEX(C60:N60,IndexMonth)) -> 0
B61: Total | C61: =SUM(C46:C60) -> 0 | D61: =SUM(D46:D60) -> 0 | E61: =SUM(E46:E60) -> 0 | F61: =SUM(F46:F60) -> 0 | G61: =SUM(G46:G60) -> 0 | H61: =SUM(H46:H60) -> 0 | I61: =SUM(I46:I60) -> 0 | J61: =SUM(J46:J60) -> 0 | ... N61: =SUM(N46:N60) -> 0 | P61: =SUM(P46:P60) -> 0
B64: ="Justification for "&INDEX(luMonths,IndexMonth)&" Budget Modification" -> Justification for October Budget Modification
B66: {=Categories} -> Salaries
B67: Benefits & Taxes
B68: Professional Fee / Grant & Award
B69: Supplies
B70: Telephone
B71: Postage & Shipping
B72: Occupancy
B73: Equipment Rental & Maintenance
B74: Printing & Publications
B75: Travel / Conferences & Meetings
B76: Insurance
B77: Specific Assistance to Individuals
B78: Depreciation
... B80: Indirect Cost / Adm. Exp. / M&G

Sheet SSMD
A1: 7 | B1: =INDEX(Domains,A1,3) -> Services Supporting Multiple Domains
B3: Domain Summary | C3: Available Funding | G3: ="Monthly Expenditures - " & TEXT(InvoiceMonth,"mmmm yyyy") -> Monthly Expenditures - October 2019 | J3: Year to Date Expenditures | N3: Unused | P3: Next FFY
C4: Budget | D4: Modifications | E4: Carryover | F4: Total | G4: Current | H4: Carryover | I4: Combined | J4: Current | K4: Carryover | L4: Combined | N4: Carryover | P4: Carryover
B5: {=Categories} -> Salaries | C5: {=INDEX(budgetCurrent,,$A$1)} -> 0 | D5: =SUM(C46:INDEX(C46:N46,IndexMonth)) -> 0 | E5: {=INDEX(budgetRollover,,$A$1)} -> 1800 | F5: =C5+E5+D5 -> 1800 | G5: =I5-H5 -> 0 | H5: =MIN(I5,MAX(0,E5-L5+I5)) -> 0 | I5: {=INDEX(C26:N40,,IndexMonth)} -> 0 | J5: =L5-K5 -> 0 | K5: =MIN(E5,L5) -> 0 | L5: =SUM(C26:INDEX(C26:N26,IndexMonth)) -> 0 | N5: =E5-K5 -> 1800 | P5: =MAX(0,SUM(C5:D5)-J5) -> 0
B6: Benefits & Taxes | C6: 6000 | D6: =SUM(C47:INDEX(C47:N47,IndexMonth)) -> 0 | E6: 500 | F6: =C6+E6+D6 -> 6500 | G6: =I6-H6 -> 0 | H6: =MIN(I6,MAX(0,E6-L6+I6)) -> 0 | I6: 0 | J6: =L6-K6 -> 0 | K6: =MIN(E6,L6) -> 0 | L6: =SUM(C27:INDEX(C27:N27,IndexMonth)) -> 0 | N6: =E6-K6 -> 500 | P6: =MAX(0,SUM(C6:D6)-J6) -> 6000
B7: Professional Fee / Grant & Award | C7: 9000 | D7: =SUM(C48:INDEX(C48:N48,IndexMonth)) -> 0 | E7: 1400 | F7: =C7+E7+D7 -> 10400 | G7: =I7-H7 -> 0 | H7: =MIN(I7,MAX(0,E7-L7+I7)) -> 0 | I7: 0 | J7: =L7-K7 -> 0 | K7: =MIN(E7,L7) -> 0 | L7: =SUM(C28:INDEX(C28:N28,IndexMonth)) -> 0 | N7: =E7-K7 -> 1400 | P7: =MAX(0,SUM(C7:D7)-J7) -> 9000
B8: Supplies | C8: 8000 | D8: =SUM(C49:INDEX(C49:N49,IndexMonth)) -> 0 | E8: 0 | F8: =C8+E8+D8 -> 8000 | G8: =I8-H8 -> 0 | H8: =MIN(I8,MAX(0,E8-L8+I8)) -> 0 | I8: 0 | J8: =L8-K8 -> 0 | K8: =MIN(E8,L8) -> 0 | L8: =SUM(C29:INDEX(C29:N29,IndexMonth)) -> 0 | N8: =E8-K8 -> 0 | P8: =MAX(0,SUM(C8:D8)-J8) -> 8000
B9: Telephone | C9: 15000 | D9: =SUM(C50:INDEX(C50:N50,IndexMonth)) -> 0 | E9: 1000 | F9: =C9+E9+D9 -> 16000 | G9: =I9-H9 -> 0 | H9: =MIN(I9,MAX(0,E9-L9+I9)) -> 0 | I9: 0 | J9: =L9-K9 -> 0 | K9: =MIN(E9,L9) -> 0 | L9: =SUM(C30:INDEX(C30:N30,IndexMonth)) -> 0 | N9: =E9-K9 -> 1000 | P9: =MAX(0,SUM(C9:D9)-J9) -> 15000
B10: Postage & Shipping | C10: 9000 | D10: =SUM(C51:INDEX(C51:N51,IndexMonth)) -> 0 | E10: 700 | F10: =C10+E10+D10 -> 9700 | G10: =I10-H10 -> 0 | H10: =MIN(I10,MAX(0,E10-L10+I10)) -> 0 | I10: 0 | J10: =L10-K10 -> 0 | K10: =MIN(E10,L10) -> 0 | L10: =SUM(C31:INDEX(C31:N31,IndexMonth)) -> 0 | N10: =E10-K10 -> 700 | P10: =MAX(0,SUM(C10:D10)-J10) -> 9000
B11: Occupancy | C11: 14000 | D11: =SUM(C52:INDEX(C52:N52,IndexMonth)) -> 0 | E11: 500 | F11: =C11+E11+D11 -> 14500 | G11: =I11-H11 -> 0 | H11: =MIN(I11,MAX(0,E11-L11+I11)) -> 0 | I11: 0 | J11: =L11-K11 -> 0 | K11: =MIN(E11,L11) -> 0 | L11: =SUM(C32:INDEX(C32:N32,IndexMonth)) -> 0 | N11: =E11-K11 -> 500 | P11: =MAX(0,SUM(C11:D11)-J11) -> 14000
B12: Equipment Rental & Maintenance | C12: 13000 | D12: =SUM(C53:INDEX(C53:N53,IndexMonth)) -> 0 | E12: 2100 | F12: =C12+E12+D12 -> 15100 | G12: =I12-H12 -> 0 | H12: =MIN(I12,MAX(0,E12-L12+I12)) -> 0 | I12: 0 | J12: =L12-K12 -> 0 | K12: =MIN(E12,L12) -> 0 | L12: =SUM(C33:INDEX(C33:N33,IndexMonth)) -> 0 | N12: =E12-K12 -> 2100 | P12: =MAX(0,SUM(C12:D12)-J12) -> 13000
B13: Printing & Publications | C13: 12000 | D13: =SUM(C54:INDEX(C54:N54,IndexMonth)) -> 0 | E13: 1900 | F13: =C13+E13+D13 -> 13900 | G13: =I13-H13 -> 0 | H13: =MIN(I13,MAX(0,E13-L13+I13)) -> 0 | I13: 0 | J13: =L13-K13 -> 0 | K13: =MIN(E13,L13) -> 0 | L13: =SUM(C34:INDEX(C34:N34,IndexMonth)) -> 0 | N13: =E13-K13 -> 1900 | P13: =MAX(0,SUM(C13:D13)-J13) -> 12000
B14: Travel / Conferences & Meetings | C14: 5000 | D14: =SUM(C55:INDEX(C55:N55,IndexMonth)) -> 0 | E14: 800 | F14: =C14+E14+D14 -> 5800 | G14: =I14-H14 -> 0 | H14: =MIN(I14,MAX(0,E14-L14+I14)) -> 0 | I14: 0 | J14: =L14-K14 -> 0 | K14: =MIN(E14,L14) -> 0 | L14: =SUM(C35:INDEX(C35:N35,IndexMonth)) -> 0 | N14: =E14-K14 -> 800 | P14: =MAX(0,SUM(C14:D14)-J14) -> 5000
B15: Insurance | C15: 7000 | D15: =SUM(C56:INDEX(C56:N56,IndexMonth)) -> 0 | E15: 1600 | F15: =C15+E15+D15 -> 8600 | G15: =I15-H15 -> 0 | H15: =MIN(I15,MAX(0,E15-L15+I15)) -> 0 | I15: 0 | J15: =L15-K15 -> 0 | K15: =MIN(E15,L15) -> 0 | L15: =SUM(C36:INDEX(C36:N36,IndexMonth)) -> 0 | N15: =E15-K15 -> 1600 | P15: =MAX(0,SUM(C15:D15)-J15) -> 7000
B16: Specific Assistance to Individuals | C16: 2000 | D16: =SUM(C57:INDEX(C57:N57,IndexMonth)) -> 0 | E16: 1200 | F16: =C16+E16+D16 -> 3200 | G16: =I16-H16 -> 0 | H16: =MIN(I16,MAX(0,E16-L16+I16)) -> 0 | I16: 0 | J16: =L16-K16 -> 0 | K16: =MIN(E16,L16) -> 0 | L16: =SUM(C37:INDEX(C37:N37,IndexMonth)) -> 0 | N16: =E16-K16 -> 1200 | P16: =MAX(0,SUM(C16:D16)-J16) -> 2000
B17: Depreciation | C17: 10000 | D17: =SUM(C58:INDEX(C58:N58,IndexMonth)) -> 0 | E17: 900 | F17: =C17+E17+D17 -> 10900 | G17: =I17-H17 -> 0 | H17: =MIN(I17,MAX(0,E17-L17+I17)) -> 0 | I17: 0 | J17: =L17-K17 -> 0 | K17: =MIN(E17,L17) -> 0 | L17: =SUM(C38:INDEX(C38:N38,IndexMonth)) -> 0 | N17: =E17-K17 -> 900 | P17: =MAX(0,SUM(C17:D17)-J17) -> 10000
... B19: Indirect Cost / Adm. Exp. / M&G | C19: 9000 | D19: =SUM(C60:INDEX(C60:N60,IndexMonth)) -> 0 | E19: 1300 | F19: =C19+E19+D19 -> 10300 | G19: =I19-H19 -> 0 | H19: =MIN(I19,MAX(0,E19-L19+I19)) -> 0 | I19: 0 | J19: =L19-K19 -> 0 | K19: =MIN(E19,L19) -> 0 | L19: =SUM(C40:INDEX(C40:N40,IndexMonth)) -> 0 | N19: =E19-K19 -> 1300 | P19: =MAX(0,SUM(C19:D19)-J19) -> 9000
B20: Total | C20: =SUM(C5:C19) -> 130000 | D20: =SUM(D5:D19) -> 0 | E20: =SUM(E5:E19) -> 17200 | F20: =SUM(F5:F19) -> 147200 | G20: =SUM(G5:G19) -> 0 | H20: =SUM(H5:H19) -> 0 | I20: =SUM(I5:I19) -> 0 | J20: =SUM(J5:J19) -> 0 | ... L20: =SUM(L5:L19) -> 0 | N20: =SUM(N5:N19) -> 17200 | P20: =SUM(P5:P19) -> 130000
B24: Expenditures | C24: {=luDates} -> 43739 | D24: 43770 | E24: 43800 | F24: 43831 | G24: 43862 | H24: 43891 | I24: 43922 | J24: 43952 | K24: 43983 | L24: 44013 | M24: 44044 | N24: 44075 | P24: YTD Total
B26: {=Categories} -> Salaries | O26: =IFERROR((12*J5)/(IndexMonth*SUM(C5:D5)),0) -> 0 | P26: =SUM(C26:INDEX(C26:N26,IndexMonth)) -> 0
B27: Benefits & Taxes | O27: =IFERROR((12*J6)/(IndexMonth*SUM(C6:D6)),0) -> 0 | P27: =SUM(C27:INDEX(C27:N27,IndexMonth)) -> 0
B28: Professional Fee / Grant & Award | O28: =IFERROR((12*J7)/(IndexMonth*SUM(C7:D7)),0) -> 0 | P28: =SUM(C28:INDEX(C28:N28,IndexMonth)) -> 0
B29: Supplies | O29: =IFERROR((12*J8)/(IndexMonth*SUM(C8:D8)),0) -> 0 | P29: =SUM(C29:INDEX(C29:N29,IndexMonth)) -> 0
B30: Telephone | O30: =IFERROR((12*J9)/(IndexMonth*SUM(C9:D9)),0) -> 0 | P30: =SUM(C30:INDEX(C30:N30,IndexMonth)) -> 0
B31: Postage & Shipping | O31: =IFERROR((12*J10)/(IndexMonth*SUM(C10:D10)),0) -> 0 | P31: =SUM(C31:INDEX(C31:N31,IndexMonth)) -> 0
B32: Occupancy | O32: =IFERROR((12*J11)/(IndexMonth*SUM(C11:D11)),0) -> 0 | P32: =SUM(C32:INDEX(C32:N32,IndexMonth)) -> 0
B33: Equipment Rental & Maintenance | O33: =IFERROR((12*J12)/(IndexMonth*SUM(C12:D12)),0) -> 0 | P33: =SUM(C33:INDEX(C33:N33,IndexMonth)) -> 0
B34: Printing & Publications | O34: =IFERROR((12*J13)/(IndexMonth*SUM(C13:D13)),0) -> 0 | P34: =SUM(C34:INDEX(C34:N34,IndexMonth)) -> 0
B35: Travel / Conferences & Meetings | O35: =IFERROR((12*J14)/(IndexMonth*SUM(C14:D14)),0) -> 0 | P35: =SUM(C35:INDEX(C35:N35,IndexMonth)) -> 0
B36: Insurance | O36: =IFERROR((12*J15)/(IndexMonth*SUM(C15:D15)),0) -> 0 | P36: =SUM(C36:INDEX(C36:N36,IndexMonth)) -> 0
B37: Specific Assistance to Individuals | O37: =IFERROR((12*J16)/(IndexMonth*SUM(C16:D16)),0) -> 0 | P37: =SUM(C37:INDEX(C37:N37,IndexMonth)) -> 0
B38: Depreciation | O38: =IFERROR((12*J17)/(IndexMonth*SUM(C17:D17)),0) -> 0 | P38: =SUM(C38:INDEX(C38:N38,IndexMonth)) -> 0
... B40: Indirect Cost / Adm. Exp. / M&G | O40: =IFERROR((12*J19)/(IndexMonth*SUM(C19:D19)),0) -> 0 | P40: =SUM(C40:INDEX(C40:N40,IndexMonth)) -> 0
B41: Total | C41: =SUM(C26:C40) -> 0 | D41: =SUM(D26:D40) -> 0 | E41: =SUM(E26:E40) -> 0 | F41: =SUM(F26:F40) -> 0 | G41: =SUM(G26:G40) -> 0 | H41: =SUM(H26:H40) -> 0 | I41: =SUM(I26:I40) -> 0 | J41: =SUM(J26:J40) -> 0 | ... N41: =SUM(N26:N40) -> 0 | P41: =SUM(P26:P40) -> 0
C42: =IF(M43,">> Current trend of expenditures may exceed the allocated budget in certain categories. <<","") | M42: =M43*2 -> 0 | N42: =IF(M43, "may exceed 100% of budget","")
M43: =COUNTIF(O26:O40,">1") -> 0 | N43: =IF(M43,"may exceed 110% of budget","")
B44: Budget Modifications | C44: {=luDates} -> 43739 | D44: 43770 | E44: 43800 | F44: 43831 | G44: 43862 | H44: 43891 | I44: 43922 | J44: 43952 | K44: 43983 | L44: 44013 | M44: 44044 | N44: 44075 | P44: Total
B46: {=Categories} -> Salaries | P46: =SUM(C46:INDEX(C46:N46,IndexMonth)) -> 0
B47: Benefits & Taxes | P47: =SUM(C47:INDEX(C47:N47,IndexMonth)) -> 0
B48: Professional Fee / Grant & Award | P48: =SUM(C48:INDEX(C48:N48,IndexMonth)) -> 0
B49: Supplies | P49: =SUM(C49:INDEX(C49:N49,IndexMonth)) -> 0
B50: Telephone | P50: =SUM(C50:INDEX(C50:N50,IndexMonth)) -> 0
B51: Postage & Shipping | P51: =SUM(C51:INDEX(C51:N51,IndexMonth)) -> 0
B52: Occupancy | P52: =SUM(C52:INDEX(C52:N52,IndexMonth)) -> 0
B53: Equipment Rental & Maintenance | P53: =SUM(C53:INDEX(C53:N53,IndexMonth)) -> 0
B54: Printing & Publications | P54: =SUM(C54:INDEX(C54:N54,IndexMonth)) -> 0
B55: Travel / Conferences & Meetings | P55: =SUM(C55:INDEX(C55:N55,IndexMonth)) -> 0
B56: Insurance | P56: =SUM(C56:INDEX(C56:N56,IndexMonth)) -> 0
B57: Specific Assistance to Individuals | P57: =SUM(C57:INDEX(C57:N57,IndexMonth)) -> 0
B58: Depreciation | P58: =SUM(C58:INDEX(C58:N58,IndexMonth)) -> 0
... B60: Indirect Cost / Adm. Exp. / M&G | P60: =SUM(C60:INDEX(C60:N60,IndexMonth)) -> 0
B61: Total | C61: =SUM(C46:C60) -> 0 | D61: =SUM(D46:D60) -> 0 | E61: =SUM(E46:E60) -> 0 | F61: =SUM(F46:F60) -> 0 | G61: =SUM(G46:G60) -> 0 | H61: =SUM(H46:H60) -> 0 | I61: =SUM(I46:I60) -> 0 | J61: =SUM(J46:J60) -> 0 | ... N61: =SUM(N46:N60) -> 0 | P61: =SUM(P46:P60) -> 0
B64: ="Justification for "&INDEX(luMonths,IndexMonth)&" Budget Modification" -> Justification for October Budget Modification
B66: {=Categories} -> Salaries
B67: Benefits & Taxes
B68: Professional Fee / Grant & Award
B69: Supplies
B70: Telephone
B71: Postage & Shipping
B72: Occupancy
B73: Equipment Rental & Maintenance
B74: Printing & Publications
B75: Travel / Conferences & Meetings
B76: Insurance
B77: Specific Assistance to Individuals
B78: Depreciation
... B80: Indirect Cost / Adm. Exp. / M&G

Sheet Linkages
A1: 8 | B1: =INDEX(Domains,A1,3) -> Linkages (e.g., partnerships that support multiple domains)
B3: Domain Summary | C3: Available Funding | G3: ="Monthly Expenditures - " & TEXT(InvoiceMonth,"mmmm yyyy") -> Monthly Expenditures - October 2019 | J3: Year to Date Expenditures | N3: Unused | P3: Next FFY
C4: Budget | D4: Modifications | E4: Carryover | F4: Total | G4: Current | H4: Carryover | I4: Combined | J4: Current | K4: Carryover | L4: Combined | N4: Carryover | P4: Carryover
B5: {=Categories} -> Salaries | C5: {=INDEX(budgetCurrent,,$A$1)} -> 0 | D5: =SUM(C46:INDEX(C46:N46,IndexMonth)) -> 0 | E5: {=INDEX(budgetRollover,,$A$1)} -> 0 | F5: =C5+E5+D5 -> 0 | G5: =I5-H5 -> 0 | H5: =MIN(I5,MAX(0,E5-L5+I5)) -> 0 | I5: {=INDEX(C26:N40,,IndexMonth)} -> 0 | J5: =L5-K5 -> 0 | K5: =MIN(E5,L5) -> 0 | L5: =SUM(C26:INDEX(C26:N26,IndexMonth)) -> 0 | N5: =E5-K5 -> 0 | P5: =MAX(0,SUM(C5:D5)-J5) -> 0
B6: Benefits & Taxes | C6: 4000 | D6: =SUM(C47:INDEX(C47:N47,IndexMonth)) -> 0 | E6: 0 | F6: =C6+E6+D6 -> 4000 | G6: =I6-H6 -> 0 | H6: =MIN(I6,MAX(0,E6-L6+I6)) -> 0 | I6: 0 | J6: =L6-K6 -> 0 | K6: =MIN(E6,L6) -> 0 | L6: =SUM(C27:INDEX(C27:N27,IndexMonth)) -> 0 | N6: =E6-K6 -> 0 | P6: =MAX(0,SUM(C6:D6)-J6) -> 4000
B7: Professional Fee / Grant & Award | C7: 2000 | D7: =SUM(C48:INDEX(C48:N48,IndexMonth)) -> 0 | E7: 0 | F7: =C7+E7+D7 -> 2000 | G7: =I7-H7 -> 0 | H7: =MIN(I7,MAX(0,E7-L7+I7)) -> 0 | I7: 0 | J7: =L7-K7 -> 0 | K7: =MIN(E7,L7) -> 0 | L7: =SUM(C28:INDEX(C28:N28,IndexMonth)) -> 0 | N7: =E7-K7 -> 0 | P7: =MAX(0,SUM(C7:D7)-J7) -> 2000
B8: Supplies | C8: 11000 | D8: =SUM(C49:INDEX(C49:N49,IndexMonth)) -> 0 | E8: 0 | F8: =C8+E8+D8 -> 11000 | G8: =I8-H8 -> 0 | H8: =MIN(I8,MAX(0,E8-L8+I8)) -> 0 | I8: 0 | J8: =L8-K8 -> 0 | K8: =MIN(E8,L8) -> 0 | L8: =SUM(C29:INDEX(C29:N29,IndexMonth)) -> 0 | N8: =E8-K8 -> 0 | P8: =MAX(0,SUM(C8:D8)-J8) -> 11000
B9: Telephone | C9: 3000 | D9: =SUM(C50:INDEX(C50:N50,IndexMonth)) -> 0 | E9: 0 | F9: =C9+E9+D9 -> 3000 | G9: =I9-H9 -> 0 | H9: =MIN(I9,MAX(0,E9-L9+I9)) -> 0 | I9: 0 | J9: =L9-K9 -> 0 | K9: =MIN(E9,L9) -> 0 | L9: =SUM(C30:INDEX(C30:N30,IndexMonth)) -> 0 | N9: =E9-K9 -> 0 | P9: =MAX(0,SUM(C9:D9)-J9) -> 3000
B10: Postage & Shipping | C10: 2000 | D10: =SUM(C51:INDEX(C51:N51,IndexMonth)) -> 0 | E10: 0 | F10: =C10+E10+D10 -> 2000 | G10: =I10-H10 -> 0 | H10: =MIN(I10,MAX(0,E10-L10+I10)) -> 0 | I10: 0 | J10: =L10-K10 -> 0 | K10: =MIN(E10,L10) -> 0 | L10: =SUM(C31:INDEX(C31:N31,IndexMonth)) -> 0 | N10: =E10-K10 -> 0 | P10: =MAX(0,SUM(C10:D10)-J10) -> 2000
B11: Occupancy | C11: 7000 | D11: =SUM(C52:INDEX(C52:N52,IndexMonth)) -> 0 | E11: 0 | F11: =C11+E11+D11 -> 7000 | G11: =I11-H11 -> 0 | H11: =MIN(I11,MAX(0,E11-L11+I11)) -> 0 | I11: 0 | J11: =L11-K11 -> 0 | K11: =MIN(E11,L11) -> 0 | L11: =SUM(C32:INDEX(C32:N32,IndexMonth)) -> 0 | N11: =E11-K11 -> 0 | P11: =MAX(0,SUM(C11:D11)-J11) -> 7000
B12: Equipment Rental & Maintenance | C12: 13000 | D12: =SUM(C53:INDEX(C53:N53,IndexMonth)) -> 0 | E12: 0 | F12: =C12+E12+D12 -> 13000 | G12: =I12-H12 -> 0 | H12: =MIN(I12,MAX(0,E12-L12+I12)) -> 0 | I12: 0 | J12: =L12-K12 -> 0 | K12: =MIN(E12,L12) -> 0 | L12: =SUM(C33:INDEX(C33:N33,IndexMonth)) -> 0 | N12: =E12-K12 -> 0 | P12: =MAX(0,SUM(C12:D12)-J12) -> 13000
B13: Printing & Publications | C13: 14000 | D13: =SUM(C54:INDEX(C54:N54,IndexMonth)) -> 0 | E13: 0 | F13: =C13+E13+D13 -> 14000 | G13: =I13-H13 -> 0 | H13: =MIN(I13,MAX(0,E13-L13+I13)) -> 0 | I13: 0 | J13: =L13-K13 -> 0 | K13: =MIN(E13,L13) -> 0 | L13: =SUM(C34:INDEX(C34:N34,IndexMonth)) -> 0 | N13: =E13-K13 -> 0 | P13: =MAX(0,SUM(C13:D13)-J13) -> 14000
B14: Travel / Conferences & Meetings | C14: 6000 | D14: =SUM(C55:INDEX(C55:N55,IndexMonth)) -> 0 | E14: 0 | F14: =C14+E14+D14 -> 6000 | G14: =I14-H14 -> 0 | H14: =MIN(I14,MAX(0,E14-L14+I14)) -> 0 | I14: 0 | J14: =L14-K14 -> 0 | K14: =MIN(E14,L14) -> 0 | L14: =SUM(C35:INDEX(C35:N35,IndexMonth)) -> 0 | N14: =E14-K14 -> 0 | P14: =MAX(0,SUM(C14:D14)-J14) -> 6000
B15: Insurance | C15: 7000 | D15: =SUM(C56:INDEX(C56:N56,IndexMonth)) -> 0 | E15: 0 | F15: =C15+E15+D15 -> 7000 | G15: =I15-H15 -> 0 | H15: =MIN(I15,MAX(0,E15-L15+I15)) -> 0 | I15: 0 | J15: =L15-K15 -> 0 | K15: =MIN(E15,L15) -> 0 | L15: =SUM(C36:INDEX(C36:N36,IndexMonth)) -> 0 | N15: =E15-K15 -> 0 | P15: =MAX(0,SUM(C15:D15)-J15) -> 7000
B16: Specific Assistance to Individuals | C16: 3000 | D16: =SUM(C57:INDEX(C57:N57,IndexMonth)) -> 0 | E16: 0 | F16: =C16+E16+D16 -> 3000 | G16: =I16-H16 -> 0 | H16: =MIN(I16,MAX(0,E16-L16+I16)) -> 0 | I16: 0 | J16: =L16-K16 -> 0 | K16: =MIN(E16,L16) -> 0 | L16: =SUM(C37:INDEX(C37:N37,IndexMonth)) -> 0 | N16: =E16-K16 -> 0 | P16: =MAX(0,SUM(C16:D16)-J16) -> 3000
B17: Depreciation | C17: 4000 | D17: =SUM(C58:INDEX(C58:N58,IndexMonth)) -> 0 | E17: 0 | F17: =C17+E17+D17 -> 4000 | G17: =I17-H17 -> 0 | H17: =MIN(I17,MAX(0,E17-L17+I17)) -> 0 | I17: 0 | J17: =L17-K17 -> 0 | K17: =MIN(E17,L17) -> 0 | L17: =SUM(C38:INDEX(C38:N38,IndexMonth)) -> 0 | N17: =E17-K17 -> 0 | P17: =MAX(0,SUM(C17:D17)-J17) -> 4000
... B19: Indirect Cost / Adm. Exp. / M&G | C19: 10000 | D19: =SUM(C60:INDEX(C60:N60,IndexMonth)) -> 0 | E19: 0 | F19: =C19+E19+D19 -> 10000 | G19: =I19-H19 -> 0 | H19: =MIN(I19,MAX(0,E19-L19+I19)) -> 0 | I19: 0 | J19: =L19-K19 -> 0 | K19: =MIN(E19,L19) -> 0 | L19: =SUM(C40:INDEX(C40:N40,IndexMonth)) -> 0 | N19: =E19-K19 -> 0 | P19: =MAX(0,SUM(C19:D19)-J19) -> 10000
B20: Total | C20: =SUM(C5:C19) -> 89000 | D20: =SUM(D5:D19) -> 0 | E20: =SUM(E5:E19) -> 0 | F20: =SUM(F5:F19) -> 89000 | G20: =SUM(G5:G19) -> 0 | H20: =SUM(H5:H19) -> 0 | I20: =SUM(I5:I19) -> 0 | J20: =SUM(J5:J19) -> 0 | ... L20: =SUM(L5:L19) -> 0 | N20: =SUM(N5:N19) -> 0 | P20: =SUM(P5:P19) -> 89000
B24: Expenditures | C24: {=luDates} -> 43739 | D24: 43770 | E24: 43800 | F24: 43831 | G24: 43862 | H24: 43891 | I24: 43922 | J24: 43952 | K24: 43983 | L24: 44013 | M24: 44044 | N24: 44075 | P24: YTD Total
B26: {=Categories} -> Salaries | O26: =IFERROR((12*J5)/(IndexMonth*SUM(C5:D5)),0) -> 0 | P26: =SUM(C26:INDEX(C26:N26,IndexMonth)) -> 0
B27: Benefits & Taxes | O27: =IFERROR((12*J6)/(IndexMonth*SUM(C6:D6)),0) -> 0 | P27: =SUM(C27:INDEX(C27:N27,IndexMonth)) -> 0
B28: Professional Fee / Grant & Award | O28: =IFERROR((12*J7)/(IndexMonth*SUM(C7:D7)),0) -> 0 | P28: =SUM(C28:INDEX(C28:N28,IndexMonth)) -> 0
B29: Supplies | O29: =IFERROR((12*J8)/(IndexMonth*SUM(C8:D8)),0) -> 0 | P29: =SUM(C29:INDEX(C29:N29,IndexMonth)) -> 0
B30: Telephone | O30: =IFERROR((12*J9)/(IndexMonth*SUM(C9:D9)),0) -> 0 | P30: =SUM(C30:INDEX(C30:N30,IndexMonth)) -> 0
B31: Postage & Shipping | O31: =IFERROR((12*J10)/(IndexMonth*SUM(C10:D10)),0) -> 0 | P31: =SUM(C31:INDEX(C31:N31,IndexMonth)) -> 0
B32: Occupancy | O32: =IFERROR((12*J11)/(IndexMonth*SUM(C11:D11)),0) -> 0 | P32: =SUM(C32:INDEX(C32:N32,IndexMonth)) -> 0
B33: Equipment Rental & Maintenance | O33: =IFERROR((12*J12)/(IndexMonth*SUM(C12:D12)),0) -> 0 | P33: =SUM(C33:INDEX(C33:N33,IndexMonth)) -> 0
B34: Printing & Publications | O34: =IFERROR((12*J13)/(IndexMonth*SUM(C13:D13)),0) -> 0 | P34: =SUM(C34:INDEX(C34:N34,IndexMonth)) -> 0
B35: Travel / Conferences & Meetings | O35: =IFERROR((12*J14)/(IndexMonth*SUM(C14:D14)),0) -> 0 | P35: =SUM(C35:INDEX(C35:N35,IndexMonth)) -> 0
B36: Insurance | O36: =IFERROR((12*J15)/(IndexMonth*SUM(C15:D15)),0) -> 0 | P36: =SUM(C36:INDEX(C36:N36,IndexMonth)) -> 0
B37: Specific Assistance to Individuals | O37: =IFERROR((12*J16)/(IndexMonth*SUM(C16:D16)),0) -> 0 | P37: =SUM(C37:INDEX(C37:N37,IndexMonth)) -> 0
B38: Depreciation | O38: =IFERROR((12*J17)/(IndexMonth*SUM(C17:D17)),0) -> 0 | P38: =SUM(C38:INDEX(C38:N38,IndexMonth)) -> 0
... B40: Indirect Cost / Adm. Exp. / M&G | O40: =IFERROR((12*J19)/(IndexMonth*SUM(C19:D19)),0) -> 0 | P40: =SUM(C40:INDEX(C40:N40,IndexMonth)) -> 0
B41: Total | C41: =SUM(C26:C40) -> 0 | D41: =SUM(D26:D40) -> 0 | E41: =SUM(E26:E40) -> 0 | F41: =SUM(F26:F40) -> 0 | G41: =SUM(G26:G40) -> 0 | H41: =SUM(H26:H40) -> 0 | I41: =SUM(I26:I40) -> 0 | J41: =SUM(J26:J40) -> 0 | ... N41: =SUM(N26:N40) -> 0 | P41: =SUM(P26:P40) -> 0
C42: =IF(M43,">> Current trend of expenditures may exceed the allocated budget in certain categories. <<","") | M42: =M43*2 -> 0 | N42: =IF(M43, "may exceed 100% of budget","")
M43: =COUNTIF(O26:O40,">1") -> 0 | N43: =IF(M43,"may exceed 110% of budget","")
B44: Budget Modifications | C44: {=luDates} -> 43739 | D44: 43770 | E44: 43800 | F44: 43831 | G44: 43862 | H44: 43891 | I44: 43922 | J44: 43952 | K44: 43983 | L44: 44013 | M44: 44044 | N44: 44075 | P44: Total
B46: {=Categories} -> Salaries | P46: =SUM(C46:INDEX(C46:N46,IndexMonth)) -> 0
B47: Benefits & Taxes | P47: =SUM(C47:INDEX(C47:N47,IndexMonth)) -> 0
B48: Professional Fee / Grant & Award | P48: =SUM(C48:INDEX(C48:N48,IndexMonth)) -> 0
B49: Supplies | P49: =SUM(C49:INDEX(C49:N49,IndexMonth)) -> 0
B50: Telephone | P50: =SUM(C50:INDEX(C50:N50,IndexMonth)) -> 0
B51: Postage & Shipping | P51: =SUM(C51:INDEX(C51:N51,IndexMonth)) -> 0
B52: Occupancy | P52: =SUM(C52:INDEX(C52:N52,IndexMonth)) -> 0
B53: Equipment Rental & Maintenance | P53: =SUM(C53:INDEX(C53:N53,IndexMonth)) -> 0
B54: Printing & Publications | P54: =SUM(C54:INDEX(C54:N54,IndexMonth)) -> 0
B55: Travel / Conferences & Meetings | P55: =SUM(C55:INDEX(C55:N55,IndexMonth)) -> 0
B56: Insurance | P56: =SUM(C56:INDEX(C56:N56,IndexMonth)) -> 0
B57: Specific Assistance to Individuals | P57: =SUM(C57:INDEX(C57:N57,IndexMonth)) -> 0
B58: Depreciation | P58: =SUM(C58:INDEX(C58:N58,IndexMonth)) -> 0
... B60: Indirect Cost / Adm. Exp. / M&G | P60: =SUM(C60:INDEX(C60:N60,IndexMonth)) -> 0
B61: Total | C61: =SUM(C46:C60) -> 0 | D61: =SUM(D46:D60) -> 0 | E61: =SUM(E46:E60) -> 0 | F61: =SUM(F46:F60) -> 0 | G61: =SUM(G46:G60) -> 0 | H61: =SUM(H46:H60) -> 0 | I61: =SUM(I46:I60) -> 0 | J61: =SUM(J46:J60) -> 0 | ... N61: =SUM(N46:N60) -> 0 | P61: =SUM(P46:P60) -> 0
B64: ="Justification for "&INDEX(luMonths,IndexMonth)&" Budget Modification" -> Justification for October Budget Modification
B66: {=Categories} -> Salaries
B67: Benefits & Taxes
B68: Professional Fee / Grant & Award
B69: Supplies
B70: Telephone
B71: Postage & Shipping
B72: Occupancy
B73: Equipment Rental & Maintenance
B74: Printing & Publications
B75: Travel / Conferences & Meetings
B76: Insurance
B77: Specific Assistance to Individuals
B78: Depreciation
... B80: Indirect Cost / Adm. Exp. / M&G

Sheet ACB
A1: 9 | B1: =INDEX(Domains,A1,3) -> Agency Capacity Building
B3: Domain Summary | C3: Available Funding | G3: ="Monthly Expenditures - " & TEXT(InvoiceMonth,"mmmm yyyy") -> Monthly Expenditures - October 2019 | J3: Year to Date Expenditures | N3: Unused | P3: Next FFY | S3: Available Funding | U3: ="Monthly Expenditures - " & TEXT(InvoiceMonth,"mmmm yyyy") -> Monthly Expenditures - October 2019 | X3: Year to Date Expenditures
B4: =IF(TACA_OWNER,"includes TACA funding","") | C4: Budget | D4: Modifications | E4: Carryover | F4: Total | G4: Current | H4: Carryover | I4: Combined | J4: Current | K4: Carryover | L4: Combined | N4: Carryover | P4: Carryover | S4: Budget | T4: Carryover | U4: Current | V4: Carryover | W4: Combined | X4: Current | Y4: Carryover | Z4: Combined
B5: {=Categories} -> Salaries | C5: {=S5:S19+TACA!AH32:AH46} -> 0 | D5: =SUM(C46:INDEX(C46:N46,IndexMonth)) -> 0 | E5: {=T5:T19+TACA!AH11:AH25} -> 2100 | F5: =SUM(C5:E5) -> 2100 | G5: {=U5:U19+TACA!AG32:AG46} -> 0 | H5: {=V5:V19+TACA!AG11:AG25} -> 0 | I5: =SUM(G5:H5) -> 0 | J5: {=X5:X19+TACA!AH32:AH46} -> 0 | K5: {=Y5:Y19+TACA!AH11:AH25} -> 0 | L5: =SUM(J5:K5) -> 0 | N5: {=T5:T19-Y5:Y19} -> 2100 | P5: =MAX(0,S5+D5-X5) -> 0 | S5: {=INDEX(budgetCurrent,,$A$1)} -> 0 | T5: {=INDEX(budgetRollover,,$A$1)} -> 2100 | U5: =W5-V5 -> 0 | V5: =MIN(W5,MAX(0,T5-Z5+W5)) -> 0 | W5: {=INDEX(C26:N40,,IndexMonth)} -> 0 | X5: =Z5-Y5 -> 0 | Y5: =MIN(T5,Z5) -> 0 | Z5: =SUM(C26:INDEX(C26:N26,IndexMonth)) -> 0
B6: Benefits & Taxes | C6: 14000 | D6: =SUM(C47:INDEX(C47:N47,IndexMonth)) -> 0 | E6: 1100 | F6: =SUM(C6:E6) -> 15100 | G6: 0 | H6: 0 | I6: =SUM(G6:H6) -> 0 | J6: 0 | K6: 0 | L6: =SUM(J6:K6) -> 0 | N6: 1100 | P6: =MAX(0,S6+D6-X6) -> 14000 | S6: 14000 | T6: 1100 | U6: =W6-V6 -> 0 | V6: =MIN(W6,MAX(0,E6-Z6+W6)) -> 0 | W6: 0 | X6: =Z6-Y6 -> 0 | Y6: =MIN(T6,Z6) -> 0 | Z6: =SUM(C27:INDEX(C27:N27,IndexMonth)) -> 0
B7: Professional Fee / Grant & Award | C7: 8000 | D7: =SUM(C48:INDEX(C48:N48,IndexMonth)) -> 0 | E7: 0 | F7: =SUM(C7:E7) -> 8000 | G7: 0 | H7: 0 | I7: =SUM(G7:H7) -> 0 | J7: 0 | K7: 0 | L7: =SUM(J7:K7) -> 0 | N7: 0 | P7: =MAX(0,S7+D7-X7) -> 8000 | S7: 8000 | T7: 0 | U7: =W7-V7 -> 0 | V7: =MIN(W7,MAX(0,E7-Z7+W7)) -> 0 | W7: 0 | X7: =Z7-Y7 -> 0 | Y7: =MIN(T7,Z7) -> 0 | Z7: =SUM(C28:INDEX(C28:N28,IndexMonth)) -> 0
B8: Supplies | C8: 13000 | D8: =SUM(C49:INDEX(C49:N49,IndexMonth)) -> 0 | E8: 1800 | F8: =SUM(C8:E8) -> 14800 | G8: 0 | H8: 0 | I8: =SUM(G8:H8) -> 0 | J8: 0 | K8: 0 | L8: =SUM(J8:K8) -> 0 | N8: 1800 | P8: =MAX(0,S8+D8-X8) -> 13000 | S8: 13000 | T8: 1800 | U8: =W8-V8 -> 0 | V8: =MIN(W8,MAX(0,E8-Z8+W8)) -> 0 | W8: 0 | X8: =Z8-Y8 -> 0 | Y8: =MIN(T8,Z8) -> 0 | Z8: =SUM(C29:INDEX(C29:N29,IndexMonth)) -> 0
B9: Telephone | C9: 3000 | D9: =SUM(C50:INDEX(C50:N50,IndexMonth)) -> 0 | E9: 1200 | F9: =SUM(C9:E9) -> 4200 | G9: 0 | H9: 0 | I9: =SUM(G9:H9) -> 0 | J9: 0 | K9: 0 | L9: =SUM(J9:K9) -> 0 | N9: 1200 | P9: =MAX(0,S9+D9-X9) -> 3000 | S9: 3000 | T9: 1200 | U9: =W9-V9 -> 0 | V9: =MIN(W9,MAX(0,E9-Z9+W9)) -> 0 | W9: 0 | X9: =Z9-Y9 -> 0 | Y9: =MIN(T9,Z9) -> 0 | Z9: =SUM(C30:INDEX(C30:N30,IndexMonth)) -> 0
B10: Postage & Shipping | C10: 3000 | D10: =SUM(C51:INDEX(C51:N51,IndexMonth)) -> 0 | E10: 700 | F10: =SUM(C10:E10) -> 3700 | G10: 0 | H10: 0 | I10: =SUM(G10:H10) -> 0 | J10: 0 | K10: 0 | L10: =SUM(J10:K10) -> 0 | N10: 700 | P10: =MAX(0,S10+D10-X10) -> 3000 | S10: 3000 | T10: 700 | U10: =W10-V10 -> 0 | V10: =MIN(W10,MAX(0,E10-Z10+W10)) -> 0 | W10: 0 | X10: =Z10-Y10 -> 0 | Y10: =MIN(T10,Z10) -> 0 | Z10: =SUM(C31:INDEX(C31:N31,IndexMonth)) -> 0
B11: Occupancy | C11: 4000 | D11: =SUM(C52:INDEX(C52:N52,IndexMonth)) -> 0 | E11: 2400 | F11: =SUM(C11:E11) -> 6400 | G11: 0 | H11: 0 | I11: =SUM(G11:H11) -> 0 | J11: 0 | K11: 0 | L11: =SUM(J11:K11) -> 0 | N11: 2400 | P11: =MAX(0,S11+D11-X11) -> 4000 | S11: 4000 | T11: 2400 | U11: =W11-V11 -> 0 | V11: =MIN(W11,MAX(0,E11-Z11+W11)) -> 0 | W11: 0 | X11: =Z11-Y11 -> 0 | Y11: =MIN(T11,Z11) -> 0 | Z11: =SUM(C32:INDEX(C32:N32,IndexMonth)) -> 0
B12: Equipment Rental & Maintenance | C12: 14000 | D12: =SUM(C53:INDEX(C53:N53,IndexMonth)) -> 0 | E12: 1700 | F12: =SUM(C12:E12) -> 15700 | G12: 0 | H12: 0 | I12: =SUM(G12:H12) -> 0 | J12: 0 | K12: 0 | L12: =SUM(J12:K12) -> 0 | N12: 1700 | P12: =MAX(0,S12+D12-X12) -> 14000 | S12: 14000 | T12: 1700 | U12: =W12-V12 -> 0 | V12: =MIN(W12,MAX(0,E12-Z12+W12)) -> 0 | W12: 0 | X12: =Z12-Y12 -> 0 | Y12: =MIN(T12,Z12) -> 0 | Z12: =SUM(C33:INDEX(C33:N33,IndexMonth)) -> 0
B13: Printing & Publications | C13: 8000 | D13: =SUM(C54:INDEX(C54:N54,IndexMonth)) -> 0 | E13: 2500 | F13: =SUM(C13:E13) -> 10500 | G13: 0 | H13: 0 | I13: =SUM(G13:H13) -> 0 | J13: 0 | K13: 0 | L13: =SUM(J13:K13) -> 0 | N13: 2500 | P13: =MAX(0,S13+D13-X13) -> 8000 | S13: 8000 | T13: 2500 | U13: =W13-V13 -> 0 | V13: =MIN(W13,MAX(0,E13-Z13+W13)) -> 0 | W13: 0 | X13: =Z13-Y13 -> 0 | Y13: =MIN(T13,Z13) -> 0 | Z13: =SUM(C34:INDEX(C34:N34,IndexMonth)) -> 0
B14: Travel / Conferences & Meetings | C14: 13000 | D14: =SUM(C55:INDEX(C55:N55,IndexMonth)) -> 0 | E14: 0 | F14: =SUM(C14:E14) -> 13000 | G14: 0 | H14: 0 | I14: =SUM(G14:H14) -> 0 | J14: 0 | K14: 0 | L14: =SUM(J14:K14) -> 0 | N14: 0 | P14: =MAX(0,S14+D14-X14) -> 13000 | S14: 13000 | T14: 0 | U14: =W14-V14 -> 0 | V14: =MIN(W14,MAX(0,E14-Z14+W14)) -> 0 | W14: 0 | X14: =Z14-Y14 -> 0 | Y14: =MIN(T14,Z14) -> 0 | Z14: =SUM(C35:INDEX(C35:N35,IndexMonth)) -> 0
B15: Insurance | C15: 8000 | D15: =SUM(C56:INDEX(C56:N56,IndexMonth)) -> 0 | E15: 800 | F15: =SUM(C15:E15) -> 8800 | G15: 0 | H15: 0 | I15: =SUM(G15:H15) -> 0 | J15: 0 | K15: 0 | L15: =SUM(J15:K15) -> 0 | N15: 800 | P15: =MAX(0,S15+D15-X15) -> 8000 | S15: 8000 | T15: 800 | U15: =W15-V15 -> 0 | V15: =MIN(W15,MAX(0,E15-Z15+W15)) -> 0 | W15: 0 | X15: =Z15-Y15 -> 0 | Y15: =MIN(T15,Z15) -> 0 | Z15: =SUM(C36:INDEX(C36:N36,IndexMonth)) -> 0
B16: Specific Assistance to Individuals | C16: 3000 | D16: =SUM(C57:INDEX(C57:N57,IndexMonth)) -> 0 | E16: 2400 | F16: =SUM(C16:E16) -> 5400 | G16: 0 | H16: 0 | I16: =SUM(G16:H16) -> 0 | J16: 0 | K16: 0 | L16: =SUM(J16:K16) -> 0 | N16: 2400 | P16: =MAX(0,S16+D16-X16) -> 3000 | S16: 3000 | T16: 2400 | U16: =W16-V16 -> 0 | V16: =MIN(W16,MAX(0,E16-Z16+W16)) -> 0 | W16: 0 | X16: =Z16-Y16 -> 0 | Y16: =MIN(T16,Z16) -> 0 | Z16: =SUM(C37:INDEX(C37:N37,IndexMonth)) -> 0
B17: Depreciation | C17: 3000 | D17: =SUM(C58:INDEX(C58:N58,IndexMonth)) -> 0 | E17: 1400 | F17: =SUM(C17:E17) -> 4400 | G17: 0 | H17: 0 | I17: =SUM(G17:H17) -> 0 | J17: 0 | K17: 0 | L17: =SUM(J17:K17) -> 0 | N17: 1400 | P17: =MAX(0,S17+D17-X17) -> 3000 | S17: 3000 | T17: 1400 | U17: =W17-V17 -> 0 | V17: =MIN(W17,MAX(0,E17-Z17+W17)) -> 0 | W17: 0 | X17: =Z17-Y17 -> 0 | Y17: =MIN(T17,Z17) -> 0 | Z17: =SUM(C38:INDEX(C38:N38,IndexMonth)) -> 0
... B19: Indirect Cost / Adm. Exp. / M&G | C19: 5000 | D19: =SUM(C60:INDEX(C60:N60,IndexMonth)) -> 0 | E19: 1300 | F19: =SUM(C19:E19) -> 6300 | G19: 0 | H19: 0 | I19: =SUM(G19:H19) -> 0 | J19: 0 | K19: 0 | L19: =SUM(J19:K19) -> 0 | N19: 1300 | P19: =MAX(0,S19+D19-X19) -> 5000 | S19: 5000 | T19: 1300 | U19: =W19-V19 -> 0 | V19: =MIN(W19,MAX(0,E19-Z19+W19)) -> 0 | W19: 0 | X19: =Z19-Y19 -> 0 | Y19: =MIN(T19,Z19) -> 0 | Z19: =SUM(C40:INDEX(C40:N40,IndexMonth)) -> 0
B20: Total | C20: =SUM(C5:C19) -> 109000 | D20: =SUM(D5:D19) -> 0 | E20: =SUM(E5:E19) -> 20600 | F20: =SUM(F5:F19) -> 129600 | G20: =SUM(G5:G19) -> 0 | H20: =SUM(H5:H19) -> 0 | I20: =SUM(I5:I19) -> 0 | J20: =SUM(J5:J19) -> 0 | ... L20: =SUM(L5:L19) -> 0 | N20: =SUM(N5:N19) -> 20600 | P20: =SUM(P5:P19) -> 109000 | S20: =SUM(S5:S19) -> 109000 | T20: =SUM(T5:T19) -> 20600 | U20: =SUM(U5:U19) -> 0 | V20: =SUM(V5:V19) -> 0 | W20: =SUM(W5:W19) -> 0 | X20: =SUM(X5:X19) -> 0 | Y20: =SUM(Y5:Y19) -> 0 | Z20: =SUM(Z5:Z19) -> 0
B23: =IF(TACA_OWNER,"(do not include TACA expenditures on this worksheet.)","")
B24: Expenditures | C24: {=luDates} -> 43739 | D24: 43770 | E24: 43800 | F24: 43831 | G24: 43862 | H24: 43891 | I24: 43922 | J24: 43952 | K24: 43983 | L24: 44013 | M24: 44044 | N24: 44075 | P24: YTD Total
B26: {=Categories} -> Salaries | O26: =IFERROR((12*X5)/(IndexMonth*SUM(S5,D5)),0) -> 0 | P26: =SUM(C26:INDEX(C26:N26,IndexMonth)) -> 0
B27: Benefits & Taxes | O27: =IFERROR((12*X6)/(IndexMonth*SUM(S6,D6)),0) -> 0 | P27: =SUM(C27:INDEX(C27:N27,IndexMonth)) -> 0
B28: Professional Fee / Grant & Award | O28: =IFERROR((12*X7)/(IndexMonth*SUM(S7,D7)),0) -> 0 | P28: =SUM(C28:INDEX(C28:N28,IndexMonth)) -> 0
B29: Supplies | O29: =IFERROR((12*X8)/(IndexMonth*SUM(S8,D8)),0) -> 0 | P29: =SUM(C29:INDEX(C29:N29,IndexMonth)) -> 0
B30: Telephone | O30: =IFERROR((12*X9)/(IndexMonth*SUM(S9,D9)),0) -> 0 | P30: =SUM(C30:INDEX(C30:N30,IndexMonth)) -> 0
B31: Postage & Shipping | O31: =IFERROR((12*X10)/(IndexMonth*SUM(S10,D10)),0) -> 0 | P31: =SUM(C31:INDEX(C31:N31,IndexMonth)) -> 0
B32: Occupancy | O32: =IFERROR((12*X11)/(IndexMonth*SUM(S11,D11)),0) -> 0 | P32: =SUM(C32:INDEX(C32:N32,IndexMonth)) -> 0
B33: Equipment Rental & Maintenance | O33: =IFERROR((12*X12)/(IndexMonth*SUM(S12,D12)),0) -> 0 | P33: =SUM(C33:INDEX(C33:N33,IndexMonth)) -> 0
B34: Printing & Publications | O34: =IFERROR((12*X13)/(IndexMonth*SUM(S13,D13)),0) -> 0 | P34: =SUM(C34:INDEX(C34:N34,IndexMonth)) -> 0
B35: Travel / Conferences & Meetings | O35: =IFERROR((12*X14)/(IndexMonth*SUM(S14,D14)),0) -> 0 | P35: =SUM(C35:INDEX(C35:N35,IndexMonth)) -> 0
B36: Insurance | O36: =IFERROR((12*X15)/(IndexMonth*SUM(S15,D15)),0) -> 0 | P36: =SUM(C36:INDEX(C36:N36,IndexMonth)) -> 0
B37: Specific Assistance to Individuals | O37: =IFERROR((12*X16)/(IndexMonth*SUM(S16,D16)),0) -> 0 | P37: =SUM(C37:INDEX(C37:N37,IndexMonth)) -> 0
B38: Depreciation | O38: =IFERROR((12*X17)/(IndexMonth*SUM(S17,D17)),0) -> 0 | P38: =SUM(C38:INDEX(C38:N38,IndexMonth)) -> 0
... B40: Indirect Cost / Adm. Exp. / M&G | O40: =IFERROR((12*X19)/(IndexMonth*SUM(S19,D19)),0) -> 0 | P40: =SUM(C40:INDEX(C40:N40,IndexMonth)) -> 0
B41: =IF(TACA_OWNER,"Total excluding TACA","Total") -> Total | C41: =SUM(C26:C40) -> 0 | D41: =SUM(D26:D40) -> 0 | E41: =SUM(E26:E40) -> 0 | F41: =SUM(F26:F40) -> 0 | G41: =SUM(G26:G40) -> 0 | H41: =SUM(H26:H40) -> 0 | I41: =SUM(I26:I40) -> 0 | J41: =SUM(J26:J40) -> 0 | ... N41: =SUM(N26:N40) -> 0 | P41: =SUM(P26:P40) -> 0
C42: =IF(M43,">> Current trend of expenditures may exceed the allocated budget in certain categories. <<","") | M42: =M43*2 -> 0 | N42: =IF(M43, "may exceed 100% of budget","")
M43: =COUNTIF(O26:O40,">1") -> 0 | N43: =IF(M43,"may exceed 110% of budget","")
B44: Budget Modifications | C44: {=luDates} -> 43739 | D44: 43770 | E44: 43800 | F44: 43831 | G44: 43862 | H44: 43891 | I44: 43922 | J44: 43952 | K44: 43983 | L44: 44013 | M44: 44044 | N44: 44075 | P44: Total
B46: {=Categories} -> Salaries | P46: =SUM(C46:INDEX(C46:N46,IndexMonth)) -> 0
B47: Benefits & Taxes | P47: =SUM(C47:INDEX(C47:N47,IndexMonth)) -> 0
B48: Professional Fee / Grant & Award | P48: =SUM(C48:INDEX(C48:N48,IndexMonth)) -> 0
B49: Supplies | P49: =SUM(C49:INDEX(C49:N49,IndexMonth)) -> 0
B50: Telephone | P50: =SUM(C50:INDEX(C50:N50,IndexMonth)) -> 0
B51: Postage & Shipping | P51: =SUM(C51:INDEX(C51:N51,IndexMonth)) -> 0
B52: Occupancy | P52: =SUM(C52:INDEX(C52:N52,IndexMonth)) -> 0
B53: Equipment Rental & Maintenance | P53: =SUM(C53:INDEX(C53:N53,IndexMonth)) -> 0
B54: Printing & Publications | P54: =SUM(C54:INDEX(C54:N54,IndexMonth)) -> 0
B55: Travel / Conferences & Meetings | P55: =SUM(C55:INDEX(C55:N55,IndexMonth)) -> 0
B56: Insurance | P56: =SUM(C56:INDEX(C56:N56,IndexMonth)) -> 0
B57: Specific Assistance to Individuals | P57: =SUM(C57:INDEX(C57:N57,IndexMonth)) -> 0
B58: Depreciation | P58: =SUM(C58:INDEX(C58:N58,IndexMonth)) -> 0
... B60: Indirect Cost / Adm. Exp. / M&G | P60: =SUM(C60:INDEX(C60:N60,IndexMonth)) -> 0
B61: Total | C61: =SUM(C46:C60) -> 0 | D61: =SUM(D46:D60) -> 0 | E61: =SUM(E46:E60) -> 0 | F61: =SUM(F46:F60) -> 0 | G61: =SUM(G46:G60) -> 0 | H61: =SUM(H46:H60) -> 0 | I61: =SUM(I46:I60) -> 0 | J61: =SUM(J46:J60) -> 0 | ... N61: =SUM(N46:N60) -> 0 | P61: =SUM(P46:P60) -> 0
B64: ="Justification for "&INDEX(luMonths,IndexMonth)&" Budget Modification" -> Justification for October Budget Modification
B66: {=Categories} -> Salaries
B67: Benefits & Taxes
B68: Professional Fee / Grant & Award
B69: Supplies
B70: Telephone
B71: Postage & Shipping
B72: Occupancy
B73: Equipment Rental & Maintenance
B74: Printing & Publications
B75: Travel / Conferences & Meetings
B76: Insurance
B77: Specific Assistance to Individuals
B78: Depreciation
... B80: Indirect Cost / Adm. Exp. / M&G

Sheet Other
A1: 10 | B1: =INDEX(Domains,A1,3) -> Other (e.g., emergency management / disaster relief)
B3: Domain Summary | C3: Available Funding | G3: ="Monthly Expenditures - " & TEXT(InvoiceMonth,"mmmm yyyy") -> Monthly Expenditures - October 2019 | J3: Year to Date Expenditures | N3: Unused | P3: Next FFY
C4: Budget | D4: Modifications | E4: Carryover | F4: Total | G4: Current | H4: Carryover | I4: Combined | J4: Current | K4: Carryover | L4: Combined | N4: Carryover | P4: Carryover
B5: {=Categories} -> Salaries | C5: {=INDEX(budgetCurrent,,$A$1)} -> 0 | D5: =SUM(C46:INDEX(C46:N46,IndexMonth)) -> 0 | E5: {=INDEX(budgetRollover,,$A$1)} -> 0 | F5: =C5+E5+D5 -> 0 | G5: =I5-H5 -> 0 | H5: =MIN(I5,MAX(0,E5-L5+I5)) -> 0 | I5: {=INDEX(C26:N40,,IndexMonth)} -> 0 | J5: =L5-K5 -> 0 | K5: =MIN(E5,L5) -> 0 | L5: =SUM(C26:INDEX(C26:N26,IndexMonth)) -> 0 | N5: =E5-K5 -> 0 | P5: =MAX(0,SUM(C5:D5)-J5) -> 0
B6: Benefits & Taxes | C6: 12000 | D6: =SUM(C47:INDEX(C47:N47,IndexMonth)) -> 0 | E6: 0 | F6: =C6+E6+D6 -> 12000 | G6: =I6-H6 -> 0 | H6: =MIN(I6,MAX(0,E6-L6+I6)) -> 0 | I6: 0 | J6: =L6-K6 -> 0 | K6: =MIN(E6,L6) -> 0 | L6: =SUM(C27:INDEX(C27:N27,IndexMonth)) -> 0 | N6: =E6-K6 -> 0 | P6: =MAX(0,SUM(C6:D6)-J6) -> 12000
B7: Professional Fee / Grant & Award | C7: 6000 | D7: =SUM(C48:INDEX(C48:N48,IndexMonth)) -> 0 | E7: 1000 | F7: =C7+E7+D7 -> 7000 | G7: =I7-H7 -> 0 | H7: =MIN(I7,MAX(0,E7-L7+I7)) -> 0 | I7: 0 | J7: =L7-K7 -> 0 | K7: =MIN(E7,L7) -> 0 | L7: =SUM(C28:INDEX(C28:N28,IndexMonth)) -> 0 | N7: =E7-K7 -> 1000 | P7: =MAX(0,SUM(C7:D7)-J7) -> 6000
B8: Supplies | C8: 13000 | D8: =SUM(C49:INDEX(C49:N49,IndexMonth)) -> 0 | E8: 1300 | F8: =C8+E8+D8 -> 14300 | G8: =I8-H8 -> 0 | H8: =MIN(I8,MAX(0,E8-L8+I8)) -> 0 | I8: 0 | J8: =L8-K8 -> 0 | K8: =MIN(E8,L8) -> 0 | L8: =SUM(C29:INDEX(C29:N29,IndexMonth)) -> 0 | N8: =E8-K8 -> 1300 | P8: =MAX(0,SUM(C8:D8)-J8) -> 13000
B9: Telephone | C9: 11000 | D9: =SUM(C50:INDEX(C50:N50,IndexMonth)) -> 0 | E9: 1600 | F9: =C9+E9+D9 -> 12600 | G9: =I9-H9 -> 0 | H9: =MIN(I9,MAX(0,E9-L9+I9)) -> 0 | I9: 0 | J9: =L9-K9 -> 0 | K9: =MIN(E9,L9) -> 0 | L9: =SUM(C30:INDEX(C30:N30,IndexMonth)) -> 0 | N9: =E9-K9 -> 1600 | P9: =MAX(0,SUM(C9:D9)-J9) -> 11000
B10: Postage & Shipping | C10: 4000 | D10: =SUM(C51:INDEX(C51:N51,IndexMonth)) -> 0 | E10: 1800 | F10: =C10+E10+D10 -> 5800 | G10: =I10-H10 -> 0 | H10: =MIN(I10,MAX(0,E10-L10+I10)) -> 0 | I10: 0 | J10: =L10-K10 -> 0 | K10: =MIN(E10,L10) -> 0 | L10: =SUM(C31:INDEX(C31:N31,IndexMonth)) -> 0 | N10: =E10-K10 -> 1800 | P10: =MAX(0,SUM(C10:D10)-J10) -> 4000
B11: Occupancy | C11: 15000 | D11: =SUM(C52:INDEX(C52:N52,IndexMonth)) -> 0 | E11: 0 | F11: =C11+E11+D11 -> 15000 | G11: =I11-H11 -> 0 | H11: =MIN(I11,MAX(0,E11-L11+I11)) -> 0 | I11: 0 | J11: =L11-K11 -> 0 | K11: =MIN(E11,L11) -> 0 | L11: =SUM(C32:INDEX(C32:N32,IndexMonth)) -> 0 | N11: =E11-K11 -> 0 | P11: =MAX(0,SUM(C11:D11)-J11) -> 15000
B12: Equipment Rental & Maintenance | C12: 15000 | D12: =SUM(C53:INDEX(C53:N53,IndexMonth)) -> 0 | E12: 2200 | F12: =C12+E12+D12 -> 17200 | G12: =I12-H12 -> 0 | H12: =MIN(I12,MAX(0,E12-L12+I12)) -> 0 | I12: 0 | J12: =L12-K12 -> 0 | K12: =MIN(E12,L12) -> 0 | L12: =SUM(C33:INDEX(C33:N33,IndexMonth)) -> 0 | N12: =E12-K12 -> 2200 | P12: =MAX(0,SUM(C12:D12)-J12) -> 15000
B13: Printing & Publications | C13: 15000 | D13: =SUM(C54:INDEX(C54:N54,IndexMonth)) -> 0 | E13: 1200 | F13: =C13+E13+D13 -> 16200 | G13: =I13-H13 -> 0 | H13: =MIN(I13,MAX(0,E13-L13+I13)) -> 0 | I13: 0 | J13: =L13-K13 -> 0 | K13: =MIN(E13,L13) -> 0 | L13: =SUM(C34:INDEX(C34:N34,IndexMonth)) -> 0 | N13: =E13-K13 -> 1200 | P13: =MAX(0,SUM(C13:D13)-J13) -> 15000
B14: Travel / Conferences & Meetings | C14: 8000 | D14: =SUM(C55:INDEX(C55:N55,IndexMonth)) -> 0 | E14: 2100 | F14: =C14+E14+D14 -> 10100 | G14: =I14-H14 -> 0 | H14: =MIN(I14,MAX(0,E14-L14+I14)) -> 0 | I14: 0 | J14: =L14-K14 -> 0 | K14: =MIN(E14,L14) -> 0 | L14: =SUM(C35:INDEX(C35:N35,IndexMonth)) -> 0 | N14: =E14-K14 -> 2100 | P14: =MAX(0,SUM(C14:D14)-J14) -> 8000
B15: Insurance | C15: 8000 | D15: =SUM(C56:INDEX(C56:N56,IndexMonth)) -> 0 | E15: 0 | F15: =C15+E15+D15 -> 8000 | G15: =I15-H15 -> 0 | H15: =MIN(I15,MAX(0,E15-L15+I15)) -> 0 | I15: 0 | J15: =L15-K15 -> 0 | K15: =MIN(E15,L15) -> 0 | L15: =SUM(C36:INDEX(C36:N36,IndexMonth)) -> 0 | N15: =E15-K15 -> 0 | P15: =MAX(0,SUM(C15:D15)-J15) -> 8000
B16: Specific Assistance to Individuals | C16: 7000 | D16: =SUM(C57:INDEX(C57:N57,IndexMonth)) -> 0 | E16: 800 | F16: =C16+E16+D16 -> 7800 | G16: =I16-H16 -> 0 | H16: =MIN(I16,MAX(0,E16-L16+I16)) -> 0 | I16: 0 | J16: =L16-K16 -> 0 | K16: =MIN(E16,L16) -> 0 | L16: =SUM(C37:INDEX(C37:N37,IndexMonth)) -> 0 | N16: =E16-K16 -> 800 | P16: =MAX(0,SUM(C16:D16)-J16) -> 7000
B17: Depreciation | C17: 14000 | D17: =SUM(C58:INDEX(C58:N58,IndexMonth)) -> 0 | E17: 1600 | F17: =C17+E17+D17 -> 15600 | G17: =I17-H17 -> 0 | H17: =MIN(I17,MAX(0,E17-L17+I17)) -> 0 | I17: 0 | J17: =L17-K17 -> 0 | K17: =MIN(E17,L17) -> 0 | L17: =SUM(C38:INDEX(C38:N38,IndexMonth)) -> 0 | N17: =E17-K17 -> 1600 | P17: =MAX(0,SUM(C17:D17)-J17) -> 14000
... B19: Indirect Cost / Adm. Exp. / M&G | C19: 11000 | D19: =SUM(C60:INDEX(C60:N60,IndexMonth)) -> 0 | E19: 2500 | F19: =C19+E19+D19 -> 13500 | G19: =I19-H19 -> 0 | H19: =MIN(I19,MAX(0,E19-L19+I19)) -> 0 | I19: 0 | J19: =L19-K19 -> 0 | K19: =MIN(E19,L19) -> 0 | L19: =SUM(C40:INDEX(C40:N40,IndexMonth)) -> 0 | N19: =E19-K19 -> 2500 | P19: =MAX(0,SUM(C19:D19)-J19) -> 11000
B20: Total | C20: =SUM(C5:C19) -> 153000 | D20: =SUM(D5:D19) -> 0 | E20: =SUM(E5:E19) -> 16100 | F20: =SUM(F5:F19) -> 169100 | G20: =SUM(G5:G19) -> 0 | H20: =SUM(H5:H19) -> 0 | I20: =SUM(I5:I19) -> 0 | J20: =SUM(J5:J19) -> 0 | ... L20: =SUM(L5:L19) -> 0 | N20: =SUM(N5:N19) -> 16100 | P20: =SUM(P5:P19) -> 153000
B24: Expenditures | C24: {=luDates} -> 43739 | D24: 43770 | E24: 43800 | F24: 43831 | G24: 43862 | H24: 43891 | I24: 43922 | J24: 43952 | K24: 43983 | L24: 44013 | M24: 44044 | N24: 44075 | P24: YTD Total
B26: {=Categories} -> Salaries | O26: =IFERROR((12*J5)/(IndexMonth*SUM(C5:D5)),0) -> 0 | P26: =SUM(C26:INDEX(C26:N26,IndexMonth)) -> 0
B27: Benefits & Taxes | O27: =IFERROR((12*J6)/(IndexMonth*SUM(C6:D6)),0) -> 0 | P27: =SUM(C27:INDEX(C27:N27,IndexMonth)) -> 0
B28: Professional Fee / Grant & Award | O28: =IFERROR((12*J7)/(IndexMonth*SUM(C7:D7)),0) -> 0 | P28: =SUM(C28:INDEX(C28:N28,IndexMonth)) -> 0
B29: Supplies | O29: =IFERROR((12*J8)/(IndexMonth*SUM(C8:D8)),0) -> 0 | P29: =SUM(C29:INDEX(C29:N29,IndexMonth)) -> 0
B30: Telephone | O30: =IFERROR((12*J9)/(IndexMonth*SUM(C9:D9)),0) -> 0 | P30: =SUM(C30:INDEX(C30:N30,IndexMonth)) -> 0
B31: Postage & Shipping | O31: =IFERROR((12*J10)/(IndexMonth*SUM(C10:D10)),0) -> 0 | P31: =SUM(C31:INDEX(C31:N31,IndexMonth)) -> 0
B32: Occupancy | O32: =IFERROR((12*J11)/(IndexMonth*SUM(C11:D11)),0) -> 0 | P32: =SUM(C32:INDEX(C32:N32,IndexMonth)) -> 0
B33: Equipment Rental & Maintenance | O33: =IFERROR((12*J12)/(IndexMonth*SUM(C12:D12)),0) -> 0 | P33: =SUM(C33:INDEX(C33:N33,IndexMonth)) -> 0
B34: Printing & Publications | O34: =IFERROR((12*J13)/(IndexMonth*SUM(C13:D13)),0) -> 0 | P34: =SUM(C34:INDEX(C34:N34,IndexMonth)) -> 0
B35: Travel / Conferences & Meetings | O35: =IFERROR((12*J14)/(IndexMonth*SUM(C14:D14)),0) -> 0 | P35: =SUM(C35:INDEX(C35:N35,IndexMonth)) -> 0
B36: Insurance | O36: =IFERROR((12*J15)/(IndexMonth*SUM(C15:D15)),0) -> 0 | P36: =SUM(C36:INDEX(C36:N36,IndexMonth)) -> 0
B37: Specific Assistance to Individuals | O37: =IFERROR((12*J16)/(IndexMonth*SUM(C16:D16)),0) -> 0 | P37: =SUM(C37:INDEX(C37:N37,IndexMonth)) -> 0
B38: Depreciation | O38: =IFERROR((12*J17)/(IndexMonth*SUM(C17:D17)),0) -> 0 | P38: =SUM(C38:INDEX(C38:N38,IndexMonth)) -> 0
... B40: Indirect Cost / Adm. Exp. / M&G | O40: =IFERROR((12*J19)/(IndexMonth*SUM(C19:D19)),0) -> 0 | P40: =SUM(C40:INDEX(C40:N40,IndexMonth)) -> 0
B41: Total | C41: =SUM(C26:C40) -> 0 | D41: =SUM(D26:D40) -> 0 | E41: =SUM(E26:E40) -> 0 | F41: =SUM(F26:F40) -> 0 | G41: =SUM(G26:G40) -> 0 | H41: =SUM(H26:H40) -> 0 | I41: =SUM(I26:I40) -> 0 | J41: =SUM(J26:J40) -> 0 | ... N41: =SUM(N26:N40) -> 0 | P41: =SUM(P26:P40) -> 0
C42: =IF(M43,">> Current trend of expenditures may exceed the allocated budget in certain categories. <<","") | M42: =M43*2 -> 0 | N42: =IF(M43, "may exceed 100% of budget","")
M43: =COUNTIF(O26:O40,">1") -> 0 | N43: =IF(M43,"may exceed 110% of budget","")
B44: Budget Modifications | C44: {=luDates} -> 43739 | D44: 43770 | E44: 43800 | F44: 43831 | G44: 43862 | H44: 43891 | I44: 43922 | J44: 43952 | K44: 43983 | L44: 44013 | M44: 44044 | N44: 44075 | P44: Total
B46: {=Categories} -> Salaries | P46: =SUM(C46:INDEX(C46:N46,IndexMonth)) -> 0
B47: Benefits & Taxes | P47: =SUM(C47:INDEX(C47:N47,IndexMonth)) -> 0
B48: Professional Fee / Grant & Award | P48: =SUM(C48:INDEX(C48:N48,IndexMonth)) -> 0
B49: Supplies | P49: =SUM(C49:INDEX(C49:N49,IndexMonth)) -> 0
B50: Telephone | P50: =SUM(C50:INDEX(C50:N50,IndexMonth)) -> 0
B51: Postage & Shipping | P51: =SUM(C51:INDEX(C51:N51,IndexMonth)) -> 0
B52: Occupancy | P52: =SUM(C52:INDEX(C52:N52,IndexMonth)) -> 0
B53: Equipment Rental & Maintenance | P53: =SUM(C53:INDEX(C53:N53,IndexMonth)) -> 0
B54: Printing & Publications | P54: =SUM(C54:INDEX(C54:N54,IndexMonth)) -> 0
B55: Travel / Conferences & Meetings | P55: =SUM(C55:INDEX(C55:N55,IndexMonth)) -> 0
B56: Insurance | P56: =SUM(C56:INDEX(C56:N56,IndexMonth)) -> 0
B57: Specific Assistance to Individuals | P57: =SUM(C57:INDEX(C57:N57,IndexMonth)) -> 0
B58: Depreciation | P58: =SUM(C58:INDEX(C58:N58,IndexMonth)) -> 0
... B60: Indirect Cost / Adm. Exp. / M&G | P60: =SUM(C60:INDEX(C60:N60,IndexMonth)) -> 0
B61: Total | C61: =SUM(C46:C60) -> 0 | D61: =SUM(D46:D60) -> 0 | E61: =SUM(E46:E60) -> 0 | F61: =SUM(F46:F60) -> 0 | G61: =SUM(G46:G60) -> 0 | H61: =SUM(H46:H60) -> 0 | I61: =SUM(I46:I60) -> 0 | J61: =SUM(J46:J60) -> 0 | ... N61: =SUM(N46:N60) -> 0 | P61: =SUM(P46:P60) -> 0
B64: ="Justification for "&INDEX(luMonths,IndexMonth)&" Budget Modification" -> Justification for October Budget Modification
B66: {=Categories} -> Salaries
B67: Benefits & Taxes
B68: Professional Fee / Grant & Award
B69: Supplies
B70: Telephone
B71: Postage & Shipping
B72: Occupancy
B73: Equipment Rental & Maintenance
B74: Printing & Publications
B75: Travel / Conferences & Meetings
B76: Insurance
B77: Specific Assistance to Individuals
B78: Depreciation
... B80: Indirect Cost / Adm. Exp. / M&G

Sheet TACA
B1: TACA Financials
B3: TACA Summary | C3: Available Funding | F3: ="Monthly Expenditures - " & TEXT(InvoiceMonth,"mmmm yyyy") -> Monthly Expenditures - October 2019 | I3: Year to Date Expenditures | N3: Unused | P3: Next FFY
C4: Allocation | D4: Carryover | E4: Total | F4: Current | G4: Carryover | H4: Combined | I4: Current | J4: Carryover | K4: Combined | N4: Carryover | P4: Carryover
B5: Total | C5: =+setup!L31 -> 0 | D5: =+setup!L53 -> 0 | E5: =SUM(C5:D5) -> 0 | F5: =H5-G5 -> 0 | G5: =MIN(H5,MAX(0,D5-K5+H5)) -> 0 | H5: =INDEX(C26:N26,IndexMonth) -> 0 | I5: =K5-J5 -> 0 | J5: =MIN(D5,K5) -> 0 | K5: =P26 -> 0 | N5: =D5-J5 -> 0 | P5: =MAX(0,C5-I5) -> 0
C6: =IF(TACA_OWNER,"Information entered on this worksheet is automatically calculated as part of the ACB domain budget summary.","Use of this form reserved for TACA responsible party only.") -> Use of this form reserved for TACA responsible party only.
AG8: Carryover TACA
B9: Expenditures | C9: {=luDates} -> 43739 | D9: 43770 | E9: 43800 | F9: 43831 | G9: 43862 | H9: 43891 | I9: 43922 | J9: 43952 | K9: 43983 | L9: 44013 | M9: 44044 | N9: 44075 | P9: YTD Total | S9: Allocate to Carryover | T9: {=luDates} -> 43739 | U9: 43770 | V9: 43800 | W9: 43831 | X9: 43862 | Y9: 43891 | Z9: 43922 | AA9: 43952 | AB9: 43983 | AC9: 44013 | AD9: 44044 | AE9: 44075 | AG9: Current | AH9: YTD
B11: {=Categories} -> Salaries | P11: =SUM(C11:INDEX(C11:N11,IndexMonth)) -> 0 | S11: {=Categories} -> Salaries | T11: =MIN(+C11,D5) -> 0 | U11: =MIN(+D11,$D$5-SUM($T$26:T$26)) -> 0 | V11: =MIN(+E11,$D$5-SUM($T26:U26)) -> 0 | W11: =MIN(+F11,$D$5-SUM($T26:V26)) -> 0 | X11: =MIN(+G11,$D$5-SUM($T26:W26)) -> 0 | Y11: =MIN(+H11,$D$5-SUM($T26:X26)) -> 0 | Z11: =MIN(+I11,$D$5-SUM($T26:Y26)) -> 0 | AA11: =MIN(+J11,$D$5-SUM($T26:Z26)) -> 0 | AB11: =MIN(+K11,$D$5-SUM($T26:AA26)) -> 0 | AC11: =MIN(+L11,$D$5-SUM($T26:AB26)) -> 0 | ... AE11: =MIN(+N11,$D$5-SUM($T26:AD26)) -> 0 | AG11: =IF(TACA_OWNER,INDEX(T11:AE11,IndexMonth),0) -> 0 | AH11: =IF(TACA_OWNER,SUM(T11:INDEX(T11:AE11,IndexMonth)),0) -> 0
B12: Benefits & Taxes | P12: =SUM(C12:INDEX(C12:N12,IndexMonth)) -> 0 | S12: Benefits & Taxes | T12: =MIN(+C12,D$5-SUM(T$11:T11)) -> 0 | U12: =MIN(+D12,$D$5-SUM($T$26:T$26)-SUM(U$11:U11)) -> 0 | V12: =MIN(+E12,$D$5-SUM($T$26:U$26)-SUM(V$11:V11)) -> 0 | W12: =MIN(+F12,$D$5-SUM($T$26:V$26)-SUM(W$11:W11)) -> 0 | X12: =MIN(+G12,$D$5-SUM($T$26:W$26)-SUM(X$11:X11)) -> 0 | Y12: =MIN(+H12,$D$5-SUM($T$26:X$26)-SUM(Y$11:Y11)) -> 0 | Z12: =MIN(+I12,$D$5-SUM($T$26:Y$26)-SUM(Z$11:Z11)) -> 0 | AA12: =MIN(+J12,$D$5-SUM($T$26:Z$26)-SUM(AA$11:AA11)) -> 0 | AB12: =MIN(+K12,$D$5-SUM($T$26:AA$26)-SUM(AB$11:AB11)) -> 0 | ... AE12: =MIN(+N12,$D$5-SUM($T$26:AD$26)-SUM(AE$11:AE11)) -> 0 | AG12: =IF(TACA_OWNER,INDEX(T12:AE12,IndexMonth),0) -> 0 | AH12: =IF(TACA_OWNER,SUM(T12:INDEX(T12:AE12,IndexMonth)),0) -> 0
B13: Professional Fee / Grant & Award | P13: =SUM(C13:INDEX(C13:N13,IndexMonth)) -> 0 | S13: Professional Fee / Grant & Award | T13: =MIN(+C13,D$5-SUM(T$11:T12)) -> 0 | U13: =MIN(+D13,$D$5-SUM($T$26:T$26)-SUM(U$11:U12)) -> 0 | V13: =MIN(+E13,$D$5-SUM($T$26:U$26)-SUM(V$11:V12)) -> 0 | W13: =MIN(+F13,$D$5-SUM($T$26:V$26)-SUM(W$11:W12)) -> 0 | X13: =MIN(+G13,$D$5-SUM($T$26:W$26)-SUM(X$11:X12)) -> 0 | Y13: =MIN(+H13,$D$5-SUM($T$26:X$26)-SUM(Y$11:Y12)) -> 0 | Z13: =MIN(+I13,$D$5-SUM($T$26:Y$26)-SUM(Z$11:Z12)) -> 0 | AA13: =MIN(+J13,$D$5-SUM($T$26:Z$26)-SUM(AA$11:AA12)) -> 0 | AB13: =MIN(+K13,$D$5-SUM($T$26:AA$26)-SUM(AB$11:AB12)) -> 0 | ... AE13: =MIN(+N13,$D$5-SUM($T$26:AD$26)-SUM(AE$11:AE12)) -> 0 | AG13: =IF(TACA_OWNER,INDEX(T13:AE13,IndexMonth),0) -> 0 | AH13: =IF(TACA_OWNER,SUM(T13:INDEX(T13:AE13,IndexMonth)),0) -> 0
B14: Supplies | P14: =SUM(C14:INDEX(C14:N14,IndexMonth)) -> 0 | S14: Supplies | T14: =MIN(+C14,D$5-SUM(T$11:T13)) -> 0 | U14: =MIN(+D14,$D$5-SUM($T$26:T$26)-SUM(U$11:U13)) -> 0 | V14: =MIN(+E14,$D$5-SUM($T$26:U$26)-SUM(V$11:V13)) -> 0 | W14: =MIN(+F14,$D$5-SUM($T$26:V$26)-SUM(W$11:W13)) -> 0 | X14: =MIN(+G14,$D$5-SUM($T$26:W$26)-SUM(X$11:X13)) -> 0 | Y14: =MIN(+H14,$D$5-SUM($T$26:X$26)-SUM(Y$11:Y13)) -> 0 | Z14: =MIN(+I14,$D$5-SUM($T$26:Y$26)-SUM(Z$11:Z13)) -> 0 | AA14: =MIN(+J14,$D$5-SUM($T$26:Z$26)-SUM(AA$11:AA13)) -> 0 | AB14: =MIN(+K14,$D$5-SUM($T$26:AA$26)-SUM(AB$11:AB13)) -> 0 | ... AE14: =MIN(+N14,$D$5-SUM($T$26:AD$26)-SUM(AE$11:AE13)) -> 0 | AG14: =IF(TACA_OWNER,INDEX(T14:AE14,IndexMonth),0) -> 0 | AH14: =IF(TACA_OWNER,SUM(T14:INDEX(T14:AE14,IndexMonth)),0) -> 0
B15: Telephone | P15: =SUM(C15:INDEX(C15:N15,IndexMonth)) -> 0 | S15: Telephone | T15: =MIN(+C15,D$5-SUM(T$11:T14)) -> 0 | U15: =MIN(+D15,$D$5-SUM($T$26:T$26)-SUM(U$11:U14)) -> 0 | V15: =MIN(+E15,$D$5-SUM($T$26:U$26)-SUM(V$11:V14)) -> 0 | W15: =MIN(+F15,$D$5-SUM($T$26:V$26)-SUM(W$11:W14)) -> 0 | X15: =MIN(+G15,$D$5-SUM($T$26:W$26)-SUM(X$11:X14)) -> 0 | Y15: =MIN(+H15,$D$5-SUM($T$26:X$26)-SUM(Y$11:Y14)) -> 0 | Z15: =MIN(+I15,$D$5-SUM($T$26:Y$26)-SUM(Z$11:Z14)) -> 0 | AA15: =MIN(+J15,$D$5-SUM($T$26:Z$26)-SUM(AA$11:AA14)) -> 0 | AB15: =MIN(+K15,$D$5-SUM($T$26:AA$26)-SUM(AB$11:AB14)) -> 0 | ... AE15: =MIN(+N15,$D$5-SUM($T$26:AD$26)-SUM(AE$11:AE14)) -> 0 | AG15: =IF(TACA_OWNER,INDEX(T15:AE15,IndexMonth),0) -> 0 | AH15: =IF(TACA_OWNER,SUM(T15:INDEX(T15:AE15,IndexMonth)),0) -> 0
B16: Postage & Shipping | P16: =SUM(C16:INDEX(C16:N16,IndexMonth)) -> 0 | S16: Postage & Shipping | T16: =MIN(+C16,D$5-SUM(T$11:T15)) -> 0 | U16: =MIN(+D16,$D$5-SUM($T$26:T$26)-SUM(U$11:U15)) -> 0 | V16: =MIN(+E16,$D$5-SUM($T$26:U$26)-SUM(V$11:V15)) -> 0 | W16: =MIN(+F16,$D$5-SUM($T$26:V$26)-SUM(W$11:W15)) -> 0 | X16: =MIN(+G16,$D$5-SUM($T$26:W$26)-SUM(X$11:X15)) -> 0 | Y16: =MIN(+H16,$D$5-SUM($T$26:X$26)-SUM(Y$11:Y15)) -> 0 | Z16: =MIN(+I16,$D$5-SUM($T$26:Y$26)-SUM(Z$11:Z15)) -> 0 | AA16: =MIN(+J16,$D$5-SUM($T$26:Z$26)-SUM(AA$11:AA15)) -> 0 | AB16: =MIN(+K16,$D$5-SUM($T$26:AA$26)-SUM(AB$11:AB15)) -> 0 | ... AE16: =MIN(+N16,$D$5-SUM($T$26:AD$26)-SUM(AE$11:AE15)) -> 0 | AG16: =IF(TACA_OWNER,INDEX(T16:AE16,IndexMonth),0) -> 0 | AH16: =IF(TACA_OWNER,SUM(T16:INDEX(T16:AE16,IndexMonth)),0) -> 0
B17: Occupancy | P17: =SUM(C17:INDEX(C17:N17,IndexMonth)) -> 0 | S17: Occupancy | T17: =MIN(+C17,D$5-SUM(T$11:T16)) -> 0 | U17: =MIN(+D17,$D$5-SUM($T$26:T$26)-SUM(U$11:U16)) -> 0 | V17: =MIN(+E17,$D$5-SUM($T$26:U$26)-SUM(V$11:V16)) -> 0 | W17: =MIN(+F17,$D$5-SUM($T$26:V$26)-SUM(W$11:W16)) -> 0 | X17: =MIN(+G17,$D$5-SUM($T$26:W$26)-SUM(X$11:X16)) -> 0 | Y17: =MIN(+H17,$D$5-SUM($T$26:X$26)-SUM(Y$11:Y16)) -> 0 | Z17: =MIN(+I17,$D$5-SUM($T$26:Y$26)-SUM(Z$11:Z16)) -> 0 | AA17: =MIN(+J17,$D$5-SUM($T$26:Z$26)-SUM(AA$11:AA16)) -> 0 | AB17: =MIN(+K17,$D$5-SUM($T$26:AA$26)-SUM(AB$11:AB16)) -> 0 | ... AE17: =MIN(+N17,$D$5-SUM($T$26:AD$26)-SUM(AE$11:AE16)) -> 0 | AG17: =IF(TACA_OWNER,INDEX(T17:AE17,IndexMonth),0) -> 0 | AH17: =IF(TACA_OWNER,SUM(T17:INDEX(T17:AE17,IndexMonth)),0) -> 0
B18: Equipment Rental & Maintenance | P18: =SUM(C18:INDEX(C18:N18,IndexMonth)) -> 0 | S18: Equipment Rental & Maintenance | T18: =MIN(+C18,D$5-SUM(T$11:T17)) -> 0 | U18: =MIN(+D18,$D$5-SUM($T$26:T$26)-SUM(U$11:U17)) -> 0 | V18: =MIN(+E18,$D$5-SUM($T$26:U$26)-SUM(V$11:V17)) -> 0 | W18: =MIN(+F18,$D$5-SUM($T$26:V$26)-SUM(W$11:W17)) -> 0 | X18: =MIN(+G18,$D$5-SUM($T$26:W$26)-SUM(X$11:X17)) -> 0 | Y18: =MIN(+H18,$D$5-SUM($T$26:X$26)-SUM(Y$11:Y17)) -> 0 | Z18: =MIN(+I18,$D$5-SUM($T$26:Y$26)-SUM(Z$11:Z17)) -> 0 | AA18: =MIN(+J18,$D$5-SUM($T$26:Z$26)-SUM(AA$11:AA17)) -> 0 | AB18: =MIN(+K18,$D$5-SUM($T$26:AA$26)-SUM(AB$11:AB17)) -> 0 | ... AE18: =MIN(+N18,$D$5-SUM($T$26:AD$26)-SUM(AE$11:AE17)) -> 0 | AG18: =IF(TACA_OWNER,INDEX(T18:AE18,IndexMonth),0) -> 0 | AH18: =IF(TACA_OWNER,SUM(T18:INDEX(T18:AE18,IndexMonth)),0) -> 0
B19: Printing & Publications | P19: =SUM(C19:INDEX(C19:N19,IndexMonth)) -> 0 | S19: Printing & Publications | T19: =MIN(+C19,D$5-SUM(T$11:T18)) -> 0 | U19: =MIN(+D19,$D$5-SUM($T$26:T$26)-SUM(U$11:U18)) -> 0 | V19: =MIN(+E19,$D$5-SUM($T$26:U$26)-SUM(V$11:V18)) -> 0 | W19: =MIN(+F19,$D$5-SUM($T$26:V$26)-SUM(W$11:W18)) -> 0 | X19: =MIN(+G19,$D$5-SUM($T$26:W$26)-SUM(X$11:X18)) -> 0 | Y19: =MIN(+H19,$D$5-SUM($T$26:X$26)-SUM(Y$11:Y18)) -> 0 | Z19: =MIN(+I19,$D$5-SUM($T$26:Y$26)-SUM(Z$11:Z18)) -> 0 | AA19: =MIN(+J19,$D$5-SUM($T$26:Z$26)-SUM(AA$11:AA18)) -> 0 | AB19: =MIN(+K19,$D$5-SUM($T$26:AA$26)-SUM(AB$11:AB18)) -> 0 | ... AE19: =MIN(+N19,$D$5-SUM($T$26:AD$26)-SUM(AE$11:AE18)) -> 0 | AG19: =IF(TACA_OWNER,INDEX(T19:AE19,IndexMonth),0) -> 0 | AH19: =IF(TACA_OWNER,SUM(T19:INDEX(T19:AE19,IndexMonth)),0) -> 0
B20: Travel / Conferences & Meetings | P20: =SUM(C20:INDEX(C20:N20,IndexMonth)) -> 0 | S20: Travel / Conferences & Meetings | T20: =MIN(+C20,D$5-SUM(T$11:T19)) -> 0 | U20: =MIN(+D20,$D$5-SUM($T$26:T$26)-SUM(U$11:U19)) -> 0 | V20: =MIN(+E20,$D$5-SUM($T$26:U$26)-SUM(V$11:V19)) -> 0 | W20: =MIN(+F20,$D$5-SUM($T$26:V$26)-SUM(W$11:W19)) -> 0 | X20: =MIN(+G20,$D$5-SUM($T$26:W$26)-SUM(X$11:X19)) -> 0 | Y20: =MIN(+H20,$D$5-SUM($T$26:X$26)-SUM(Y$11:Y19)) -> 0 | Z20: =MIN(+I20,$D$5-SUM($T$26:Y$26)-SUM(Z$11:Z19)) -> 0 | AA20: =MIN(+J20,$D$5-SUM($T$26:Z$26)-SUM(AA$11:AA19)) -> 0 | AB20: =MIN(+K20,$D$5-SUM($T$26:AA$26)-SUM(AB$11:AB19)) -> 0 | ... AE20: =MIN(+N20,$D$5-SUM($T$26:AD$26)-SUM(AE$11:AE19)) -> 0 | AG20: =IF(TACA_OWNER,INDEX(T20:AE20,IndexMonth),0) -> 0 | AH20: =IF(TACA_OWNER,SUM(T20:INDEX(T20:AE20,IndexMonth)),0) -> 0
B21: Insurance | P21: =SUM(C21:INDEX(C21:N21,IndexMonth)) -> 0 | S21: Insurance | T21: =MIN(+C21,D$5-SUM(T$11:T20)) -> 0 | U21: =MIN(+D21,$D$5-SUM($T$26:T$26)-SUM(U$11:U20)) -> 0 | V21: =MIN(+E21,$D$5-SUM($T$26:U$26)-SUM(V$11:V20)) -> 0 | W21: =MIN(+F21,$D$5-SUM($T$26:V$26)-SUM(W$11:W20)) -> 0 | X21: =MIN(+G21,$D$5-SUM($T$26:W$26)-SUM(X$11:X20)) -> 0 | Y21: =MIN(+H21,$D$5-SUM($T$26:X$26)-SUM(Y$11:Y20)) -> 0 | Z21: =MIN(+I21,$D$5-SUM($T$26:Y$26)-SUM(Z$11:Z20)) -> 0 | AA21: =MIN(+J21,$D$5-SUM($T$26:Z$26)-SUM(AA$11:AA20)) -> 0 | AB21: =MIN(+K21,$D$5-SUM($T$26:AA$26)-SUM(AB$11:AB20)) -> 0 | ... AE21: =MIN(+N21,$D$5-SUM($T$26:AD$26)-SUM(AE$11:AE20)) -> 0 | AG21: =IF(TACA_OWNER,INDEX(T21:AE21,IndexMonth),0) -> 0 | AH21: =IF(TACA_OWNER,SUM(T21:INDEX(T21:AE21,IndexMonth)),0) -> 0
B22: Specific Assistance to Individuals | P22: =SUM(C22:INDEX(C22:N22,IndexMonth)) -> 0 | S22: Specific Assistance to Individuals | T22: =MIN(+C22,D$5-SUM(T$11:T21)) -> 0 | U22: =MIN(+D22,$D$5-SUM($T$26:T$26)-SUM(U$11:U21)) -> 0 | V22: =MIN(+E22,$D$5-SUM($T$26:U$26)-SUM(V$11:V21)) -> 0 | W22: =MIN(+F22,$D$5-SUM($T$26:V$26)-SUM(W$11:W21)) -> 0 | X22: =MIN(+G22,$D$5-SUM($T$26:W$26)-SUM(X$11:X21)) -> 0 | Y22: =MIN(+H22,$D$5-SUM($T$26:X$26)-SUM(Y$11:Y21)) -> 0 | Z22: =MIN(+I22,$D$5-SUM($T$26:Y$26)-SUM(Z$11:Z21)) -> 0 | AA22: =MIN(+J22,$D$5-SUM($T$26:Z$26)-SUM(AA$11:AA21)) -> 0 | AB22: =MIN(+K22,$D$5-SUM($T$26:AA$26)-SUM(AB$11:AB21)) -> 0 | ... AE22: =MIN(+N22,$D$5-SUM($T$26:AD$26)-SUM(AE$11:AE21)) -> 0 | AG22: =IF(TACA_OWNER,INDEX(T22:AE22,IndexMonth),0) -> 0 | AH22: =IF(TACA_OWNER,SUM(T22:INDEX(T22:AE22,IndexMonth)),0) -> 0
B23: Depreciation | P23: =SUM(C23:INDEX(C23:N23,IndexMonth)) -> 0 | S23: Depreciation | T23: =MIN(+C23,D$5-SUM(T$11:T22)) -> 0 | U23: =MIN(+D23,$D$5-SUM($T$26:T$26)-SUM(U$11:U22)) -> 0 | V23: =MIN(+E23,$D$5-SUM($T$26:U$26)-SUM(V$11:V22)) -> 0 | W23: =MIN(+F23,$D$5-SUM($T$26:V$26)-SUM(W$11:W22)) -> 0 | X23: =MIN(+G23,$D$5-SUM($T$26:W$26)-SUM(X$11:X22)) -> 0 | Y23: =MIN(+H23,$D$5-SUM($T$26:X$26)-SUM(Y$11:Y22)) -> 0 | Z23: =MIN(+I23,$D$5-SUM($T$26:Y$26)-SUM(Z$11:Z22)) -> 0 | AA23: =MIN(+J23,$D$5-SUM($T$26:Z$26)-SUM(AA$11:AA22)) -> 0 | AB23: =MIN(+K23,$D$5-SUM($T$26:AA$26)-SUM(AB$11:AB22)) -> 0 | ... AE23: =MIN(+N23,$D$5-SUM($T$26:AD$26)-SUM(AE$11:AE22)) -> 0 | AG23: =IF(TACA_OWNER,INDEX(T23:AE23,IndexMonth),0) -> 0 | AH23: =IF(TACA_OWNER,SUM(T23:INDEX(T23:AE23,IndexMonth)),0) -> 0
... B25: Indirect Cost / Adm. Exp. / M&G | P25: =SUM(C25:INDEX(C25:N25,IndexMonth)) -> 0 | S25: Indirect Cost / Adm. Exp. / M&G | T25: =MIN(+C25,D$5-SUM(T$11:T24)) -> 0 | U25: =MIN(+D25,$D$5-SUM($T$26:T$26)-SUM(U$11:U24)) -> 0 | V25: =MIN(+E25,$D$5-SUM($T$26:U$26)-SUM(V$11:V24)) -> 0 | W25: =MIN(+F25,$D$5-SUM($T$26:V$26)-SUM(W$11:W24)) -> 0 | X25: =MIN(+G25,$D$5-SUM($T$26:W$26)-SUM(X$11:X24)) -> 0 | Y25: =MIN(+H25,$D$5-SUM($T$26:X$26)-SUM(Y$11:Y24)) -> 0 | Z25: =MIN(+I25,$D$5-SUM($T$26:Y$26)-SUM(Z$11:Z24)) -> 0 | AA25: =MIN(+J25,$D$5-SUM($T$26:Z$26)-SUM(AA$11:AA24)) -> 0 | AB25: =MIN(+K25,$D$5-SUM($T$26:AA$26)-SUM(AB$11:AB24)) -> 0 | ... AE25: =MIN(+N25,$D$5-SUM($T$26:AD$26)-SUM(AE$11:AE24)) -> 0 | AG25: =IF(TACA_OWNER,INDEX(T25:AE25,IndexMonth),0) -> 0 | AH25: =IF(TACA_OWNER,SUM(T25:INDEX(T25:AE25,IndexMonth)),0) -> 0
B26: Total | C26: =SUM(C11:C25) -> 0 | D26: =SUM(D11:D25) -> 0 | E26: =SUM(E11:E25) -> 0 | F26: =SUM(F11:F25) -> 0 | G26: =SUM(G11:G25) -> 0 | H26: =SUM(H11:H25) -> 0 | I26: =SUM(I11:I25) -> 0 | J26: =SUM(J11:J25) -> 0 | ... N26: =SUM(N11:N25) -> 0 | P26: =SUM(P11:P25) -> 0 | S26: Totals | T26: =SUM(T11:T25) -> 0 | U26: =SUM(U11:U25) -> 0 | V26: =SUM(V11:V25) -> 0 | W26: =SUM(W11:W25) -> 0 | X26: =SUM(X11:X25) -> 0 | Y26: =SUM(Y11:Y25) -> 0 | Z26: =SUM(Z11:Z25) -> 0 | AA26: =SUM(AA11:AA25) -> 0 | ... AE26: =SUM(AE11:AE25) -> 0 | AG26: =SUM(AG11:AG25) -> 0 | AH26: =SUM(AH11:AH25) -> 0
C28: =IF(TACA_ERROR,"The amount of TACA expenditures exceeds the available funding, and will generate an error on the invoice.","")
AG29: Current TACA
S30: Allocate to Current | T30: {=luDates} -> 43739 | U30: 43770 | V30: 43800 | W30: 43831 | X30: 43862 | Y30: 43891 | Z30: 43922 | AA30: 43952 | AB30: 43983 | AC30: 44013 | AD30: 44044 | AE30: 44075 | AG30: Current | AH30: YTD
S32: {=Categories} -> Salaries | T32: =C11-T11 -> 0 | U32: =D11-U11 -> 0 | V32: =E11-V11 -> 0 | W32: =F11-W11 -> 0 | X32: =G11-X11 -> 0 | Y32: =H11-Y11 -> 0 | Z32: =I11-Z11 -> 0 | AA32: =J11-AA11 -> 0 | ... AE32: =N11-AE11 -> 0 | AG32: =IF(TACA_OWNER,INDEX(T32:AE32,IndexMonth),0) -> 0 | AH32: =IF(TACA_OWNER,SUM(T32:INDEX(T32:AE32,IndexMonth)),0) -> 0
S33: Benefits & Taxes | T33: =C12-T12 -> 0 | U33: =D12-U12 -> 0 | V33: =E12-V12 -> 0 | W33: =F12-W12 -> 0 | X33: =G12-X12 -> 0 | Y33: =H12-Y12 -> 0 | Z33: =I12-Z12 -> 0 | AA33: =J12-AA12 -> 0 | ... AE33: =N12-AE12 -> 0 | AG33: =IF(TACA_OWNER,INDEX(T33:AE33,IndexMonth),0) -> 0 | AH33: =IF(TACA_OWNER,SUM(T33:INDEX(T33:AE33,IndexMonth)),0) -> 0
S34: Professional Fee / Grant & Award | T34: =C13-T13 -> 0 | U34: =D13-U13 -> 0 | V34: =E13-V13 -> 0 | W34: =F13-W13 -> 0 | X34: =G13-X13 -> 0 | Y34: =H13-Y13 -> 0 | Z34: =I13-Z13 -> 0 | AA34: =J13-AA13 -> 0 | ... AE34: =N13-AE13 -> 0 | AG34: =IF(TACA_OWNER,INDEX(T34:AE34,IndexMonth),0) -> 0 | AH34: =IF(TACA_OWNER,SUM(T34:INDEX(T34:AE34,IndexMonth)),0) -> 0
S35: Supplies | T35: =C14-T14 -> 0 | U35: =D14-U14 -> 0 | V35: =E14-V14 -> 0 | W35: =F14-W14 -> 0 | X35: =G14-X14 -> 0 | Y35: =H14-Y14 -> 0 | Z35: =I14-Z14 -> 0 | AA35: =J14-AA14 -> 0 | ... AE35: =N14-AE14 -> 0 | AG35: =IF(TACA_OWNER,INDEX(T35:AE35,IndexMonth),0) -> 0 | AH35: =IF(TACA_OWNER,SUM(T35:INDEX(T35:AE35,IndexMonth)),0) -> 0
S36: Telephone | T36: =C15-T15 -> 0 | U36: =D15-U15 -> 0 | V36: =E15-V15 -> 0 | W36: =F15-W15 -> 0 | X36: =G15-X15 -> 0 | Y36: =H15-Y15 -> 0 | Z36: =I15-Z15 -> 0 | AA36: =J15-AA15 -> 0 | ... AE36: =N15-AE15 -> 0 | AG36: =IF(TACA_OWNER,INDEX(T36:AE36,IndexMonth),0) -> 0 | AH36: =IF(TACA_OWNER,SUM(T36:INDEX(T36:AE36,IndexMonth)),0) -> 0
S37: Postage & Shipping | T37: =C16-T16 -> 0 | U37: =D16-U16 -> 0 | V37: =E16-V16 -> 0 | W37: =F16-W16 -> 0 | X37: =G16-X16 -> 0 | Y37: =H16-Y16 -> 0 | Z37: =I16-Z16 -> 0 | AA37: =J16-AA16 -> 0 | ... AE37: =N16-AE16 -> 0 | AG37: =IF(TACA_OWNER,INDEX(T37:AE37,IndexMonth),0) -> 0 | AH37: =IF(TACA_OWNER,SUM(T37:INDEX(T37:AE37,IndexMonth)),0) -> 0
S38: Occupancy | T38: =C17-T17 -> 0 | U38: =D17-U17 -> 0 | V38: =E17-V17 -> 0 | W38: =F17-W17 -> 0 | X38: =G17-X17 -> 0 | Y38: =H17-Y17 -> 0 | Z38: =I17-Z17 -> 0 | AA38: =J17-AA17 -> 0 | ... AE38: =N17-AE17 -> 0 | AG38: =IF(TACA_OWNER,INDEX(T38:AE38,IndexMonth),0) -> 0 | AH38: =IF(TACA_OWNER,SUM(T38:INDEX(T38:AE38,IndexMonth)),0) -> 0
S39: Equipment Rental & Maintenance | T39: =C18-T18 -> 0 | U39: =D18-U18 -> 0 | V39: =E18-V18 -> 0 | W39: =F18-W18 -> 0 | X39: =G18-X18 -> 0 | Y39: =H18-Y18 -> 0 | Z39: =I18-Z18 -> 0 | AA39: =J18-AA18 -> 0 | ... AE39: =N18-AE18 -> 0 | AG39: =IF(TACA_OWNER,INDEX(T39:AE39,IndexMonth),0) -> 0 | AH39: =IF(TACA_OWNER,SUM(T39:INDEX(T39:AE39,IndexMonth)),0) -> 0
S40: Printing & Publications | T40: =C19-T19 -> 0 | U40: =D19-U19 -> 0 | V40: =E19-V19 -> 0 | W40: =F19-W19 -> 0 | X40: =G19-X19 -> 0 | Y40: =H19-Y19 -> 0 | Z40: =I19-Z19 -> 0 | AA40: =J19-AA19 -> 0 | ... AE40: =N19-AE19 -> 0 | AG40: =IF(TACA_OWNER,INDEX(T40:AE40,IndexMonth),0) -> 0 | AH40: =IF(TACA_OWNER,SUM(T40:INDEX(T40:AE40,IndexMonth)),0) -> 0
S41: Travel / Conferences & Meetings | T41: =C20-T20 -> 0 | U41: =D20-U20 -> 0 | V41: =E20-V20 -> 0 | W41: =F20-W20 -> 0 | X41: =G20-X20 -> 0 | Y41: =H20-Y20 -> 0 | Z41: =I20-Z20 -> 0 | AA41: =J20-AA20 -> 0 | ... AE41: =N20-AE20 -> 0 | AG41: =IF(TACA_OWNER,INDEX(T41:AE41,IndexMonth),0) -> 0 | AH41: =IF(TACA_OWNER,SUM(T41:INDEX(T41:AE41,IndexMonth)),0) -> 0
S42: Insurance | T42: =C21-T21 -> 0 | U42: =D21-U21 -> 0 | V42: =E21-V21 -> 0 | W42: =F21-W21 -> 0 | X42: =G21-X21 -> 0 | Y42: =H21-Y21 -> 0 | Z42: =I21-Z21 -> 0 | AA42: =J21-AA21 -> 0 | ... AE42: =N21-AE21 -> 0 | AG42: =IF(TACA_OWNER,INDEX(T42:AE42,IndexMonth),0) -> 0 | AH42: =IF(TACA_OWNER,SUM(T42:INDEX(T42:AE42,IndexMonth)),0) -> 0
S43: Specific Assistance to Individuals | T43: =C22-T22 -> 0 | U43: =D22-U22 -> 0 | V43: =E22-V22 -> 0 | W43: =F22-W22 -> 0 | X43: =G22-X22 -> 0 | Y43: =H22-Y22 -> 0 | Z43: =I22-Z22 -> 0 | AA43: =J22-AA22 -> 0 | ... AE43: =N22-AE22 -> 0 | AG43: =IF(TACA_OWNER,INDEX(T43:AE43,IndexMonth),0) -> 0 | AH43: =IF(TACA_OWNER,SUM(T43:INDEX(T43:AE43,IndexMonth)),0) -> 0
S44: Depreciation | T44: =C23-T23 -> 0 | U44: =D23-U23 -> 0 | V44: =E23-V23 -> 0 | W44: =F23-W23 -> 0 | X44: =G23-X23 -> 0 | Y44: =H23-Y23 -> 0 | Z44: =I23-Z23 -> 0 | AA44: =J23-AA23 -> 0 | ... AE44: =N23-AE23 -> 0 | AG44: =IF(TACA_OWNER,INDEX(T44:AE44,IndexMonth),0) -> 0 | AH44: =IF(TACA_OWNER,SUM(T44:INDEX(T44:AE44,IndexMonth)),0) -> 0
... S46: Indirect Cost / Adm. Exp. / M&G | T46: =C25-T25 -> 0 | U46: =D25-U25 -> 0 | V46: =E25-V25 -> 0 | W46: =F25-W25 -> 0 | X46: =G25-X25 -> 0 | Y46: =H25-Y25 -> 0 | Z46: =I25-Z25 -> 0 | AA46: =J25-AA25 -> 0 | ... AE46: =N25-AE25 -> 0 | AG46: =IF(TACA_OWNER,INDEX(T46:AE46,IndexMonth),0) -> 0 | AH46: =IF(TACA_OWNER,SUM(T46:INDEX(T46:AE46,IndexMonth)),0) -> 0
S47: Totals | T47: =SUM(T32:T46) -> 0 | U47: =SUM(U32:U46) -> 0 | V47: =SUM(V32:V46) -> 0 | W47: =SUM(W32:W46) -> 0 | X47: =SUM(X32:X46) -> 0 | Y47: =SUM(Y32:Y46) -> 0 | Z47: =SUM(Z32:Z46) -> 0 | AA47: =SUM(AA32:AA46) -> 0 | ... AE47: =SUM(AE32:AE46) -> 0 | AG47: =SUM(AG32:AG46) -> 0 | AH47: =SUM(AH32:AH46) -> 0

Sheet Salary
B1: AGENCY PERSONNEL LISTING / SALARY SCHEDULE
B3: Agency Name: | C3: =setup!C11 -> Sample Grantee | G3: Contract Period : | I3: =TEXT(DATE(FFY-1,10,1),"mm/dd/yyyy")&" - "&TEXT(DATE(FFY+1,10,0),"mm/dd/yyyy") -> 10/01/2019 - 09/30/2021
B4: Contract Type: | C4: =ContractType -> CSGB
C6: Schedule | D6: Count | E6: Salaries | F6: Hrs/Week | G6: Prog/week | H6: Chrg to Prog | I6: FTEs
B7: Summary of | C7: 37.5 | D7: =COUNTIF($D12:$D112,$C7) -> 0 | E7: =SUMIF($D12:$D112,$C7,E12:E112) -> 0 | F7: =SUMIF($D12:$D112,$C7,F12:F112) -> 0 | G7: =SUMIF($D12:$D112,$C7,G12:G112) -> 0 | H7: =SUMIF($D12:$D112,$C7,H12:H112) -> 0 | I7: =SUMIF($D12:$D112,$C7,I12:I112) -> 0
B8: Information | C8: 40 | D8: =COUNTIF($D12:$D112,$C8) -> 0 | E8: =SUMIF($D12:$D112,$C8,E12:E112) -> 0 | F8: =SUMIF($D12:$D112,$C8,F12:F112) -> 0 | G8: =SUMIF($D12:$D112,$C8,G12:G112) -> 0 | H8: =SUMIF($D12:$D112,$C8,H12:H112) -> 0 | I8: =SUMIF($D12:$D112,$C8,I12:I112) -> 0
C9: Total | D9: =SUM(D7:D8) -> 0 | E9: =SUM(E7:E8) -> 0 | F9: =SUM(F7:F8) -> 0 | G9: =SUM(G7:G8) -> 0 | H9: =SUM(H7:H8) -> 0 | I9: =SUM(I7:I8) -> 0
B11: Position Title | C11: Name of Employee | D11: Schedule | E11: Annual Salary | F11: Hours per Week for Regular Schedule | G11: Hours per Week Charged to Program | H11: Amount Charged to Program | I11: F.T.E.
H12: =ROUND(IFERROR(E12*G12/F12,0),2) -> 0 | I12: =IFERROR(G12/D12,0) -> 0
H13: =ROUND(IFERROR(E13*G13/F13,0),2) -> 0 | I13: =IFERROR(G13/D13,0) -> 0
H14: =ROUND(IFERROR(E14*G14/F14,0),2) -> 0 | I14: =IFERROR(G14/D14,0) -> 0
H15: =ROUND(IFERROR(E15*G15/F15,0),2) -> 0 | I15: =IFERROR(G15/D15,0) -> 0
H16: =ROUND(IFERROR(E16*G16/F16,0),2) -> 0 | I16: =IFERROR(G16/D16,0) -> 0
H17: =ROUND(IFERROR(E17*G17/F17,0),2) -> 0 | I17: =IFERROR(G17/D17,0) -> 0
H18: =ROUND(IFERROR(E18*G18/F18,0),2) -> 0 | I18: =IFERROR(G18/D18,0) -> 0
H19: =ROUND(IFERROR(E19*G19/F19,0),2) -> 0 | I19: =IFERROR(G19/D19,0) -> 0
H20: =ROUND(IFERROR(E20*G20/F20,0),2) -> 0 | I20: =IFERROR(G20/D20,0) -> 0
H21: =ROUND(IFERROR(E21*G21/F21,0),2) -> 0 | I21: =IFERROR(G21/D21,0) -> 0
H22: =ROUND(IFERROR(E22*G22/F22,0),2) -> 0 | I22: =IFERROR(G22/D22,0) -> 0
H23: =ROUND(IFERROR(E23*G23/F23,0),2) -> 0 | I23: =IFERROR(G23/D23,0) -> 0
... H112: =ROUND(IFERROR(E112*G112/F112,0),2) -> 0 | I112: =IFERROR(G112/D112,0) -> 0

Sheet Travel
B1: Proposed Contract Training Plan
B3: Agency Name: | C3: =setup!C11 -> Sample Grantee | I3: Contract Period: | J3: =TEXT(DATE(FFY-1,10,1),"mm/dd/yyyy")&" - "&TEXT(DATE(FFY+1,10,0),"mm/dd/yyyy") -> 10/01/2019 - 09/30/2021
B4: Contract Type: | C4: =ContractType -> CSGB
B6: Instructions
B7: This form is to report anticipated activities that will be directly charged in whole or in part to this contract (on the Travel/Conferences & Meetings line item budget line). The Department understands that agencies cannot know in detail, a year in advance, all related training activities it will anticipate in, or th exact related costs it will incur. However, agencies generally know the frequency and type of most program-related training activities staff will attend during a year, and can realistically budget for this activity.
B9: Conference/Training | D9: City, State | E9: InSt / OoSt | F9: Date | G9: # Attendees | H9: Cost per Person* | I9: Total Cost | J9: Program Related Justification
I10: =G10*H10 -> 0
I11: =G11*H11 -> 0
I12: =G12*H12 -> 0
I13: =G13*H13 -> 0
I14: =G14*H14 -> 0
I15: =G15*H15 -> 0
I16: =G16*H16 -> 0
I17: =G17*H17 -> 0
I18: =G18*H18 -> 0
I19: =G19*H19 -> 0
I20: =G20*H20 -> 0
I21: =G21*H21 -> 0
... I33: =G33*H33 -> 0
H35: In State Cost | I35: =SUMIF(E10:E33,"In State",I10:I33) -> 0
H36: Out of State Cost | I36: =SUMIF(E10:E33,"Out of State",I10:I33) -> 0
B37: * Total cost includes registration fees, travel, hotel, and per diem expenses. | H37: Total Combined Cost | I37: =SUM(I10:I33) -> 0

Sheet Justification
B1: Budget Modification Justification
B3: Agency Name: | C3: =setup!C11 -> Sample Grantee | D3: Contract Period: | E3: =TEXT(DATE(FFY-1,10,1),"mm/dd/yyyy")&" - "&TEXT(DATE(FFY+1,10,0),"mm/dd/yyyy") -> 10/01/2019 - 09/30/2021
B4: Contract Type: | C4: =ContractType -> CSGB | D4: Invoice Month: | E4: =InvoiceMonth -> 43739
H5: {=UPPER(INDEX(Domains,COLUMN()-7,3))} -> EMPLOYMENT | I5: EDUCATION AND COGNITIVE DEVELOPMENT | J5: INCOME, INFRASTRUCTURE, AND ASSET BUILDING | K5: HOUSING | L5: HEALTH AND SOCIAL/DEHAVIORAL DEVELOPMENT (INCLUDING NUTRITION) | M5: CIVIC ENGAGEMENTS AND COMMUNITY INVOLVEMENT | N5: SERVICES SUPPORTING MULTIPLE DOMAINS | O5: LINKAGES (E.G., PARTNERSHIPS THAT SUPPORT MULTIPLE DOMAINS) | P5: AGENCY CAPACITY BUILDING | Q5: OTHER (E.G., EMERGENCY MANAGEMENT / DISASTER RELIEF)
B6: =IF(H23<>"",H23,"")&IF(I23<>"",I23,"")&IF(J23<>"",J23,"")&IF(K23<>"",K23,"")&IF(L23<>"",L23,"")&IF(M23<>"",M23,"")&IF(N23<>"",N23,"")&IF(O23<>"",O23,"")&IF(P23<>"",P23,"")&IF(Q23<>"",Q23,"") | G6: {=UPPER(Categories)} -> SALARIES | H6: {=IF(TRIM(EMP!$C66:C$80)<>"",$G6:$G20&": "&TRIM(EMP!$C66:$C80)&CHAR(10),"")} | I6: {=IF(TRIM('ED and CD'!$C66:D$80)<>"",$G6:$G20&": "&TRIM('ED and CD'!$C66:$C80)&CHAR(10),"")} | J6: {=IF(TRIM('II and AB'!$C66:E$80)<>"",$G6:$G20&": "&TRIM('II and AB'!$C66:$C80)&CHAR(10),"")} | K6: {=IF(TRIM(Housing!$C66:F$80)<>"",$G6:$G20&": "&TRIM(Housing!$C66:$C80)&CHAR(10),"")} | L6: {=IF(TRIM('H and S BD'!$C66:G$80)<>"",$G6:$G20&": "&TRIM('H and S BD'!$C66:$C80)&CHAR(10),"")} | M6: {=IF(TRIM('CE and CI'!$C66:H$80)<>"",$G6:$G20&": "&TRIM('CE and CI'!$C66:$C80)&CHAR(10),"")} | N6: {=IF(TRIM(SSMD!$C66:I$80)<>"",$G6:$G20&": "&TRIM(SSMD!$C66:$C80)&CHAR(10),"")} | O6: {=IF(TRIM(Linkages!$C66:J$80)<>"",$G6:$G20&": "&TRIM(Linkages!$C66:$C80)&CHAR(10),"")} | P6: {=IF(TRIM(ACB!$C66:K$80)<>"",$G6:$G20&": "&TRIM(ACB!$C66:$C80)&CHAR(10),"")} | Q6: {=IF(TRIM(Other!$C66:L$80)<>"",$G6:$G20&": "&TRIM(Other!$C66:$C80)&CHAR(10),"")}
G7: BENEFITS & TAXES
G8: PROFESSIONAL FEE / GRANT & AWARD
G9: SUPPLIES
G10: TELEPHONE
G11: POSTAGE & SHIPPING
G12: OCCUPANCY
G13: EQUIPMENT RENTAL & MAINTENANCE
G14: PRINTING & PUBLICATIONS
G15: TRAVEL / CONFERENCES & MEETINGS
G16: INSURANCE
G17: SPECIFIC ASSISTANCE TO INDIVIDUALS
G18: DEPRECIATION
... G20: INDIRECT COST / ADM. EXP. / M&G
H22: =IF(H6<>"",H6,"")&IF(H7<>"",H7,"")&IF(H8<>"",H8,"")&IF(H9<>"",H9,"")&IF(H10<>"",H10,"")&IF(H11<>"",H11,"")&IF(H12<>"",H12,"")&IF(H13<>"",H13,"")&IF(H14<>"",H14,"")&IF(H15<>"",H15,"")&IF(H16<>"",H16,"")&IF(H17<>"",H17,"")&IF(H18<>"",H18,"")&IF(H19<>"",H19,"")&IF(H20<>"",H20,"") | I22: =IF(I6<>"",I6,"")&IF(I7<>"",I7,"")&IF(I8<>"",I8,"")&IF(I9<>"",I9,"")&IF(I10<>"",I10,"")&IF(I11<>"",I11,"")&IF(I12<>"",I12,"")&IF(I13<>"",I13,"")&IF(I14<>"",I14,"")&IF(I15<>"",I15,"")&IF(I16<>"",I16,"")&IF(I17<>"",I17,"")&IF(I18<>"",I18,"")&IF(I19<>"",I19,"")&IF(I20<>"",I20,"") | J22: =IF(J6<>"",J6,"")&IF(J7<>"",J7,"")&IF(J8<>"",J8,"")&IF(J9<>"",J9,"")&IF(J10<>"",J10,"")&IF(J11<>"",J11,"")&IF(J12<>"",J12,"")&IF(J13<>"",J13,"")&IF(J14<>"",J14,"")&IF(J15<>"",J15,"")&IF(J16<>"",J16,"")&IF(J17<>"",J17,"")&IF(J18<>"",J18,"")&IF(J19<>"",J19,"")&IF(J20<>"",J20,"") | K22: =IF(K6<>"",K6,"")&IF(K7<>"",K7,"")&IF(K8<>"",K8,"")&IF(K9<>"",K9,"")&IF(K10<>"",K10,"")&IF(K11<>"",K11,"")&IF(K12<>"",K12,"")&IF(K13<>"",K13,"")&IF(K14<>"",K14,"")&IF(K15<>"",K15,"")&IF(K16<>"",K16,"")&IF(K17<>"",K17,"")&IF(K18<>"",K18,"")&IF(K19<>"",K19,"")&IF(K20<>"",K20,"") | L22: =IF(L6<>"",L6,"")&IF(L7<>"",L7,"")&IF(L8<>"",L8,"")&IF(L9<>"",L9,"")&IF(L10<>"",L10,"")&IF(L11<>"",L11,"")&IF(L12<>"",L12,"")&IF(L13<>"",L13,"")&IF(L14<>"",L14,"")&IF(L15<>"",L15,"")&IF(L16<>"",L16,"")&IF(L17<>"",L17,"")&IF(L18<>"",L18,"")&IF(L19<>"",L19,"")&IF(L20<>"",L20,"") | M22: =IF(M6<>"",M6,"")&IF(M7<>"",M7,"")&IF(M8<>"",M8,"")&IF(M9<>"",M9,"")&IF(M10<>"",M10,"")&IF(M11<>"",M11,"")&IF(M12<>"",M12,"")&IF(M13<>"",M13,"")&IF(M14<>"",M14,"")&IF(M15<>"",M15,"")&IF(M16<>"",M16,"")&IF(M17<>"",M17,"")&IF(M18<>"",M18,"")&IF(M19<>"",M19,"")&IF(M20<>"",M20,"") | N22: =IF(N6<>"",N6,"")&IF(N7<>"",N7,"")&IF(N8<>"",N8,"")&IF(N9<>"",N9,"")&IF(N10<>"",N10,"")&IF(N11<>"",N11,"")&IF(N12<>"",N12,"")&IF(N13<>"",N13,"")&IF(N14<>"",N14,"")&IF(N15<>"",N15,"")&IF(N16<>"",N16,"")&IF(N17<>"",N17,"")&IF(N18<>"",N18,"")&IF(N19<>"",N19,"")&IF(N20<>"",N20,"") | O22: =IF(O6<>"",O6,"")&IF(O7<>"",O7,"")&IF(O8<>"",O8,"")&IF(O9<>"",O9,"")&IF(O10<>"",O10,"")&IF(O11<>"",O11,"")&IF(O12<>"",O12,"")&IF(O13<>"",O13,"")&IF(O14<>"",O14,"")&IF(O15<>"",O15,"")&IF(O16<>"",O16,"")&IF(O17<>"",O17,"")&IF(O18<>"",O18,"")&IF(O19<>"",O19,"")&IF(O20<>"",O20,"") | ... Q22: =IF(Q6<>"",Q6,"")&IF(Q7<>"",Q7,"")&IF(Q8<>"",Q8,"")&IF(Q9<>"",Q9,"")&IF(Q10<>"",Q10,"")&IF(Q11<>"",Q11,"")&IF(Q12<>"",Q12,"")&IF(Q13<>"",Q13,"")&IF(Q14<>"",Q14,"")&IF(Q15<>"",Q15,"")&IF(Q16<>"",Q16,"")&IF(Q17<>"",Q17,"")&IF(Q18<>"",Q18,"")&IF(Q19<>"",Q19,"")&IF(Q20<>"",Q20,"")
H23: =IF(H22<>"","---- "&H5&" ----"&CHAR(10)&H22&CHAR(10),"") | I23: =IF(I22<>"","---- "&I5&" ----"&CHAR(10)&I22&CHAR(10),"") | J23: =IF(J22<>"","---- "&J5&" ----"&CHAR(10)&J22&CHAR(10),"") | K23: =IF(K22<>"","---- "&K5&" ----"&CHAR(10)&K22&CHAR(10),"") | L23: =IF(L22<>"","---- "&L5&" ----"&CHAR(10)&L22&CHAR(10),"") | M23: =IF(M22<>"","---- "&M5&" ----"&CHAR(10)&M22&CHAR(10),"") | N23: =IF(N22<>"","---- "&N5&" ----"&CHAR(10)&N22&CHAR(10),"") | O23: =IF(O22<>"","---- "&O5&" ----"&CHAR(10)&O22&CHAR(10),"") | ... Q23: =IF(Q22<>"","---- "&Q5&" ----"&CHAR(10)&Q22&CHAR(10),"")
